Workbook

Sheet 2025 (old)
B1: Program Year: | C1: CASCADE NATURAL GAS CORPORATION
B2: 2025 | C2: COMMERCIAL Program Participant Cost Effectiveness
A3: Measure Mapping | B3: MEASURE | C3: DESCRIPTION | D3: EFFICIENCY TYPE FOR QUALIFICATION | E3: TOTAL PROJECT COUNT | F3: ANNUAL THERM SAVINGS | G3: UNIT | H3: UNITS INSTALLED | I3: TOTAL ANNUAL THERM SAVINGS | J3: MEASURE INCREMENTAL COST | K3: TOTAL INCREMENTAL COST | L3: PARTICIPANT NEBS | M3: TOTAL NET INCREMENTAL COST WITH NEBS | N3: MEASURE LIFE | O3: DISCOUNTED THERM SAVINGS | P3: PROGRAM DELIVERY AND ADMIN | Q3: PROGRAM REBATE | R3: CALCULATED REBATE COST | S3: REBATES BASED ON CAPPED INCENTIVES | T3: UTILITY COST | U3: UC W/DELIVERY & ADMIN | V3: LOADED UTILITY BENEFIT TO COST RATIO | X3: TOTAL RESOURCE COST | Y3: TRC W/DELIVERY & ADMIN | Z3: LOADED SOCIETAL BENEFIT TO COST RATIO
B4: Boiler | C4: High-Efficiency-Condensing Boiler | D4: Minimum 90% Thermal Efficiency and 300 kBtu/hr input | E4: 12 | F4: =I4/H4 -> 2.1 | G4: /kBtu/hr in | H4: 44215.5 | I4: 92852.55 | J4: 10.74 | K4: =H4*J4 -> 474874.47 | L4: =PV($C$34,$N4,(-0.05*0.9*$F4)) -> 1.3239051 | M4: =MAX(0,H4*(J4-L4)) -> 416337.34 | N4: 25 | O4: =PV($C$34,N4,-I4) -> 1300825.1 | P4: =$C$37*I4/SUM($I$4:$I$19) -> 320537.48 | Q4: 10.25 | R4: =H4*Q4 -> 453208.88 | T4: =IF(ISERROR(R4/O4),0,R4/O4) -> 0.34840109 | U4: =IF(O4=0,0,(R4+P4)/O4) -> 0.59481199 | V4: =IF(OR($R4=0,ISERROR(R4/I4)),"-",(VLOOKUP($N4,'[1]APP 2885'!B10:G59,6)*$I4)/($R4+$P4)) -> 5.6819788 | X4: =IF(ISERROR(M4/O4),0,M4/O4) -> 0.32005636 | Y4: =IF(O4=0,0,(M4+P4)/O4) -> 0.56646726 | Z4: =IF($M4=0,"-",(VLOOKUP($N4,'[1]APP 2885'!B10:G59,4)*$I4)/(M4+P4)) -> 5.4234093
B5: Convection Oven (Restaurant) | C5: Energy Star | D5: Energy Star | E5: 1 | F5: =I5/H5 -> 649 | G5: /oven | H5: 1 | I5: 649 | J5: 900 | K5: =H5*J5 -> 900 | L5: =PV($C$34,$N5,(-0.05*0.9*$F5)) -> 257.97755 | M5: =MAX(0,H5*(J5-L5)) -> 642.02245 | N5: 12 | O5: =PV($C$34,N5,-I5) -> 5732.8344 | P5: =$C$37*I5/SUM($I$4:$I$19) -> 2240.4212 | Q5: 800 | R5: =H5*Q5 -> 800 | T5: =IF(ISERROR(R5/O5),0,R5/O5) -> 0.13954703 | U5: =IF(O5=0,0,(R5+P5)/O5) -> 0.53035218 | V5: =IF(OR($R5=0,ISERROR(R5/I5)),"-",(VLOOKUP($N5,'[1]APP 2885'!B10:G59,6)*$I5)/($R5+$P5)) -> 3.5027697 | X5: =IF(ISERROR(M5/O5),0,M5/O5) -> 0.11199041 | Y5: =IF(O5=0,0,(M5+P5)/O5) -> 0.50279555 | Z5: =IF($M5=0,"-",(VLOOKUP($N5,'[1]APP 2885'!B10:G59,4)*$I5)/(M5+P5)) -> 3.3593302
B6: DCV | C6: Demand Control Ventilation | D6: Meet JUARC Guidelines for DCV RTUs in 5-20 ton | E6: 2 | F6: =I6/H6 -> 11.301685 | G6: /ton | H6: 415.5 | I6: 4695.85 | J6: 106.82 | K6: =H6*J6 -> 44383.71 | L6: =PV($C$34,$N6,(-0.05*0.9*$F6)) -> 5.2574991 | M6: =MAX(0,H6*(J6-L6)) -> 42199.219 | N6: 15 | O6: =PV($C$34,N6,-I6) -> 48544.242 | P6: =$C$37*I6/SUM($I$4:$I$19) -> 16210.604 | Q6: 50 | R6: =H6*Q6 -> 20775 | T6: =IF(ISERROR(R6/O6),0,R6/O6) -> 0.42796013 | U6: =IF(O6=0,0,(R6+P6)/O6) -> 0.76189477 | V6: =IF(OR($R6=0,ISERROR(R6/I6)),"-",(VLOOKUP($N6,'[1]APP 2885'!B10:G59,6)*$I6)/($R6+$P6)) -> 2.6261289 | X6: =IF(ISERROR(M6/O6),0,M6/O6) -> 0.86929402 | Y6: =IF(O6=0,0,(M6+P6)/O6) -> 1.2032287 | Z6: =IF($M6=0,"-",(VLOOKUP($N6,'[1]APP 2885'!B10:G59,4)*$I6)/(M6+P6)) -> 1.5114235
B7: Domestic Hot Water Tanks - Condensing | C7: Condensing Tank | D7: Min 91% AFUE or 91% TE | E7: 4 | F7: =I7/H7 -> 3.7986959 | G7: /kBtu/hr in | H7: 2937 | I7: 11156.77 | J7: 2.57 | K7: =H7*J7 -> 7548.09 | L7: =PV($C$34,$N7,(-0.05*0.9*$F7)) -> 1.3161259 | M7: =MAX(0,H7*(J7-L7)) -> 3682.6282 | N7: 10 | O7: =PV($C$34,N7,-I7) -> 85899.152 | P7: =$C$37*I7/SUM($I$4:$I$19) -> 38514.428 | Q7: 3 | R7: =H7*Q7 -> 8811 | T7: =IF(ISERROR(R7/O7),0,R7/O7) -> 0.10257377 | U7: =IF(O7=0,0,(R7+P7)/O7) -> 0.55094174 | V7: =IF(OR($R7=0,ISERROR(R7/I7)),"-",(VLOOKUP($N7,'[1]APP 2885'!B10:G59,6)*$I7)/($R7+$P7)) -> 3.257158 | X7: =IF(ISERROR(M7/O7),0,M7/O7) -> 0.042871531 | Y7: =IF(O7=0,0,(M7+P7)/O7) -> 0.4912395 | Z7: =IF($M7=0,"-",(VLOOKUP($N7,'[1]APP 2885'!B10:G59,4)*$I7)/(M7+P7)) -> 3.3208248
B8: Insulation - Attic - Tier 1 - Min R-30 | C8: Attic Insulation | D8: TIER 1 - MINIMUM R-30 | E8: 6 | F8: =I8/H8 -> 0.31 | G8: /sq.ft. | H8: 144674 | I8: 44848.94 | J8: 0.88 | K8: =H8*J8 -> 127313.12 | L8: =PV($C$34,$N8,(-0.05*0.9*$F8)) -> 0.21298675 | M8: =MAX(0,H8*(J8-L8)) -> 96499.474 | N8: 30 | O8: =PV($C$34,N8,-I8) -> 684747.68 | P8: =$C$37*I8/SUM($I$4:$I$19) -> 154823.6 | Q8: 2 | R8: =H8*Q8 -> 289348 | T8: =IF(ISERROR(R8/O8),0,R8/O8) -> 0.42256149 | U8: =IF(O8=0,0,(R8+P8)/O8) -> 0.64866463 | V8: =IF(OR($R8=0,ISERROR(R8/I8)),"-",(VLOOKUP($N8,'[1]APP 2885'!B11:G60,6)*$I8)/($R8+$P8)) -> 5.728945 | X8: =IF(ISERROR(M8/O8),0,M8/O8) -> 0.14092706 | Y8: =IF(O8=0,0,(M8+P8)/O8) -> 0.36703019 | Z8: =IF($M8=0,"-",(VLOOKUP($N8,'[1]APP 2885'!B11:G60,4)*$I8)/(M8+P8)) -> 9.2045203
B9: Insulation - Attic - Tier 2 - Min R-45 | C9: Attic Insulation | D9: TIER 2 - MINIMUM R-45 | E9: 12 | F9: =I9/H9 -> 0.32 | G9: /sq.ft. | H9: 48510 | I9: 15523.2 | J9: 1.31 | K9: =H9*J9 -> 63548.1 | L9: =PV($C$34,$N9,(-0.05*0.9*$F9)) -> 0.21985729 | M9: =MAX(0,H9*(J9-L9)) -> 52882.823 | N9: 30 | O9: =PV($C$34,N9,-I9) -> 237006.16 | P9: =$C$37*I9/SUM($I$4:$I$19) -> 53587.837 | Q9: 2.5 | R9: =H9*Q9 -> 121275 | T9: =IF(ISERROR(R9/O9),0,R9/O9) -> 0.51169555 | U9: =IF(O9=0,0,(R9+P9)/O9) -> 0.73779869 | V9: =IF(OR($R9=0,ISERROR(R9/I9)),"-",(VLOOKUP($N9,'[1]APP 2885'!B10:G59,6)*$I9)/($R9+$P9)) -> 5.0368265 | X9: =IF(ISERROR(M9/O9),0,M9/O9) -> 0.22312847 | Y9: =IF(O9=0,0,(M9+P9)/O9) -> 0.44923161 | Z9: =IF($M9=0,"-",(VLOOKUP($N9,'[1]APP 2885'!B10:G59,4)*$I9)/(M9+P9)) -> 7.5202563
B10: Insulation - Floor | C10: Floor Insulation | D10: EQUAL OR >R-30 PRE R <R-11 | E10: 7 | F10: =I10/H10 -> 0.056000185 | G10: /sq. ft. | H10: 32454 | I10: 1817.43 | J10: 1.08 | K10: =H10*J10 -> 35050.32 | L10: =PV($C$34,$N10,(-0.05*0.9*$F10)) -> 0.038475154 | M10: =MAX(0,H10*(J10-L10)) -> 33801.647 | N10: 30 | O10: =PV($C$34,N10,-I10) -> 27748.281 | P10: =$C$37*I10/SUM($I$4:$I$19) -> 6273.9734 | Q10: 1.25 | R10: =H10*Q10 -> 40567.5 | T10: =IF(ISERROR(R10/O10),0,R10/O10) -> 1.4619825 | U10: =IF(O10=0,0,(R10+P10)/O10) -> 1.6880856 | V10: =IF(OR($R10=0,ISERROR(R10/I10)),"-",(VLOOKUP($N10,'[1]APP 2885'!B10:G59,6)*$I10)/($R10+$P10)) -> 2.2014073 | X10: =IF(ISERROR(M10/O10),0,M10/O10) -> 1.2181529 | Y10: =IF(O10=0,0,(M10+P10)/O10) -> 1.444256 | Z10: =IF($M10=0,"-",(VLOOKUP($N10,'[1]APP 2885'!B10:G59,4)*$I10)/(M10+P10)) -> 2.3391538
B11: Insulation - Roof - Tier 2 - Min R-30 | C11: Roof Insulation | D11: TIER 2 - MINIMUM R-30 | E11: 1 | F11: =I11/H11 -> 0.7572625 | G11: /sq.ft. | H11: 2400 | I11: 1817.43 | J11: 2.15 | K11: =H11*J11 -> 5160 | L11: =PV($C$34,$N11,(-0.05*0.9*$F11)) -> 0.52028026 | M11: =MAX(0,H11*(J11-L11)) -> 3911.3274 | N11: 30 | O11: =PV($C$34,N11,-I11) -> 27748.281 | P11: =$C$37*I11/SUM($I$4:$I$19) -> 6273.9734 | Q11: 2 | R11: =H11*Q11 -> 4800 | T11: =IF(ISERROR(R11/O11),0,R11/O11) -> 0.17298369 | U11: =IF(O11=0,0,(R11+P11)/O11) -> 0.39908683 | V11: =IF(OR($R11=0,ISERROR(R11/I11)),"-",(VLOOKUP($N11,'[1]APP 2885'!B10:G59,6)*$I11)/($R11+$P11)) -> 9.3116678 | X11: =IF(ISERROR(M11/O11),0,M11/O11) -> 0.14095747 | Y11: =IF(O11=0,0,(M11+P11)/O11) -> 0.36706061 | Z11: =IF($M11=0,"-",(VLOOKUP($N11,'[1]APP 2885'!B10:G59,4)*$I11)/(M11+P11)) -> 9.2037576
B12: Insulation - Wall - Tier 2 - Min R-19 | C12: Wall Insulation | D12: R-19 MINIMUM | E12: 9 | F12: =I12/H12 -> 0.19 | G12: /sq. ft. | H12: 16834 | I12: 3198.46 | J12: 1.74 | K12: =H12*J12 -> 29291.16 | L12: =PV($C$34,$N12,(-0.05*0.9*$F12)) -> 0.13054027 | M12: =MAX(0,H12*(J12-L12)) -> 27093.645 | N12: 30 | O12: =PV($C$34,N12,-I12) -> 48833.664 | P12: =$C$37*I12/SUM($I$4:$I$19) -> 11041.445 | Q12: 2 | R12: =H12*Q12 -> 33668 | T12: =IF(ISERROR(R12/O12),0,R12/O12) -> 0.68944243 | U12: =IF(O12=0,0,(R12+P12)/O12) -> 0.91554557 | V12: =IF(OR($R12=0,ISERROR(R12/I12)),"-",(VLOOKUP($N12,'[1]APP 2885'!B10:G59,6)*$I12)/($R12+$P12)) -> 4.0589613 | X12: =IF(ISERROR(M12/O12),0,M12/O12) -> 0.55481491 | Y12: =IF(O12=0,0,(M12+P12)/O12) -> 0.78091805 | Z12: =IF($M12=0,"-",(VLOOKUP($N12,'[1]APP 2885'!B10:G59,4)*$I12)/(M12+P12)) -> 4.3261093
B13: Radiant Heating | C13: Direct-fired Radiant Heating | D13: Direct-Fired | E13: 1 | F13: =I13/H13 -> 4.33 | G13: /kBtu/hr in | H13: 300 | I13: 1299 | J13: 21 | K13: =H13*J13 -> 6300 | L13: =PV($C$34,$N13,(-0.05*0.9*$F13)) -> 2.2670765 | M13: =MAX(0,H13*(J13-L13)) -> 5619.877 | N13: 18 | O13: =PV($C$34,N13,-I13) -> 15113.843 | P13: =$C$37*I13/SUM($I$4:$I$19) -> 4484.2945 | Q13: 15 | R13: =H13*Q13 -> 4500 | T13: =IF(ISERROR(R13/O13),0,R13/O13) -> 0.29774028 | U13: =IF(O13=0,0,(R13+P13)/O13) -> 0.59444142 | V13: =IF(OR($R13=0,ISERROR(R13/I13)),"-",(VLOOKUP($N13,'[1]APP 2885'!B10:G59,6)*$I13)/($R13+$P13)) -> 3.5905965 | X13: =IF(ISERROR(M13/O13),0,M13/O13) -> 0.3718364 | Y13: =IF(O13=0,0,(M13+P13)/O13) -> 0.66853753 | Z13: =IF($M13=0,"-",(VLOOKUP($N13,'[1]APP 2885'!B10:G59,4)*$I13)/(M13+P13)) -> 2.902902
B14: Tankless Water Heater - Tier 2 | C14: Energy Star | D14: TIER 2 - 0.93 EF MINIMUM | E14: 4 | F14: =I14/H14 -> 38 | G14: /gpm | H14: 48 | I14: 1824 | J14: 52.8 | K14: =H14*J14 -> 2534.4 | L14: =PV($C$34,$N14,(-0.05*0.9*$F14)) -> 21.202381 | M14: =MAX(0,H14*(J14-L14)) -> 1516.6857 | N14: 20 | O14: =PV($C$34,N14,-I14) -> 22615.873 | P14: =$C$37*I14/SUM($I$4:$I$19) -> 6296.6537 | Q14: 150 | R14: =H14*Q14 -> 7200 | T14: =IF(ISERROR(R14/O14),0,R14/O14) -> 0.31836047 | U14: =IF(O14=0,0,(R14+P14)/O14) -> 0.59677793 | V14: =IF(OR($R14=0,ISERROR(R14/I14)),"-",(VLOOKUP($N14,'[1]APP 2885'!B10:G59,6)*$I14)/($R14+$P14)) -> 5.3098317 | X14: =IF(ISERROR(M14/O14),0,M14/O14) -> 0.067062886 | Y14: =IF(O14=0,0,(M14+P14)/O14) -> 0.34548034 | Z14: =IF($M14=0,"-",(VLOOKUP($N14,'[1]APP 2885'!B10:G59,4)*$I14)/(M14+P14)) -> 8.3387238
B15: Warm-Air Furnace | C15: High-Efficiency Condensing Furnace | D15: 91% AFUE MINIMUM | E15: 12 | F15: =I15/H15 -> 1.1 | G15: /kBtu/hr in | H15: 1038 | I15: 1141.8 | J15: 0.51 | K15: =H15*J15 -> 529.38 | L15: =PV($C$34,$N15,(-0.05*0.9*$F15)) -> 0.57593168 | M15: =MAX(0,H15*(J15-L15)) -> 0 | N15: 18 | O15: =PV($C$34,N15,-I15) -> 13284.824 | P15: =$C$37*I15/SUM($I$4:$I$19) -> 3941.6224 | Q15: 6 | R15: =H15*Q15 -> 6228 | T15: =IF(ISERROR(R15/O15),0,R15/O15) -> 0.46880561 | U15: =IF(O15=0,0,(R15+P15)/O15) -> 0.76550675 | V15: =IF(OR($R15=0,ISERROR(R15/I15)),"-",(VLOOKUP($N15,'[1]APP 2885'!B10:G59,6)*$I15)/($R15+$P15)) -> 2.7882175 | X15: =IF(ISERROR(M15/O15),0,M15/O15) -> 0 | Y15: =IF(O15=0,0,(M15+P15)/O15) -> 0.29670114 | Z15: =IF($M15=0,"-",(VLOOKUP($N15,'[1]APP 2885'!B10:G59,4)*$I15)/(M15+P15)) -> -
B16: Windows - Tier 1 | C16: Single pane to 0.30 or less | D16: Single pane to 0.30 or less | E16: 4 | F16: =I16/H16 -> 0.48770016 | G16: /sq. ft. | H16: 1602.46 | I16: 781.52 | J16: 24.15 | K16: =H16*J16 -> 38699.409 | L16: =PV($C$34,$N16,(-0.05*0.9*$F16)) -> 0.38667843 | M16: =MAX(0,H16*(J16-L16)) -> 38079.772 | N16: 45 | O16: =PV($C$34,N16,-I16) -> 13769.705 | P16: =$C$37*I16/SUM($I$4:$I$19) -> 2697.8952 | Q16: 7.5 | R16: =H16*Q16 -> 12018.45 | T16: =IF(ISERROR(R16/O16),0,R16/O16) -> 0.87281828 | U16: =IF(O16=0,0,(R16+P16)/O16) -> 1.0687481 | V16: =IF(OR($R16=0,ISERROR(R16/I16)),"-",(VLOOKUP($N16,'[1]APP 2885'!B10:G59,6)*$I16)/($R16+$P16)) -> 5.1165046 | X16: =IF(ISERROR(M16/O16),0,M16/O16) -> 2.7654749 | Y16: =IF(O16=0,0,(M16+P16)/O16) -> 2.9614046 | Z16: =IF($M16=0,"-",(VLOOKUP($N16,'[1]APP 2885'!B10:G59,4)*$I16)/(M16+P16)) -> 1.6786967
B17: Windows - Tier 2 | C17: Single pane to .22 or less (not LoadMAP's .50 to .22) per sq ft | D17: U-.22 or less | E17: 1 | F17: =I17/H17 -> 0.54 | G17: /sq. ft. | H17: 115 | I17: 62.1 | J17: 24.15 | K17: =H17*J17 -> 2777.25 | L17: =PV($C$34,$N17,(-0.05*0.9*$F17)) -> 0.42814493 | M17: =MAX(0,H17*(J17-L17)) -> 2728.0133 | N17: 45 | O17: =PV($C$34,N17,-I17) -> 1094.1481 | P17: =$C$37*I17/SUM($I$4:$I$19) -> 214.3762 | Q17: 9 | R17: =H17*Q17 -> 1035 | T17: =IF(ISERROR(R17/O17),0,R17/O17) -> 0.94594137 | U17: =IF(O17=0,0,(R17+P17)/O17) -> 1.1418711 | V17: =IF(OR($R17=0,ISERROR(R17/I17)),"-",(VLOOKUP($N17,'[1]APP 2885'!B10:G59,6)*$I17)/($R17+$P17)) -> 4.7888541 | X17: =IF(ISERROR(M17/O17),0,M17/O17) -> 2.493276 | Y17: =IF(O17=0,0,(M17+P17)/O17) -> 2.6892058 | Z17: =IF($M17=0,"-",(VLOOKUP($N17,'[1]APP 2885'!B10:G59,4)*$I17)/(M17+P17)) -> 1.8486128
B18: Bonus - HVAC | C18: HVAC Bonus | E18: 26 | F18: =I18/H18 -> 0 | G18: /unit | H18: 43 | I18: 0 | J18: 0 | K18: =H18*J18 -> 0 | L18: =PV($C$34,$N18,(-0.05*0.9*$F18)) -> 0 | M18: =MAX(0,H18*(J18-L18)) -> 0 | O18: =PV($C$34,N18,-I18) -> 0 | P18: =$C$37*I18/SUM($I$4:$I$19) -> 0 | Q18: 100 | R18: =H18*Q18 -> 4300 | T18: =IF(ISERROR(R18/O18),0,R18/O18) -> 0 | U18: =IF(O18=0,0,(R18+P18)/O18) -> 0 | V18: =IF(OR($R18=0,ISERROR(R18/I18)),"-",(VLOOKUP($N18,'[1]APP 2885'!B10:G59,6)*$I18)/($R18+$P18)) -> - | X18: =IF(ISERROR(M18/O18),0,M18/O18) -> 0 | Y18: =IF(O18=0,0,(M18+P18)/O18) -> 0 | Z18: =IF($M18=0,"-",(VLOOKUP($N18,'[1]APP 2885'!B10:G59,4)*$I18)/(M18+P18)) -> -
B19: Bonus - Insulation Bundle A | C19: Insulation Bundle A | D19: Two Insulation Measures, min. 1000 sq. ft.+ | E19: 6 | F19: =I19/H19 -> 0 | G19: /unit | H19: 6 | I19: 0 | J19: 0 | K19: =H19*J19 -> 0 | L19: =PV($C$34,$N19,(-0.05*0.9*$F19)) -> 0 | M19: =MAX(0,H19*(J19-L19)) -> 0 | O19: =PV($C$34,N19,-I19) -> 0 | P19: =$C$37*I19/SUM($I$4:$I$19) -> 0 | Q19: 500 | R19: =H19*Q19 -> 3000 | T19: =IF(ISERROR(R19/O19),0,R19/O19) -> 0 | U19: =IF(O19=0,0,(R19+P19)/O19) -> 0 | V19: =IF(OR($R19=0,ISERROR(R19/I19)),"-",(VLOOKUP($N19,'[1]APP 2885'!B10:G59,6)*$I19)/($R19+$P19)) -> - | X19: =IF(ISERROR(M19/O19),0,M19/O19) -> 0 | Y19: =IF(O19=0,0,(M19+P19)/O19) -> 0 | Z19: =IF($M19=0,"-",(VLOOKUP($N19,'[1]APP 2885'!B10:G59,4)*$I19)/(M19+P19)) -> -
B20: Custom Measures
A21: 008794-C-Manzana Products Co | B21: Custom DDC Controls | F21: 14435 | G21: /unit | H21: 1 | I21: 14435 | J21: 74950 | K21: =H21*J21 -> 74950 | L21: =PV($C$34,$N21,(-0.05*0.9*$F21)) -> 6715.105 | M21: =MAX(0,H21*(J21-L21)) -> 68234.895 | N21: 15 | O21: =PV($C$34,N21,-I21) -> 149224.56 | P21: =$C$36*I21/SUM($I$21:$I$29) -> 37427.837 | R21: 34644 | T21: =IF(ISERROR(R21/O21),0,R21/O21) -> 0.23216018 | U21: =IF(O21=0,0,(R21+P21)/O21) -> 0.48297571 | V21: =IF($R21=0,"-",(VLOOKUP($N21,'[1]APP 2885'!$B$10:$G$59,6)*$I21)/($R21+$P21)) -> 4.1427214 | X21: =IF(ISERROR(M21/O21),0,M21/O21) -> 0.45726318 | Y21: =IF(O21=0,0,(M21+P21)/O21) -> 0.70807871 | Z21: =IF($M21=0,"-",(VLOOKUP($N21,'[1]APP 2885'!$B$10:$G$59,4)*$I21)/(M21+P21)) -> 2.5683417
A22: 008819-C-Manzana Products Co | B22: Custom Heat Recovery | F22: 28207 | G22: /unit | H22: 1 | I22: 28207 | J22: 99950 | K22: =H22*J22 -> 99950 | L22: =PV($C$34,$N22,(-0.05*0.9*$F22)) -> 13121.785 | M22: =MAX(0,H22*(J22-L22)) -> 86828.215 | N22: 15 | O22: =PV($C$34,N22,-I22) -> 291595.22 | P22: =$C$36*I22/SUM($I$21:$I$29) -> 73136.611 | R22: 90940 | T22: =IF(ISERROR(R22/O22),0,R22/O22) -> 0.31187068 | U22: =IF(O22=0,0,(R22+P22)/O22) -> 0.56268621 | V22: =IF($R22=0,"-",(VLOOKUP($N22,'[1]APP 2885'!$B$10:$G$59,6)*$I22)/($R22+$P22)) -> 3.5558608 | X22: =IF(ISERROR(M22/O22),0,M22/O22) -> 0.29776967 | Y22: =IF(O22=0,0,(M22+P22)/O22) -> 0.54858521 | Z22: =IF($M22=0,"-",(VLOOKUP($N22,'[1]APP 2885'!$B$10:$G$59,4)*$I22)/(M22+P22)) -> 3.3150513
A23: 008795-C-Manzana Products Co | B23: Custom Heat Recovery | F23: 22848 | G23: /unit | H23: 1 | I23: 22848 | J23: 24375 | K23: =H23*J23 -> 24375 | L23: =PV($C$34,$N23,(-0.05*0.9*$F23)) -> 12748.21 | M23: =MAX(0,H23*(J23-L23)) -> 11626.79 | N23: 20 | O23: =PV($C$34,N23,-I23) -> 283293.57 | P23: =$C$36*I23/SUM($I$21:$I$29) -> 59241.511 | R23: 24375 | T23: =IF(ISERROR(R23/O23),0,R23/O23) -> 0.086041488 | U23: =IF(O23=0,0,(R23+P23)/O23) -> 0.29515852 | V23: =IF($R23=0,"-",(VLOOKUP($N23,'[1]APP 2885'!$B$10:$G$59,6)*$I23)/($R23+$P23)) -> 10.735893 | X23: =IF(ISERROR(M23/O23),0,M23/O23) -> 0.041041488 | Y23: =IF(O23=0,0,(M23+P23)/O23) -> 0.25015852 | Z23: =IF($M23=0,"-",(VLOOKUP($N23,'[1]APP 2885'!$B$10:$G$59,4)*$I23)/(M23+P23)) -> 11.516158
A24: 008757-C-Riverside Health Clu | B24: Custom HVAC | F24: 625 | G24: /unit | H24: 1 | I24: 625 | J24: 13440 | K24: =H24*J24 -> 13440 | L24: =PV($C$34,$N24,(-0.05*0.9*$F24)) -> 290.74753 | M24: =MAX(0,H24*(J24-L24)) -> 13149.252 | N24: 15 | O24: =PV($C$34,N24,-I24) -> 6461.0563 | P24: =$C$36*I24/SUM($I$21:$I$29) -> 1620.5333 | R24: 2125 | T24: =IF(ISERROR(R24/O24),0,R24/O24) -> 0.32889359 | U24: =IF(O24=0,0,(R24+P24)/O24) -> 0.57970912 | V24: =IF($R24=0,"-",(VLOOKUP($N24,'[1]APP 2885'!$B$10:$G$59,6)*$I24)/($R24+$P24)) -> 3.4514444 | X24: =IF(ISERROR(M24/O24),0,M24/O24) -> 2.0351552 | Y24: =IF(O24=0,0,(M24+P24)/O24) -> 2.2859708 | Z24: =IF($M24=0,"-",(VLOOKUP($N24,'[1]APP 2885'!$B$10:$G$59,4)*$I24)/(M24+P24)) -> 0.79554302
A25: 008759-C-Living Faith Victory | B25: Custom Insulation | F25: 1120 | G25: /unit | H25: 1 | I25: 1120 | J25: 29984 | K25: =H25*J25 -> 29984 | L25: =PV($C$34,$N25,(-0.05*0.9*$F25)) -> 769.50053 | M25: =MAX(0,H25*(J25-L25)) -> 29214.499 | N25: 30 | O25: =PV($C$34,N25,-I25) -> 17100.012 | P25: =$C$36*I25/SUM($I$21:$I$29) -> 2903.9956 | R25: 8333 | T25: =IF(ISERROR(R25/O25),0,R25/O25) -> 0.48730961 | U25: =IF(O25=0,0,(R25+P25)/O25) -> 0.6571338 | V25: =IF($R25=0,"-",(VLOOKUP($N25,'[1]APP 2885'!$B$10:$G$59,6)*$I25)/($R25+$P25)) -> 5.6551101 | X25: =IF(ISERROR(M25/O25),0,M25/O25) -> 1.7084491 | Y25: =IF(O25=0,0,(M25+P25)/O25) -> 1.8782733 | Z25: =IF($M25=0,"-",(VLOOKUP($N25,'[1]APP 2885'!$B$10:$G$59,4)*$I25)/(M25+P25)) -> 1.7986397
A26: 008811-C-Apex Fitness NW | B26: Custom Insulation | F26: 438 | G26: /unit | H26: 1 | I26: 438 | J26: 13244 | K26: =H26*J26 -> 13244 | L26: =PV($C$34,$N26,(-0.05*0.9*$F26)) -> 300.92967 | M26: =MAX(0,H26*(J26-L26)) -> 12943.07 | N26: 30 | O26: =PV($C$34,N26,-I26) -> 6687.326 | P26: =$C$36*I26/SUM($I$21:$I$29) -> 1135.6697 | R26: 9005 | T26: =IF(ISERROR(R26/O26),0,R26/O26) -> 1.3465771 | U26: =IF(O26=0,0,(R26+P26)/O26) -> 1.5164013 | V26: =IF($R26=0,"-",(VLOOKUP($N26,'[1]APP 2885'!$B$10:$G$59,6)*$I26)/($R26+$P26)) -> 2.4506468 | X26: =IF(ISERROR(M26/O26),0,M26/O26) -> 1.9354627 | Y26: =IF(O26=0,0,(M26+P26)/O26) -> 2.1052869 | Z26: =IF($M26=0,"-",(VLOOKUP($N26,'[1]APP 2885'!$B$10:$G$59,4)*$I26)/(M26+P26)) -> 1.6046919
A27: 008812-C-Advanced Concepts LL | B27: Custom Insulation | F27: 136 | G27: /unit | H27: 1 | I27: 136 | J27: 3780 | K27: =H27*J27 -> 3780 | L27: =PV($C$34,$N27,(-0.05*0.9*$F27)) -> 93.43935 | M27: =MAX(0,H27*(J27-L27)) -> 3686.5606 | N27: 30 | O27: =PV($C$34,N27,-I27) -> 2076.43 | P27: =$C$36*I27/SUM($I$21:$I$29) -> 352.62804 | R27: 2660 | T27: =IF(ISERROR(R27/O27),0,R27/O27) -> 1.2810449 | U27: =IF(O27=0,0,(R27+P27)/O27) -> 1.4508691 | V27: =IF($R27=0,"-",(VLOOKUP($N27,'[1]APP 2885'!$B$10:$G$59,6)*$I27)/($R27+$P27)) -> 2.5613366 | X27: =IF(ISERROR(M27/O27),0,M27/O27) -> 1.7754322 | Y27: =IF(O27=0,0,(M27+P27)/O27) -> 1.9452564 | Z27: =IF($M27=0,"-",(VLOOKUP($N27,'[1]APP 2885'!$B$10:$G$59,4)*$I27)/(M27+P27)) -> 1.7367052
A28: 008824-C-B & P VENDING | B28: Custom Insulation | F28: 216 | G28: /unit | H28: 1 | I28: 216 | J28: 7091 | K28: =H28*J28 -> 7091 | L28: =PV($C$34,$N28,(-0.05*0.9*$F28)) -> 148.40367 | M28: =MAX(0,H28*(J28-L28)) -> 6942.5963 | N28: 30 | O28: =PV($C$34,N28,-I28) -> 3297.8594 | P28: =$C$36*I28/SUM($I$21:$I$29) -> 560.0563 | R28: 4225 | T28: =IF(ISERROR(R28/O28),0,R28/O28) -> 1.2811341 | U28: =IF(O28=0,0,(R28+P28)/O28) -> 1.4509582 | V28: =IF($R28=0,"-",(VLOOKUP($N28,'[1]APP 2885'!$B$10:$G$59,6)*$I28)/($R28+$P28)) -> 2.5611791 | X28: =IF(ISERROR(M28/O28),0,M28/O28) -> 2.1051826 | Y28: =IF(O28=0,0,(M28+P28)/O28) -> 2.2750068 | Z28: =IF($M28=0,"-",(VLOOKUP($N28,'[1]APP 2885'!$B$10:$G$59,4)*$I28)/(M28+P28)) -> 1.4849788
A29: 008820-C-Local Bounti LLC | B29: Custom Other | F29: 93223 | G29: /unit | H29: 1 | I29: 93223 | J29: 558200 | K29: =H29*J29 -> 558200 | L29: =PV($C$34,$N29,(-0.05*0.9*$F29)) -> 27047.763 | M29: =MAX(0,H29*(J29-L29)) -> 531152.24 | N29: 8 | O29: =PV($C$34,N29,-I29) -> 601061.41 | P29: =$C$36*I29/SUM($I$21:$I$29) -> 241713.56 | R29: 91359 | T29: =IF(ISERROR(R29/O29),0,R29/O29) -> 0.15199612 | U29: =IF(O29=0,0,(R29+P29)/O29) -> 0.55414065 | V29: =IF($R29=0,"-",(VLOOKUP($N29,'[1]APP 2885'!$B$10:$G$59,6)*$I29)/($R29+$P29)) -> 3.2062006 | X29: =IF(ISERROR(M29/O29),0,M29/O29) -> 0.88369047 | Y29: =IF(O29=0,0,(M29+P29)/O29) -> 1.285835 | Z29: =IF($M29=0,"-",(VLOOKUP($N29,'[1]APP 2885'!$B$10:$G$59,4)*$I29)/(M29+P29)) -> 1.2556532
A30: TOTAL PROGRAM | E30: =SUM(E4:E29) -> 108 | I30: =SUM(I4:I29) -> 342916.05 | K30: =SUM(K4:K29) -> 1663923.4 | M30: =SUM(M4:M29) -> 1488772.6 | N30: =SUMPRODUCT(I4:I29,N4:N29)/SUM(I4:I29) -> 19.114583 | O30: =SUM(O4:O29) -> 3893761.2 | P30: =SUM(P4:P29) -> 1045231 | R30: =SUM(R4:R29)-3237.23 -> 1275963.6 | T30: =IF(ISERROR(R30/O30),0,R30/O30) -> 0.32769436 | U30: =(R30+P30)/O30 -> 0.59613173 | V30: =IF($R30=0,"-",(VLOOKUP($N30,'[1]APP 2885'!$B$10:$G$59,6)*$I30)/($R30+$P30)) -> 5.584764 | X30: =M30/O30 -> 0.3823482 | Y30: =(M30+P30)/O30 -> 0.65078557 | Z30: =IF($M30=0,"-",(VLOOKUP($N30,'[1]APP 2885'!$B$10:$G$59,4)*$I30)/(M30+P30)) -> 4.6511476
B32: Nominal interest rate (post tax cost of cap.) | C32: 0.0506 | J32: non-energy | K32: =K30-M30 -> 175150.82 | R32: =1274732 -> 1274732
B33: Inflation rate | C33: 0.02 | R33: =R30-R32 -> 1231.595
B34: Long term real discount rate | C34: 0.0506
B35: Total 2025 Program Admin. | C35: 1045231
B36: Custom Admin. | C36: =C35*0.4 -> 418092.4
B37: Prescriptive Admin. | C37: =C35*0.6 -> 627138.6
B40: 766935

Sheet Total 2025
B1: Program Year: | C1: CASCADE NATURAL GAS CORPORATION
B2: 2025 | C2: COMMERCIAL Program Participant Cost Effectiveness
A3: Measure Mapping | B3: MEASURE | C3: DESCRIPTION | D3: EFFICIENCY TYPE FOR QUALIFICATION | E3: TOTAL PROJECT COUNT | F3: ANNUAL THERM SAVINGS | G3: UNIT | H3: UNITS INSTALLED | I3: TOTAL ANNUAL THERM SAVINGS | J3: MEASURE INCREMENTAL COST | K3: TOTAL INCREMENTAL COST | L3: PARTICIPANT NEBS | M3: TOTAL NET INCREMENTAL COST WITH NEBS | N3: MEASURE LIFE | O3: DISCOUNTED THERM SAVINGS | P3: PROGRAM DELIVERY AND ADMIN | Q3: PROGRAM REBATE | R3: CALCULATED REBATE COST | S3: REBATES BASED ON CAPPED INCENTIVES | T3: UTILITY COST | U3: UC W/DELIVERY & ADMIN | V3: LOADED UTILITY BENEFIT TO COST RATIO | X3: TOTAL RESOURCE COST | Y3: TRC W/DELIVERY & ADMIN | Z3: LOADED SOCIETAL BENEFIT TO COST RATIO
B4: Boiler | C4: High-Efficiency-Condensing Boiler | D4: Min 90% TE and 300 kBtu/hr input | E4: 22 | F4: 1.68 | G4: /kBtu/hr in | H4: 42745 | I4: =H4*F4 -> 71811.6 | J4: 10.74 | K4: =H4*J4 -> 459081.3 | L4: =PV($C$30,$N4,(-0.05*0.9*$F4)) -> 1.0591241 | M4: =MAX(0,H4*(J4-L4)) -> 413809.04 | N4: 25 | O4: =PV($C$30,N4,-I4) -> 1006050.2 | P4: =$C$33*I4/SUM($I$4:$I$18) -> 316432.72 | Q4: 10.25 | R4: =H4*Q4 -> 438136.25 | T4: =IF(ISERROR(R4/O4),0,R4/O4) -> 0.43550137 | U4: =IF(O4=0,0,(R4+P4)/O4) -> 0.7500311 | V4: =IF(OR($R4=0,ISERROR($R4/$I4)),"-",(VLOOKUP($N4,'APP 2885'!$B$10:$G$59,6)*$I4)/($R4+$P4)) -> 4.506092 | X4: =IF(ISERROR(M4/O4),0,M4/O4) -> 0.41132046 | Y4: =IF(O4=0,0,(M4+P4)/O4) -> 0.72585019 | Z4: =IF($M4=0,"-",(VLOOKUP($N4,'APP 2885'!$B10:$G59,4)*$I4)/($M4+$P4)) -> 4.2325315
B5: Convection Oven (Restaurant) | C5: Energy Star | D5: >= 44% Cooking Efficiency,<= 13,000 Btu/hr Idle Rate | E5: 1 | F5: 649 | G5: /oven | H5: 1 | I5: =H5*F5 -> 649 | J5: 900 | K5: =H5*J5 -> 900 | L5: =PV($C$30,$N5,(-0.05*0.9*$F5)) -> 241.82621 | M5: =MAX(0,H5*(J5-L5)) -> 658.17379 | N5: 11 | O5: =PV($C$30,N5,-I5) -> 5373.9158 | P5: =$C$33*I5/SUM($I$4:$I$18) -> 2859.7724 | Q5: 800 | R5: =H5*Q5 -> 800 | T5: =IF(ISERROR(R5/O5),0,R5/O5) -> 0.14886724 | U5: =IF(O5=0,0,(R5+P5)/O5) -> 0.68102526 | V5: =IF(OR($R5=0,ISERROR($R5/$I5)),"-",(VLOOKUP($N5,'APP 2885'!$B$10:$G$59,6)*$I5)/($R5+$P5)) -> 2.6835513 | X5: =IF(ISERROR(M5/O5),0,M5/O5) -> 0.12247564 | Y5: =IF(O5=0,0,(M5+P5)/O5) -> 0.65463366 | Z5: =IF($M5=0,"-",(VLOOKUP($N5,'APP 2885'!$B11:$G60,4)*$I5)/($M5+$P5)) -> 2.5384811
B6: DCV | C6: Demand Control Ventilation | D6: Meet JUARC Guidelines for DCV RTUs in 5-20 ton | E6: 2 | F6: 11.304 | G6: /ton | H6: 415.5 | I6: =H6*F6 -> 4696.812 | J6: 106.82 | K6: =H6*J6 -> 44383.71 | L6: =PV($C$30,$N6,(-0.05*0.9*$F6)) -> 2.5769563 | M6: =MAX(0,H6*(J6-L6)) -> 43312.985 | N6: 6 | O6: =PV($C$30,N6,-I6) -> 23793.896 | P6: =$C$33*I6/SUM($I$4:$I$18) -> 20696.169 | Q6: 50 | R6: =H6*Q6 -> 20775 | T6: =IF(ISERROR(R6/O6),0,R6/O6) -> 0.87312308 | U6: =IF(O6=0,0,(R6+P6)/O6) -> 1.7429331 | V6: =IF(OR($R6=0,ISERROR($R6/$I6)),"-",(VLOOKUP($N6,'APP 2885'!$B$10:$G$59,6)*$I6)/($R6+$P6)) -> 0.8270777 | X6: =IF(ISERROR(M6/O6),0,M6/O6) -> 1.8203402 | Y6: =IF(O6=0,0,(M6+P6)/O6) -> 2.6901501 | Z6: =IF($M6=0,"-",(VLOOKUP($N6,'APP 2885'!$B12:$G61,4)*$I6)/($M6+$P6)) -> 0.48722456
B7: Domestic Hot Water Tanks - Condensing | C7: Condensing Tank | D7: Min 91% AFUE or 91% TE | E7: 10 | F7: 3.799 | G7: /kBtu/hr in | H7: 2738 | I7: =H7*F7 -> 10401.662 | J7: 2.57 | K7: =H7*J7 -> 7036.66 | L7: =PV($C$30,$N7,(-0.05*0.9*$F7)) -> 1.3162313 | M7: =MAX(0,H7*(J7-L7)) -> 3432.8188 | N7: 10 | O7: =PV($C$30,N7,-I7) -> 80085.36 | P7: =$C$33*I7/SUM($I$4:$I$18) -> 45834.185 | Q7: 3 | R7: =H7*Q7 -> 8214 | T7: =IF(ISERROR(R7/O7),0,R7/O7) -> 0.10256556 | U7: =IF(O7=0,0,(R7+P7)/O7) -> 0.67488221 | V7: =IF(OR($R7=0,ISERROR($R7/$I7)),"-",(VLOOKUP($N7,'APP 2885'!$B$10:$G$59,6)*$I7)/($R7+$P7)) -> 2.6589889 | X7: =IF(ISERROR(M7/O7),0,M7/O7) -> 0.042864498 | Y7: =IF(O7=0,0,(M7+P7)/O7) -> 0.61518115 | Z7: =IF($M7=0,"-",(VLOOKUP($N7,'APP 2885'!$B13:$G62,4)*$I7)/($M7+$P7)) -> 2.6517723
B8: Insulation - Attic - Tier 1 - Min R-30 | C8: Attic Insulation | D8: Minimum R-30 | E8: 5 | F8: 0.31 | G8: /sq.ft. | H8: 108166 | I8: =H8*F8 -> 33531.46 | J8: 0.88 | K8: =H8*J8 -> 95186.08 | L8: =PV($C$30,$N8,(-0.05*0.9*$F8)) -> 0.2457869 | M8: =MAX(0,H8*(J8-L8)) -> 68600.294 | N8: 45 | O8: =PV($C$30,N8,-I8) -> 590795.25 | P8: =$C$33*I8/SUM($I$4:$I$18) -> 147754 | Q8: 2 | R8: =H8*Q8 -> 216332 | T8: =IF(ISERROR(R8/O8),0,R8/O8) -> 0.36617085 | U8: =IF(O8=0,0,(R8+P8)/O8) -> 0.61626426 | V8: =IF(OR($R8=0,ISERROR($R8/$I8)),"-",(VLOOKUP($N8,'APP 2885'!$B$10:$G$59,6)*$I8)/($R8+$P8)) -> 8.8732297 | X8: =IF(ISERROR(M8/O8),0,M8/O8) -> 0.11611518 | Y8: =IF(O8=0,0,(M8+P8)/O8) -> 0.36620858 | Z8: =IF($M8=0,"-",(VLOOKUP($N8,'APP 2885'!$B14:$G63,4)*$I8)/($M8+$P8)) -> 13.575051
B9: Insulation - Attic - Tier 2 - Min R-45 | C9: Attic Insulation | D9: Minimum R-45 | E9: 11 | F9: 0.32 | G9: /sq.ft. | H9: 44070 | I9: =H9*F9 -> 14102.4 | J9: 1.31 | K9: =H9*J9 -> 57731.7 | L9: =PV($C$30,$N9,(-0.05*0.9*$F9)) -> 0.25371551 | M9: =MAX(0,H9*(J9-L9)) -> 46550.457 | N9: 45 | O9: =PV($C$30,N9,-I9) -> 248472.06 | P9: =$C$33*I9/SUM($I$4:$I$18) -> 62141.224 | Q9: 2.5 | R9: =H9*Q9 -> 110175 | T9: =IF(ISERROR(R9/O9),0,R9/O9) -> 0.44341002 | U9: =IF(O9=0,0,(R9+P9)/O9) -> 0.69350343 | V9: =IF(OR($R9=0,ISERROR($R9/$I9)),"-",(VLOOKUP($N9,'APP 2885'!$B$10:$G$59,6)*$I9)/($R9+$P9)) -> 7.8849709 | X9: =IF(ISERROR(M9/O9),0,M9/O9) -> 0.18734685 | Y9: =IF(O9=0,0,(M9+P9)/O9) -> 0.43744026 | Z9: =IF($M9=0,"-",(VLOOKUP($N9,'APP 2885'!$B15:$G64,4)*$I9)/($M9+$P9)) -> 11.364524
B10: Insulation - Floor | C10: Floor Insulation | D10: Post: >=R-30 and Pre: <=R-11 | E10: 6 | F10: 0.056 | G10: /sq. ft. | H10: 23607 | I10: =H10*F10 -> 1321.992 | J10: 1.08 | K10: =H10*J10 -> 25495.56 | L10: =PV($C$30,$N10,(-0.05*0.9*$F10)) -> 0.038475026 | M10: =MAX(0,H10*(J10-L10)) -> 24587.28 | N10: 30 | O10: =PV($C$30,N10,-I10) -> 20183.999 | P10: =$C$33*I10/SUM($I$4:$I$18) -> 5825.2639 | Q10: 1.25 | R10: =H10*Q10 -> 29508.75 | T10: =IF(ISERROR(R10/O10),0,R10/O10) -> 1.4619873 | U10: =IF(O10=0,0,(R10+P10)/O10) -> 1.7505953 | V10: =IF(OR($R10=0,ISERROR($R10/$I10)),"-",(VLOOKUP($N10,'APP 2885'!$B$10:$G$59,6)*$I10)/($R10+$P10)) -> 2.1228001 | X10: =IF(ISERROR(M10/O10),0,M10/O10) -> 1.218157 | Y10: =IF(O10=0,0,(M10+P10)/O10) -> 1.506765 | Z10: =IF($M10=0,"-",(VLOOKUP($N10,'APP 2885'!$B16:$G65,4)*$I10)/($M10+$P10)) -> 2.2421126
B11: Insulation - Roof - Min R-30 | C11: Roof Insulation | D11: Minimum R-30 | E11: 1 | F11: 0.36 | G11: /sq.ft. | H11: 2400 | I11: =H11*F11 -> 864 | J11: 2.15 | K11: =H11*J11 -> 5160 | L11: =PV($C$30,$N11,(-0.05*0.9*$F11)) -> 0.28542995 | M11: =MAX(0,H11*(J11-L11)) -> 4474.9681 | N11: 45 | O11: =PV($C$30,N11,-I11) -> 15222.931 | P11: =$C$33*I11/SUM($I$4:$I$18) -> 3807.1547 | Q11: 2 | R11: =H11*Q11 -> 4800 | T11: =IF(ISERROR(R11/O11),0,R11/O11) -> 0.31531379 | U11: =IF(O11=0,0,(R11+P11)/O11) -> 0.5654072 | V11: =IF(OR($R11=0,ISERROR($R11/$I11)),"-",(VLOOKUP($N11,'APP 2885'!$B$10:$G$59,6)*$I11)/($R11+$P11)) -> 9.6713561 | X11: =IF(ISERROR(M11/O11),0,M11/O11) -> 0.29396232 | Y11: =IF(O11=0,0,(M11+P11)/O11) -> 0.54405573 | Z11: =IF($M11=0,"-",(VLOOKUP($N11,'APP 2885'!$B17:$G66,4)*$I11)/($M11+$P11)) -> 9.1374835
B12: Insulation - Wall - Min R-19 | C12: Wall Insulation | D12: Minimum R-19 | E12: 10 | F12: 0.19 | G12: /sq. ft. | H12: 8354 | I12: =H12*F12 -> 1587.26 | J12: 1.74 | K12: =H12*J12 -> 14535.96 | L12: =PV($C$30,$N12,(-0.05*0.9*$F12)) -> 0.15064359 | M12: =MAX(0,H12*(J12-L12)) -> 13277.483 | N12: 45 | O12: =PV($C$30,N12,-I12) -> 27966.145 | P12: =$C$33*I12/SUM($I$4:$I$18) -> 6994.1485 | Q12: 2 | R12: =H12*Q12 -> 16708 | T12: =IF(ISERROR(R12/O12),0,R12/O12) -> 0.59743665 | U12: =IF(O12=0,0,(R12+P12)/O12) -> 0.84753006 | V12: =IF(OR($R12=0,ISERROR($R12/$I12)),"-",(VLOOKUP($N12,'APP 2885'!$B$10:$G$59,6)*$I12)/($R12+$P12)) -> 6.4519887 | X12: =IF(ISERROR(M12/O12),0,M12/O12) -> 0.47476989 | Y12: =IF(O12=0,0,(M12+P12)/O12) -> 0.7248633 | Z12: =IF($M12=0,"-",(VLOOKUP($N12,'APP 2885'!$B18:$G67,4)*$I12)/($M12+$P12)) -> 6.858259
B13: Tankless Water Heater - Tier 2 | C13: Energy Star | D13: Minimum 0.93 EF | E13: 4 | F13: 37.628 | G13: /gpm | H13: 24 | I13: =H13*F13 -> 903.072 | J13: 52.8 | K13: =H13*J13 -> 1267.2 | L13: =PV($C$30,$N13,(-0.05*0.9*$F13)) -> 13.036891 | M13: =MAX(0,H13*(J13-L13)) -> 954.31461 | N13: 10 | O13: =PV($C$30,N13,-I13) -> 6953.0087 | P13: =$C$33*I13/SUM($I$4:$I$18) -> 3979.3227 | Q13: 150 | R13: =H13*Q13 -> 3600 | T13: =IF(ISERROR(R13/O13),0,R13/O13) -> 0.51776147 | U13: =IF(O13=0,0,(R13+P13)/O13) -> 1.0900781 | V13: =IF(OR($R13=0,ISERROR($R13/$I13)),"-",(VLOOKUP($N13,'APP 2885'!$B$10:$G$59,6)*$I13)/($R13+$P13)) -> 1.6462162 | X13: =IF(ISERROR(M13/O13),0,M13/O13) -> 0.13725204 | Y13: =IF(O13=0,0,(M13+P13)/O13) -> 0.70956869 | Z13: =IF($M13=0,"-",(VLOOKUP($N13,'APP 2885'!$B19:$G68,4)*$I13)/($M13+$P13)) -> 2.2990309
B14: Warm-Air Furnace | C14: High-Efficiency Condensing Furnace | D14: Minimum 91% AFUE | E14: 11 | F14: 1.78 | G14: /kBtu/hr in | H14: 954 | I14: =H14*F14 -> 1698.12 | J14: 0.51 | K14: =H14*J14 -> 486.54 | L14: =PV($C$30,$N14,(-0.05*0.9*$F14)) -> 1.0743506 | M14: =MAX(0,H14*(J14-L14)) -> 0 | N14: 23 | O14: =PV($C$30,N14,-I14) -> 22776.233 | P14: =$C$33*I14/SUM($I$4:$I$18) -> 7482.6452 | Q14: 6 | R14: =H14*Q14 -> 5724 | T14: =IF(ISERROR(R14/O14),0,R14/O14) -> 0.2513146 | U14: =IF(O14=0,0,(R14+P14)/O14) -> 0.57984325 | V14: =IF(OR($R14=0,ISERROR($R14/$I14)),"-",(VLOOKUP($N14,'APP 2885'!$B$10:$G$59,6)*$I14)/($R14+$P14)) -> 5.6558674 | X14: =IF(ISERROR(M14/O14),0,M14/O14) -> 0 | Y14: =IF(O14=0,0,(M14+P14)/O14) -> 0.32852865 | Z14: =IF($M14=0,"-",(VLOOKUP($N14,'APP 2885'!$B20:$G69,4)*$I14)/($M14+$P14)) -> -
B15: Windows - Tier 1 | C15: Single pane to .30 or less per sq ft | D15: 0.3 or less U | E15: 4 | F15: 0.361 | G15: /sq. ft. | H15: 1602.46 | I15: =H15*F15 -> 578.48806 | J15: 24.15 | K15: =H15*J15 -> 38699.409 | L15: =PV($C$30,$N15,(-0.05*0.9*$F15)) -> 0.28622281 | M15: =MAX(0,H15*(J15-L15)) -> 38240.748 | N15: 45 | O15: =PV($C$30,N15,-I15) -> 10192.458 | P15: =$C$33*I15/SUM($I$4:$I$18) -> 2549.0666 | Q15: 7.5 | R15: =H15*Q15 -> 12018.45 | T15: =IF(ISERROR(R15/O15),0,R15/O15) -> 1.1791513 | U15: =IF(O15=0,0,(R15+P15)/O15) -> 1.4292447 | V15: =IF(OR($R15=0,ISERROR($R15/$I15)),"-",(VLOOKUP($N15,'APP 2885'!$B$10:$G$59,6)*$I15)/($R15+$P15)) -> 3.8259749 | X15: =IF(ISERROR(M15/O15),0,M15/O15) -> 3.7518672 | Y15: =IF(O15=0,0,(M15+P15)/O15) -> 4.0019606 | Z15: =IF($M15=0,"-",(VLOOKUP($N15,'APP 2885'!$B21:$G70,4)*$I15)/($M15+$P15)) -> 1.2422162
B16: Windows - Tier 2 | C16: Single pane to .22 or less per sq ft | D16: U-.22 or less | E16: 1 | F16: 0.361 | G16: /sq. ft. | H16: 115 | I16: =H16*F16 -> 41.515 | J16: 24.15 | K16: =H16*J16 -> 2777.25 | L16: =PV($C$30,$N16,(-0.05*0.9*$F16)) -> 0.28622281 | M16: =MAX(0,H16*(J16-L16)) -> 2744.3344 | N16: 45 | O16: =PV($C$30,N16,-I16) -> 731.4583 | P16: =$C$33*I16/SUM($I$4:$I$18) -> 182.9329 | Q16: 9 | R16: =H16*Q16 -> 1035 | T16: =IF(ISERROR(R16/O16),0,R16/O16) -> 1.4149816 | U16: =IF(O16=0,0,(R16+P16)/O16) -> 1.665075 | V16: =IF(OR($R16=0,ISERROR($R16/$I16)),"-",(VLOOKUP($N16,'APP 2885'!$B$10:$G$59,6)*$I16)/($R16+$P16)) -> 3.284089 | X16: =IF(ISERROR(M16/O16),0,M16/O16) -> 3.7518672 | Y16: =IF(O16=0,0,(M16+P16)/O16) -> 4.0019606 | Z16: =IF($M16=0,"-",(VLOOKUP($N16,'APP 2885'!$B22:$G71,4)*$I16)/($M16+$P16)) -> 1.2422162
B17: Bonus - HVAC | C17: HVAC Bonus | E17: 35 | F17: 0 | G17: /unit | H17: 35 | I17: =H17*F17 -> 0 | J17: 0 | K17: =H17*J17 -> 0 | L17: =PV($C$30,$N17,(-0.05*0.9*$F17)) -> 0 | M17: =MAX(0,H17*(J17-L17)) -> 0 | N17: 0 | O17: =PV($C$30,N17,-I17) -> 0 | P17: =$C$33*I17/SUM($I$4:$I$18) -> 0 | Q17: 100 | R17: =H17*Q17 -> 3500 | T17: =IF(ISERROR(R17/O17),0,R17/O17) -> 0 | U17: =IF(O17=0,0,(R17+P17)/O17) -> 0 | V17: =IF(OR($R17=0,ISERROR($R17/$I17)),"-",(VLOOKUP($N17,'APP 2885'!$B$10:$G$59,6)*$I17)/($R17+$P17)) -> - | X17: =IF(ISERROR(M17/O17),0,M17/O17) -> 0 | Y17: =IF(O17=0,0,(M17+P17)/O17) -> 0 | Z17: =IF($M17=0,"-",(VLOOKUP($N17,'APP 2885'!$B23:$G72,4)*$I17)/($M17+$P17)) -> -
B18: Bonus - Insulation Bundle A | C18: Insulation Bundle A | D18: Two Insulation Measures, min. 1000 sq. ft.+ | E18: 5 | F18: 0 | G18: /unit | H18: 5 | I18: =H18*F18 -> 0 | J18: 0 | K18: =H18*J18 -> 0 | L18: =PV($C$30,$N18,(-0.05*0.9*$F18)) -> 0 | M18: =MAX(0,H18*(J18-L18)) -> 0 | N18: 0 | O18: =PV($C$30,N18,-I18) -> 0 | P18: =$C$33*I18/SUM($I$4:$I$18) -> 0 | Q18: 500 | R18: =H18*Q18 -> 2500 | T18: =IF(ISERROR(R18/O18),0,R18/O18) -> 0 | U18: =IF(O18=0,0,(R18+P18)/O18) -> 0 | V18: =IF(OR($R18=0,ISERROR($R18/$I18)),"-",(VLOOKUP($N18,'APP 2885'!$B$10:$G$59,6)*$I18)/($R18+$P18)) -> - | X18: =IF(ISERROR(M18/O18),0,M18/O18) -> 0 | Y18: =IF(O18=0,0,(M18+P18)/O18) -> 0 | Z18: =IF($M18=0,"-",(VLOOKUP($N18,'APP 2885'!$B24:$G73,4)*$I18)/($M18+$P18)) -> -
B19: Custom Measures | P19: =$C$33*I19/SUM($I$4:$I$18) -> 0
A20: 008794-C-Manzana Products Co | B20: Custom DDC Controls | C20: HVAC Controls Upgrade | E20: 1 | F20: =I20/H20 -> 14435 | G20: /unit | H20: 1 | I20: 14435 | J20: 74950 | K20: =H20*J20 -> 74950 | L20: =PV($C$30,$N20,(-0.05*0.9*$F20)) -> 6715.105 | M20: =MAX(0,H20*(J20-L20)) -> 68234.895 | N20: 15 | O20: =PV($C$30,N20,-I20) -> 149224.56 | P20: =$C$32*I20/SUM($I$20:$I$25) -> 152249.63 | R20: 34644 | T20: =IF(ISERROR(R20/O20),0,R20/O20) -> 0.23216018 | U20: =IF(O20=0,0,(R20+P20)/O20) -> 1.2524321 | V20: =IF(OR($R20=0,ISERROR($R20/$I20)),"-",(VLOOKUP($N20,'APP 2885'!$B$10:$G$59,6)*$I20)/($R20+$P20)) -> 1.5975587 | X20: =IF(ISERROR(M20/O20),0,M20/O20) -> 0.45726318 | Y20: =IF(O20=0,0,(M20+P20)/O20) -> 1.4775351 | Z20: =IF($M20=0,"-",(VLOOKUP($N20,'APP 2885'!$B$10:$G$59,4)*$I20)/(M20+P20)) -> 1.2308256
A21: 008795-C-Manzana Products Co | B21: Custom Heat Recovery | C21: Custom Heat Recovery System | E21: 1 | F21: =I21/H21 -> 22848 | G21: /unit | H21: 1 | I21: 22848 | J21: 24375 | K21: =H21*J21 -> 24375 | L21: =PV($C$30,$N21,(-0.05*0.9*$F21)) -> 12748.21 | M21: =MAX(0,H21*(J21-L21)) -> 11626.79 | N21: 20 | O21: =PV($C$30,N21,-I21) -> 283293.57 | P21: =$C$32*I21/SUM($I$20:$I$25) -> 240983.69 | R21: 24375 | T21: =IF(ISERROR(R21/O21),0,R21/O21) -> 0.086041488 | U21: =IF(O21=0,0,(R21+P21)/O21) -> 0.93669154 | V21: =IF(OR($R21=0,ISERROR($R21/$I21)),"-",(VLOOKUP($N21,'APP 2885'!$B$10:$G$59,6)*$I21)/($R21+$P21)) -> 3.3829604 | X21: =IF(ISERROR(M21/O21),0,M21/O21) -> 0.041041488 | Y21: =IF(O21=0,0,(M21+P21)/O21) -> 0.89169154 | Z21: =IF($M21=0,"-",(VLOOKUP($N21,'APP 2885'!$B$10:$G$59,4)*$I21)/(M21+P21)) -> 3.2307867
A22: 008757-C-Riverside Health Clu | B22: Custom HVAC | C22: Custom ERV HVAC | E22: 1 | F22: =I22/H22 -> 625 | G22: /unit | H22: 1 | I22: 625 | J22: 13440 | K22: =H22*J22 -> 13440 | L22: =PV($C$30,$N22,(-0.05*0.9*$F22)) -> 290.74753 | M22: =MAX(0,H22*(J22-L22)) -> 13149.252 | N22: 15 | O22: =PV($C$30,N22,-I22) -> 6461.0563 | P22: =$C$32*I22/SUM($I$20:$I$25) -> 6592.0345 | R22: 2125 | T22: =IF(ISERROR(R22/O22),0,R22/O22) -> 0.32889359 | U22: =IF(O22=0,0,(R22+P22)/O22) -> 1.3491655 | V22: =IF(OR($R22=0,ISERROR($R22/$I22)),"-",(VLOOKUP($N22,'APP 2885'!$B$10:$G$59,6)*$I22)/($R22+$P22)) -> 1.4830158 | X22: =IF(ISERROR(M22/O22),0,M22/O22) -> 2.0351552 | Y22: =IF(O22=0,0,(M22+P22)/O22) -> 3.0554272 | Z22: =IF($M22=0,"-",(VLOOKUP($N22,'APP 2885'!$B$10:$G$59,4)*$I22)/(M22+P22)) -> 0.59519929
A23: 008759-C-Living Faith Victory | B23: Custom Insulation | C23: Custom Insulation | E23: 1 | F23: =I23/H23 -> 1120 | G23: /unit | H23: 1 | I23: 1120 | J23: 29984 | K23: =H23*J23 -> 29984 | L23: =PV($C$30,$N23,(-0.05*0.9*$F23)) -> 769.50053 | M23: =MAX(0,H23*(J23-L23)) -> 29214.499 | N23: 30 | O23: =PV($C$30,N23,-I23) -> 17100.012 | P23: =$C$32*I23/SUM($I$20:$I$25) -> 11812.926 | R23: 8333 | T23: =IF(ISERROR(R23/O23),0,R23/O23) -> 0.48730961 | U23: =IF(O23=0,0,(R23+P23)/O23) -> 1.1781235 | V23: =IF(OR($R23=0,ISERROR($R23/$I23)),"-",(VLOOKUP($N23,'APP 2885'!$B$10:$G$59,6)*$I23)/($R23+$P23)) -> 3.1543077 | X23: =IF(ISERROR(M23/O23),0,M23/O23) -> 1.7084491 | Y23: =IF(O23=0,0,(M23+P23)/O23) -> 2.399263 | Z23: =IF($M23=0,"-",(VLOOKUP($N23,'APP 2885'!$B$10:$G$59,4)*$I23)/(M23+P23)) -> 1.4080728
A24: 008811-C-Apex Fitness NW | B24: Custom Insulation | C24: Custom Attic Insulation | E24: 1 | F24: =I24/H24 -> 438 | G24: /unit | H24: 1 | I24: 438 | J24: 13244 | K24: =H24*J24 -> 13244 | L24: =PV($C$30,$N24,(-0.05*0.9*$F24)) -> 300.92967 | M24: =MAX(0,H24*(J24-L24)) -> 12943.07 | N24: 30 | O24: =PV($C$30,N24,-I24) -> 6687.326 | P24: =$C$32*I24/SUM($I$20:$I$25) -> 4619.6978 | R24: 9005 | T24: =IF(ISERROR(R24/O24),0,R24/O24) -> 1.3465771 | U24: =IF(O24=0,0,(R24+P24)/O24) -> 2.037391 | V24: =IF(OR($R24=0,ISERROR($R24/$I24)),"-",(VLOOKUP($N24,'APP 2885'!$B$10:$G$59,6)*$I24)/($R24+$P24)) -> 1.8239818 | X24: =IF(ISERROR(M24/O24),0,M24/O24) -> 1.9354627 | Y24: =IF(O24=0,0,(M24+P24)/O24) -> 2.6262766 | Z24: =IF($M24=0,"-",(VLOOKUP($N24,'APP 2885'!$B$10:$G$59,4)*$I24)/(M24+P24)) -> 1.2863599
A25: 008812-C-Advanced Concepts LL | B25: Custom Insulation | C25: Custom Wall Insulation | E25: 1 | F25: =I25/H25 -> 136 | G25: /unit | H25: 1 | I25: 136 | J25: 3780 | K25: =H25*J25 -> 3780 | L25: =PV($C$30,$N25,(-0.05*0.9*$F25)) -> 93.43935 | M25: =MAX(0,H25*(J25-L25)) -> 3686.5606 | N25: 30 | O25: =PV($C$30,N25,-I25) -> 2076.43 | P25: =$C$32*I25/SUM($I$20:$I$25) -> 1434.4267 | R25: 2660 | T25: =IF(ISERROR(R25/O25),0,R25/O25) -> 1.2810449 | U25: =IF(O25=0,0,(R25+P25)/O25) -> 1.9718588 | V25: =IF(OR($R25=0,ISERROR($R25/$I25)),"-",(VLOOKUP($N25,'APP 2885'!$B$10:$G$59,6)*$I25)/($R25+$P25)) -> 1.8845995 | X25: =IF(ISERROR(M25/O25),0,M25/O25) -> 1.7754322 | Y25: =IF(O25=0,0,(M25+P25)/O25) -> 2.4662461 | Z25: =IF($M25=0,"-",(VLOOKUP($N25,'APP 2885'!$B$10:$G$59,4)*$I25)/(M25+P25)) -> 1.3698296
A26: TOTAL PROGRAM | E26: =SUM(E4:E25) -> 134 | I26: =SUM(I4:I25) -> 181789.38 | K26: =SUM(K4:K25) -> 912514.37 | M26: =SUM(M4:M25) -> 799497.96 | N26: =SUMPRODUCT(I4:I25,N4:N25)/SUM(I4:I25) -> 27.712203 | O26: =SUM(O4:O25) -> 2523439.9 | P26: =SUM(P4:P25) -> 1044231 | R26: =SUM(R4:R25)-2855.24 -> 952113.21 | T26: =IF(ISERROR(R26/O26),0,R26/O26) -> 0.37730766 | U26: =(R26+P26)/O26 -> 0.79112018 | V26: =IF(OR($R26=0,ISERROR($R26/$I26)),"-",(VLOOKUP($N26,'APP 2885'!$B$10:$G$59,6)*$I26)/($R26+$P26)) -> 4.6371702 | X26: =M26/O26 -> 0.31682861 | Y26: =(M26+P26)/O26 -> 0.73064113 | Z26: =IF($M26=0,"-",(VLOOKUP($N26,'APP 2885'!$B$10:$G$59,4)*$I26)/(M26+P26)) -> 4.5641364
B28: Nominal interest rate (post tax cost of cap.) | C28: 0.0506
B29: Inflation rate | C29: 0.02
B30: Long term real discount rate | C30: 0.0506
B31: Total 2025 Program Admin. | C31: 1044231
B32: Custom Admin. | C32: =C31*0.4 -> 417692.4
B33: Prescriptive Admin. | C33: =C31*0.6 -> 626538.6
B36: 766935

Sheet Projects.25
A1: Invoice | B1: Parent Project | C1: Category | D1: Sub Category 1 | E1: Measure Description | F1: Efficiency Type for Qualification | G1: Current Units | H1: Unit | I1: Cost Total | J1: Current Savings thm | K1: Therm Savings Per Unit | L1: Current Inc Total | M1: Measure Code | N1: Program | O1: Energy Type | P1: Measure Life | Q1: Effective From | R1: Effective To | S1: Incentive Per Unit | T1: Notes | U1: Installer/Trade Ally | V1: Install Date | W1: Existing Meas Model Number | X1: AFUE Eff | Y1: Base Equip Descr | Z1: R-Value Base | AA1: R-Value Installed | AB1: Payee Company (Parent Project) (Project) | AC1: BD Lead (Parent Project) (Project) | AD1: Parent Site | AE1: Address 1 (Parent Site) (Sites) | AF1: City (Parent Site) (Sites) | AG1: Zip (Parent Site) (Sites) | AH1: County (Parent Site) (Sites) | AI1: District (Parent Site) (Sites) | AJ1: Zone (Parent Site) (Sites) | AK1: End Date (Parent Project) (Project) | AL1: Revenue Code (Parent Site) (Sites) | AM1: Project Status (Parent Project) (Project) | AN1: Incremental Cost
A2: CR25-1.01 | B2: 008753-C-PROFESSIONAL TELEPHO | C2: Bonus A - Insulation | D2: Bonus A - Insulation | E2: Insulation Bundle A | F2: Two Insulation Measures, min. 1000 sq. ft.+ | G2: 1 | H2: /unit | I2: 0 | J2: 0 | L2: 500 | M2: COMINSBNDL-7-17 | N2: COM Both | O2: thm | P2: 0 | S2: 500 | U2: Smith Insulation, Inc. | V2: 45653 | AB2: Professional Telephone Service | AC2: Todd Blackman | AD2: PROFESSIONAL TELEPHONE SERVICE | AE2: 1420 MELROSE ST | AF2: Walla Walla | AG2: 99362-1411 | AH2: Walla Walla | AI2: Walla Walla | AJ2: Zone 3 | AK2: 45703 | AL2: 504 | AM2: 7-Completed | AN2: 0
A3: CR25-1.01 | B3: 008753-C-PROFESSIONAL TELEPHO | C3: Insulation | D3: Insulation | E3: Attic Insulation | F3: Tier 2 / Minimum R-45 | G3: 1478 | H3: /sq.ft. | I3: 5144 | J3: 472.96 | K3: 0.32 | L3: 3695 | M3: COMIAT22-19-19 | N3: COM Standard | O3: thm | P3: 30 | Q3: 43515 | S3: 2.5 | T3: POST 2-19-19 | U3: Smith Insulation, Inc. | V3: 45653 | Z3: 0 | AA3: 49 | AB3: Professional Telephone Service | AC3: Todd Blackman | AD3: PROFESSIONAL TELEPHONE SERVICE | AE3: 1420 MELROSE ST | AF3: Walla Walla | AG3: 99362-1411 | AH3: Walla Walla | AI3: Walla Walla | AJ3: Zone 3 | AK3: 45703 | AL3: 504 | AM3: 7-Completed | AN3: 0
A4: CR25-1.01 | B4: 008753-C-PROFESSIONAL TELEPHO | C4: Insulation | D4: Insulation | E4: Floor Insulation | F4: Equal to or greater than R-30 Post and equal to or less than R-11 Pre | G4: 736 | H4: /sq. ft. | I4: 2428 | J4: 41.22 | K4: 0.056 | L4: 920 | M4: COMFLOORINS-4-1-22 | N4: COM Standard | O4: thm | P4: 30 | Q4: 44652 | S4: 1.25 | T4: EFF 4-1-22 | U4: Smith Insulation, Inc. | V4: 45653 | Z4: 0 | AA4: 30 | AB4: Professional Telephone Service | AC4: Todd Blackman | AD4: PROFESSIONAL TELEPHONE SERVICE | AE4: 1420 MELROSE ST | AF4: Walla Walla | AG4: 99362-1411 | AH4: Walla Walla | AI4: Walla Walla | AJ4: Zone 3 | AK4: 45703 | AL4: 504 | AM4: 7-Completed | AN4: 0
A5: CR25-10.01 | B5: 008807-C-LOWE'S HOME IMPROVEM | C5: Bonus - HVAC | E5: HVAC Bonus | G5: 1 | I5: 0 | J5: 0 | K5: 0 | L5: 100 | M5: COMHVACBNS2012 | N5: COM Both | O5: thm | P5: 0 | S5: 100 | U5: Lennox Industries Inc | V5: 45886 | AB5: Lowe's Companies, Inc | AC5: Todd Blackman | AD5: LOWE'S HOME IMPROVEMENT | AE5: 1020 N COLORADO ST | AF5: Kennewick | AG5: 99336 | AH5: Benton | AI5: Kennewick | AJ5: Zone 3 | AK5: 45972 | AL5: 504 | AM5: 7-Completed | AN5: 0
A6: CR25-10.01 | B6: 008807-C-LOWE'S HOME IMPROVEM | C6: Controls | D6: Controls | E6: Demand Control Ventilation | F6: Meet JUARC Guidelines for DCV RTUs in 5-20 ton | G6: 212.5 | H6: /ton | I6: 308840.76 | J6: 2401.12 | K6: 11.3041 | L6: 10625 | M6: COMDCV-3-15-24 | N6: COM Standard | O6: thm | P6: 15 | Q6: 45366 | S6: 50 | T6: EFF 3-15-24 | U6: Lennox Industries Inc | V6: 45886 | W6: Lennox LGM240U5M | AB6: Lowe's Companies, Inc | AC6: Todd Blackman | AD6: LOWE'S HOME IMPROVEMENT | AE6: 1020 N COLORADO ST | AF6: Kennewick | AG6: 99336 | AH6: Benton | AI6: Kennewick | AJ6: Zone 3 | AK6: 45972 | AL6: 504 | AM6: 7-Completed | AN6: 0
A7: CR25-10.01 | B7: 008805-C-PIONEER MEADOWS MONT | C7: Water Heaters | D7: Domestic Hot Water | E7: Energy Star | F7: Minimum .93 Energy Factor | G7: 6 | H7: /gpm | I7: 6367.35 | J7: 228 | K7: 38 | L7: 900 | M7: COMTANKLESST22-19-19 | N7: COM Standard | O7: thm | P7: 20 | Q7: 43515 | S7: 150 | T7: POST 2-19-19 | U7: Barron Heating and Air Conditioning Inc | V7: 45814 | W7: Navien NPE-240A | X7: 95 | Y7: Less than 58% | AB7: Meadows Montessori School | AC7: Brian Farnsworth | AD7: PIONEER MEADOWS MONTESSORI | AE7: 2377 DOUGLAS RD | AF7: Ferndale | AG7: 98248 | AH7: Whatcom | AI7: Bellingham | AJ7: Zone 1 | AK7: 45972 | AL7: 504 | AM7: 7-Completed | AN7: 0
A8: CR25-10.01 | B8: 008806-C-NEW LIFE FELLOWSHIP | C8: Insulation | D8: Insulation | E8: Attic Insulation | F8: Tier 2 / Minimum R-45 | G8: 14568 | H8: /sq.ft. | I8: 37170 | J8: 4661.76 | K8: 0.32 | L8: 36420 | M8: COMIAT22-19-19 | N8: COM Standard | O8: thm | P8: 30 | Q8: 43515 | S8: 2.5 | T8: POST 2-19-19 | U8: A&Z Insulation | V8: 45934 | Z8: 0 | AA8: 49 | AB8: A&Z Insulation | AC8: Brian Farnsworth | AD8: NEW LIFE FELLOWSHIP CHURCH | AE8: 810 E POLE RD | AF8: Lynden | AG8: 98264-9661 | AH8: Whatcom | AI8: Bellingham | AJ8: Zone 1 | AK8: 45972 | AL8: 504 | AM8: 7-Completed | AN8: 0
A9: CR25-10.02 | B9: 008808-C-AIRPORTER SHUTTLE | C9: Bonus - HVAC | E9: HVAC Bonus | G9: 1 | I9: 0 | J9: 0 | K9: 0 | L9: 100 | M9: COMHVACBNS2012 | N9: COM Both | O9: thm | P9: 0 | S9: 100 | U9: Feller Heating & AC | V9: 45943 | AB9: Airporter Shuttle | AC9: Brian Farnsworth | AD9: AIRPORTER SHUTTLE | AE9: 844 S ALDER ST | AF9: Burlington | AG9: 98233-2800 | AH9: Skagit | AI9: Mount Vernon | AJ9: Zone 1 | AK9: 45972 | AL9: 504 | AM9: 7-Completed | AN9: 0
A10: CR25-10.02 | B10: 008809-C-LARSON BUILDING LLC | C10: Bonus - HVAC | E10: HVAC Bonus | G10: 1 | I10: 0 | J10: 0 | K10: 0 | L10: 100 | M10: COMHVACBNS2012 | N10: COM Both | O10: thm | P10: 0 | S10: 100 | U10: Central Washington Refrigeration, LLC | V10: 45768 | AB10: Megalodon LLC | AC10: Todd Blackman | AD10: LARSON BUILDING LLC | AE10: 6 S 2ND ST | AF10: Yakima | AG10: 98901-2632 | AH10: Yakima | AI10: Yakima | AJ10: Zone 3 | AK10: 45972 | AL10: 504 | AM10: 7-Completed | AN10: 0
A11: CR25-10.02 | B11: 008809-C-LARSON BUILDING LLC | C11: Bonus - HVAC | E11: HVAC Bonus | G11: 1 | I11: 0 | J11: 0 | K11: 0 | L11: 100 | M11: COMHVACBNS2012 | N11: COM Both | O11: thm | P11: 0 | S11: 100 | U11: Central Washington Refrigeration, LLC | V11: 45768 | AB11: Megalodon LLC | AC11: Todd Blackman | AD11: LARSON BUILDING LLC | AE11: 6 S 2ND ST | AF11: Yakima | AG11: 98901-2632 | AH11: Yakima | AI11: Yakima | AJ11: Zone 3 | AK11: 45972 | AL11: 504 | AM11: 7-Completed | AN11: 0
A12: CR25-10.02 | B12: 008808-C-AIRPORTER SHUTTLE | C12: Furnaces | D12: Furnaces | E12: High-Efficiency Condensing Furnace | F12: Minimum 91% AFUE | G12: 60 | H12: /kBtu/hr in | I12: 3137.5 | J12: 66 | K12: 1.1 | L12: 360 | M12: COMFURNACE3-15-24 | N12: COM Standard | O12: thm | P12: 18 | Q12: 45366 | S12: 6 | T12: EFF 3-15-24 | U12: Feller Heating & AC | V12: 45943 | W12: AS S9X2B060U4PSBB | X12: 96 | AB12: Airporter Shuttle | AC12: Brian Farnsworth | AD12: AIRPORTER SHUTTLE | AE12: 844 S ALDER ST | AF12: Burlington | AG12: 98233-2800 | AH12: Skagit | AI12: Mount Vernon | AJ12: Zone 1 | AK12: 45972 | AL12: 504 | AM12: 7-Completed | AN12: 0
A13: CR25-10.02 | B13: 008809-C-LARSON BUILDING LLC | C13: Boilers | D13: Boilers | E13: High-Efficiency-Condensing Boiler | F13: Minimum 94% Thermal Efficiency and 300 kBtu/hr input | G13: 999 | H13: /kBtu/hr in | I13: 71961.23 | J13: 2097.9 | K13: 2.1 | L13: 10239.75 | M13: COMBOILERS-3-15-24 | N13: COM Standard | O13: thm | P13: 25 | Q13: 45366 | S13: 10.25 | T13: EFF 3-15-24 | U13: Central Washington Refrigeration, LLC | V13: 45768 | W13: Raypak H7-1007 | X13: 95 | Y13: Less than 80% | AB13: Megalodon LLC | AC13: Todd Blackman | AD13: LARSON BUILDING LLC | AE13: 6 S 2ND ST | AF13: Yakima | AG13: 98901-2632 | AH13: Yakima | AI13: Yakima | AJ13: Zone 3 | AK13: 45972 | AL13: 504 | AM13: 7-Completed | AN13: 0
A14: CR25-10.02 | B14: 008809-C-LARSON BUILDING LLC | C14: Boilers | D14: Boilers | E14: High-Efficiency-Condensing Boiler | F14: Minimum 94% Thermal Efficiency and 300 kBtu/hr input | G14: 999 | H14: /kBtu/hr in | I14: 71961.23 | J14: 2097.9 | K14: 2.1 | L14: 10239.75 | M14: COMBOILERS-3-15-24 | N14: COM Standard | O14: thm | P14: 25 | Q14: 45366 | S14: 10.25 | T14: EFF 3-15-24 | U14: Central Washington Refrigeration, LLC | V14: 45768 | W14: Raypak H7-1007 | X14: 95 | Y14: Less than 80% | AB14: Megalodon LLC | AC14: Todd Blackman | AD14: LARSON BUILDING LLC | AE14: 6 S 2ND ST | AF14: Yakima | AG14: 98901-2632 | AH14: Yakima | AI14: Yakima | AJ14: Zone 3 | AK14: 45972 | AL14: 504 | AM14: 7-Completed | AN14: 0
A15: CR25-10.02 | B15: 008811-C-Apex Fitness NW | C15: Custom Insulation | D15: Custom | E15: Custom attic insulation | F15: Custom attic insulation | G15: 1 | H15: /unit | I15: 13244 | J15: 438 | K15: 0 | L15: 9005 | M15: COMCUSTINS | N15: COM Custom | O15: thm | P15: 30 | S15: 0 | T15: 6650 sq ft attic insulation | U15: Coast Insulation | V15: 45915 | Z15: 5 | AA15: 38 | AB15: Apex Fitness NW | AC15: Brian Farnsworth | AD15: Apex Fitness NW | AE15: 1708 KENTUCKY ST | AF15: Bellingham | AG15: 98229 | AH15: Whatcom | AI15: Bellingham | AJ15: Zone 1 | AK15: 45972 | AL15: 504 | AM15: 7-Completed | AN15: 0
A16: CR25-10.02 | B16: 008811-C-Apex Fitness NW | C16: Insulation | D16: Insulation | E16: Wall Insulation | F16: Tier 2 / Minimum R-19 | G16: 900 | H16: /sq. ft. | I16: 3951 | J16: 171 | K16: 0.19 | L16: 1800 | M16: COMIWT2-4-1-22 | N16: COM Standard | O16: thm | P16: 30 | Q16: 44652 | S16: 2 | T16: EFF 4-1-22 | U16: Coast Insulation | V16: 45915 | Z16: 0 | AA16: 38 | AB16: Apex Fitness NW | AC16: Brian Farnsworth | AD16: Apex Fitness NW | AE16: 1708 KENTUCKY ST | AF16: Bellingham | AG16: 98229 | AH16: Whatcom | AI16: Bellingham | AJ16: Zone 1 | AK16: 45972 | AL16: 504 | AM16: 7-Completed | AN16: 0
A17: CR25-10.02 | B17: 008811-C-Apex Fitness NW | C17: Insulation | D17: Insulation | E17: Wall Insulation | F17: Tier 2 / Minimum R-19 | G17: 640 | H17: /sq. ft. | I17: 2808.26 | J17: 121.6 | K17: 0.19 | L17: 1280 | M17: COMIWT2-4-1-22 | N17: COM Standard | O17: thm | P17: 30 | Q17: 44652 | S17: 2 | T17: EFF 4-1-22 | U17: Coast Insulation | V17: 45915 | Z17: 0 | AA17: 38 | AB17: Apex Fitness NW | AC17: Brian Farnsworth | AD17: Apex Fitness NW | AE17: 1708 KENTUCKY ST | AF17: Bellingham | AG17: 98229 | AH17: Whatcom | AI17: Bellingham | AJ17: Zone 1 | AK17: 45972 | AL17: 504 | AM17: 7-Completed | AN17: 0
A18: CR25-11.01 | B18: 008810-C-SUDDEN VALLEY COMMUN | C18: Bonus - HVAC | E18: HVAC Bonus | G18: 1 | I18: 0 | J18: 0 | K18: 0 | L18: 100 | M18: COMHVACBNS2012 | N18: COM Both | O18: thm | P18: 0 | S18: 100 | U18: Marr's Heating & Air Conditioning Inc | V18: 45894 | AB18: Marr's Heating & AC Inc | AC18: Brian Farnsworth | AD18: SUDDEN VALLEY COMMUNITY ASSOC | AE18: 8 BARNVIEW CT | AF18: Bellingham | AG18: 98229 | AH18: Whatcom | AI18: Bellingham | AJ18: Zone 1 | AK18: 46008 | AL18: 504 | AM18: 7-Completed | AN18: 0
A19: CR25-11.01 | B19: 008812-C-Advanced Concepts LL | C19: Bonus A - Insulation | D19: Bonus A - Insulation | E19: Insulation Bundle A | F19: Two Insulation Measures, min. 1000 sq. ft.+ | G19: 1 | H19: /unit | I19: 0 | J19: 0 | L19: 500 | M19: COMINSBNDL-7-17 | N19: COM Both | O19: thm | P19: 0 | S19: 500 | U19: A&Z Insulation | V19: 45930 | AA19: 30 | AB19: A&Z Insulation | AC19: Brian Farnsworth | AD19: Advanced Concepts LLC | AE19: 210 Northern Ave | AF19: Sedro Woolley | AG19: 98284 | AI19: Mount Vernon | AJ19: Zone 1 | AK19: 46008 | AL19: 504 | AM19: 7-Completed | AN19: 0
A20: CR25-11.01 | B20: 008810-C-SUDDEN VALLEY COMMUN | C20: Furnaces | D20: Furnaces | E20: High-Efficiency Condensing Furnace | F20: Minimum 91% AFUE | G20: 100 | H20: /kBtu/hr in | I20: 6739 | J20: 110 | K20: 1.1 | L20: 600 | M20: COMFURNACE3-15-24 | N20: COM Standard | O20: thm | P20: 18 | Q20: 45366 | S20: 6 | T20: EFF 3-15-24 | U20: Marr's Heating & Air Conditioning Inc | V20: 45894 | W20: AS S9X1C100U5PSB | X20: 95 | AB20: Marr's Heating & AC Inc | AC20: Brian Farnsworth | AD20: SUDDEN VALLEY COMMUNITY ASSOC | AE20: 8 BARNVIEW CT | AF20: Bellingham | AG20: 98229 | AH20: Whatcom | AI20: Bellingham | AJ20: Zone 1 | AK20: 46008 | AL20: 504 | AM20: 7-Completed | AN20: 0
A21: CR25-11.01 | B21: 008812-C-Advanced Concepts LL | C21: Custom Insulation | D21: Custom | E21: Custom wall insulation | F21: Custom wall insulation | G21: 1 | H21: /unit | I21: 3780 | J21: 136 | K21: 0 | L21: 2660 | M21: COMCUSTINS | N21: COM Custom | O21: thm | P21: 30 | S21: 0 | T21: 1400 sf custom wall insulation | U21: A&Z Insulation | V21: 45915 | Z21: 0 | AA21: 15 | AB21: A&Z Insulation | AC21: Brian Farnsworth | AD21: Advanced Concepts LLC | AE21: 210 Northern Ave | AF21: Sedro Woolley | AG21: 98284 | AI21: Mount Vernon | AJ21: Zone 1 | AK21: 46008 | AL21: 504 | AM21: 7-Completed | AN21: 0
A22: CR25-11.01 | B22: 008812-C-Advanced Concepts LL | C22: Insulation | D22: Insulation | E22: Attic Insulation | F22: Tier 1 / Minimum R-30 | G22: 2000 | H22: /sq.ft. | I22: 7500 | J22: 620 | K22: 0.31 | L22: 4000 | M22: COMIAT12-19-19 | N22: COM Standard | O22: thm | P22: 30 | Q22: 43515 | S22: 2 | T22: POST 2-19-19 | U22: A&Z Insulation | V22: 45930 | Z22: 0 | AA22: 30 | AB22: A&Z Insulation | AC22: Brian Farnsworth | AD22: Advanced Concepts LLC | AE22: 210 Northern Ave | AF22: Sedro Woolley | AG22: 98284 | AI22: Mount Vernon | AJ22: Zone 1 | AK22: 46008 | AL22: 504 | AM22: 7-Completed | AN22: 0
A23: CR25-11.01 | B23: 008812-C-Advanced Concepts LL | C23: Insulation | D23: Insulation | E23: Wall Insulation | F23: Tier 2 / Minimum R-19 | G23: 1200 | H23: /sq. ft. | I23: 5580 | J23: 228 | K23: 0.19 | L23: 2400 | M23: COMIWT2-4-1-22 | N23: COM Standard | O23: thm | P23: 30 | Q23: 44652 | S23: 2 | T23: EFF 4-1-22 | U23: A&Z Insulation | V23: 45930 | Z23: 0 | AA23: 21 | AB23: A&Z Insulation | AC23: Brian Farnsworth | AD23: Advanced Concepts LLC | AE23: 210 Northern Ave | AF23: Sedro Woolley | AG23: 98284 | AI23: Mount Vernon | AJ23: Zone 1 | AK23: 46008 | AL23: 504 | AM23: 7-Completed | AN23: 0
A24: CR25-11.01 | B24: 008813-C-The Fat Moose Bar an | C24: Insulation | D24: Insulation | E24: Wall Insulation | F24: Tier 2 / Minimum R-19 | G24: 450 | H24: /sq. ft. | I24: 1421.4 | J24: 85.5 | K24: 0.19 | L24: 900 | M24: COMIWT2-4-1-22 | N24: COM Standard | O24: thm | P24: 30 | Q24: 44652 | S24: 2 | T24: EFF 4-1-22 | U24: Two Brothers Insulating, LLC | V24: 45925 | Z24: 0 | AA24: 19 | AB24: Two Brothers Insulating, LLC | AC24: Brian Farnsworth | AD24: The Fat Moose Bar and Grill | AE24: 1388 N GOERIG ST | AF24: Woodland | AG24: 98674-9406 | AH24: Cowlitz | AI24: Longview | AJ24: Zone 2 | AK24: 46008.125 | AL24: 504 | AM24: 7-Completed | AN24: 0
A25: CR25-12.01 | B25: 008815-C-CHURCH OF GOD SEVENT | C25: Bonus A - Insulation | D25: Bonus A - Insulation | E25: Insulation Bundle A | F25: Two Insulation Measures, min. 1000 sq. ft.+ | G25: 1 | H25: /unit | I25: 0 | J25: 0 | L25: 500 | M25: COMINSBNDL-7-17 | N25: COM Both | O25: thm | P25: 0 | S25: 500 | U25: East Valley Insulation, LLC | V25: 45689 | AB25: Church of God 7th Day | AC25: Todd Blackman | AD25: CHURCH OF GOD SEVENTH DAY | AE25: 1 CHEHALIS AVE | AF25: Toppenish | AG25: 98948 | AH25: Yakima | AI25: Yakima | AJ25: Zone 3 | AK25: 46010 | AL25: 504 | AM25: 7-Completed | AN25: 0
A26: CR25-12.01 | B26: 008814-C-BARNARD GRIFFIN WINE | C26: Water Heaters | D26: Domestic Hot Water | E26: Energy Star | F26: Minimum .93 Energy Factor | G26: 6 | H26: /gpm | I26: 9925 | J26: 228 | K26: 38 | L26: 900 | M26: COMTANKLESST22-19-19 | N26: COM Standard | O26: thm | P26: 20 | Q26: 43515 | S26: 150 | T26: POST 2-19-19 | U26: Atomic Plumbing & Mechanical | V26: 45960 | W26: Rinnai CX199i | X26: 98 | AB26: Barnard Griffin Inc | AC26: Brian Farnsworth | AD26: BARNARD GRIFFIN WINERY | AE26: 878 TULIP LN | AF26: Richland | AG26: 99352-8588 | AH26: Benton | AI26: Kennewick | AJ26: Zone 3 | AK26: 46010 | AL26: 504 | AM26: 7-Completed | AN26: 0
A27: CR25-12.01 | B27: 008814-C-BARNARD GRIFFIN WINE | C27: Water Heaters | D27: Domestic Hot Water | E27: Energy Star | F27: Minimum .93 Energy Factor | G27: 6 | H27: /gpm | I27: 9925 | J27: 228 | K27: 38 | L27: 900 | M27: COMTANKLESST22-19-19 | N27: COM Standard | O27: thm | P27: 20 | Q27: 43515 | S27: 150 | T27: POST 2-19-19 | U27: Atomic Plumbing & Mechanical | V27: 45960 | W27: Rinnai CX199i | X27: 98 | AB27: Barnard Griffin Inc | AC27: Brian Farnsworth | AD27: BARNARD GRIFFIN WINERY | AE27: 878 TULIP LN | AF27: Richland | AG27: 99352-8588 | AH27: Benton | AI27: Kennewick | AJ27: Zone 3 | AK27: 46010 | AL27: 504 | AM27: 7-Completed | AN27: 0
A28: CR25-12.01 | B28: 008815-C-CHURCH OF GOD SEVENT | C28: Insulation | D28: Insulation | E28: Attic Insulation | F28: Tier 2 / Minimum R-45 | G28: 1500 | H28: /sq.ft. | I28: 4000 | J28: 480 | K28: 0.32 | L28: 3750 | M28: COMIAT22-19-19 | N28: COM Standard | O28: thm | P28: 30 | Q28: 43515 | S28: 2.5 | T28: POST 2-19-19 | U28: East Valley Insulation, LLC | V28: 45689 | Z28: 0 | AA28: 49 | AB28: Church of God 7th Day | AC28: Todd Blackman | AD28: CHURCH OF GOD SEVENTH DAY | AE28: 1 CHEHALIS AVE | AF28: Toppenish | AG28: 98948 | AH28: Yakima | AI28: Yakima | AJ28: Zone 3 | AK28: 46010 | AL28: 504 | AM28: 7-Completed | AN28: 0
A29: CR25-12.01 | B29: 008815-C-CHURCH OF GOD SEVENT | C29: Insulation | D29: Insulation | E29: Floor Insulation | F29: Equal to or greater than R-30 Post and equal to or less than R-11 Pre | G29: 1500 | H29: /sq. ft. | I29: 2800 | J29: 84 | K29: 0.056 | L29: 1875 | M29: COMFLOORINS-4-1-22 | N29: COM Standard | O29: thm | P29: 30 | Q29: 44652 | S29: 1.25 | T29: EFF 4-1-22 | U29: East Valley Insulation, LLC | V29: 45689 | Z29: 0 | AA29: 30 | AB29: Church of God 7th Day | AC29: Todd Blackman | AD29: CHURCH OF GOD SEVENTH DAY | AE29: 1 CHEHALIS AVE | AF29: Toppenish | AG29: 98948 | AH29: Yakima | AI29: Yakima | AJ29: Zone 3 | AK29: 46010 | AL29: 504 | AM29: 7-Completed | AN29: 0
A30: CR25-12.01 | B30: 008815-C-CHURCH OF GOD SEVENT | C30: Insulation | D30: Insulation | E30: Wall Insulation | F30: Tier 2 / Minimum R-19 | G30: 1500 | H30: /sq. ft. | I30: 3400 | J30: 285 | K30: 0.19 | L30: 3000 | M30: COMIWT2-4-1-22 | N30: COM Standard | O30: thm | P30: 30 | Q30: 44652 | S30: 2 | T30: EFF 4-1-22 | U30: East Valley Insulation, LLC | V30: 45689 | Z30: 0 | AA30: 19 | AB30: Church of God 7th Day | AC30: Todd Blackman | AD30: CHURCH OF GOD SEVENTH DAY | AE30: 1 CHEHALIS AVE | AF30: Toppenish | AG30: 98948 | AH30: Yakima | AI30: Yakima | AJ30: Zone 3 | AK30: 46010 | AL30: 504 | AM30: 7-Completed | AN30: 0
A31: CR25-2.01 | B31: 008755-C-DICKERSON DISTRIBUTO | C31: Bonus - HVAC | E31: HVAC Bonus | G31: 1 | I31: 0 | J31: 0 | K31: 0 | L31: 100 | M31: COMHVACBNS2012 | N31: COM Both | O31: thm | P31: 0 | S31: 100 | U31: Lynden Sheet Metal, Inc. | V31: 45464 | AB31: Dickerson Distributors | AC31: Brian Farnsworth | AD31: DICKERSON DISTRIBUTORS INC | AE31: 1313 MEADOR AVE | AF31: Bellingham | AG31: 98229-5803 | AH31: Whatcom | AI31: Bellingham | AJ31: Zone 1 | AK31: 45713 | AL31: 504 | AM31: 7-Completed | AN31: 0
A32: CR25-2.01 | B32: 008755-C-DICKERSON DISTRIBUTO | C32: Furnaces | D32: Furnaces | E32: High-Efficiency Condensing Furnace | F32: Minimum 91% AFUE | G32: 120 | H32: /kBtu/hr in | I32: 13687 | J32: 132 | K32: 1.1 | L32: 720 | M32: COMFURNACE3-15-24 | N32: COM Standard | O32: thm | P32: 18 | Q32: 45366 | S32: 6 | T32: EFF 3-15-24 | U32: Lynden Sheet Metal, Inc. | V32: 45464 | W32: S9X1D120U5PSB | X32: 95 | Y32: Less than 85% | AB32: Dickerson Distributors | AC32: Brian Farnsworth | AD32: DICKERSON DISTRIBUTORS INC | AE32: 1313 MEADOR AVE | AF32: Bellingham | AG32: 98229-5803 | AH32: Whatcom | AI32: Bellingham | AJ32: Zone 1 | AK32: 45713 | AL32: 504 | AM32: 7-Completed | AN32: 0
A33: CR25-2.01 | B33: 008756-C-Sobor Latino LLC | C33: Insulation | D33: Insulation | E33: Attic Insulation | F33: Tier 2 / Minimum R-45 | G33: 1320 | H33: /sq.ft. | I33: 2784.86 | J33: 422.4 | K33: 0.32 | L33: 2784.86 | M33: COMIAT22-19-19 | N33: COM Standard | O33: thm | P33: 30 | Q33: 43515 | S33: 2.5 | T33: POST 2-19-19 | U33: Environmental Insulation & Contracting LLC | V33: 45643 | Z33: 0 | AA33: 49 | AB33: Scharbco Enterprises Corp. | AC33: Brian Farnsworth | AD33: Sobor Latino LLC | AE33: 5687 3RD AVE | AF33: Ferndale | AG33: 98248-8392 | AH33: Whatcom | AI33: Bellingham | AJ33: Zone 1 | AK33: 45713 | AL33: 504 | AM33: 7-Completed | AN33: 0
A34: CR25-2.01 | B34: 008754-C-CENTRAL LUTHERAN CHU | C34: Windows | D34: Windows | E34: Single pane to .30 or less (not LoadMAP's .50 to .22) per sq ft | F34: 0.30 or less U | G34: 593 | H34: /sq. ft. | I34: 13581 | J34: 289.21 | K34: 0.4877 | L34: 4447.5 | M34: COMWINDOWS-4-1-22 | N34: COM Standard | O34: thm | P34: 45 | Q34: 44652 | S34: 7.5 | T34: EFF 4-1-22 | U34: Central Valley Glass | V34: 45509 | AB34: Central Lutheran Church | AC34: Todd Blackman | AD34: CENTRAL LUTHERAN CHURCH | AE34: 1604 W YAKIMA AVE | AF34: Yakima | AG34: 98902-2953 | AH34: Yakima | AI34: Yakima | AJ34: Zone 3 | AK34: 45713.125 | AL34: 504 | AM34: 7-Completed | AN34: 0
A35: CR25-2.02 | B35: 008757-C-Riverside Health Clu | C35: Custom HVAC | D35: Custom | E35: Custom ERV HVAC | F35: Custom ERV HVAC | G35: 1 | H35: /unit | I35: 13440 | J35: 625 | L35: 2125 | M35: COMCUSTHVAC | N35: COM Custom | O35: thm | P35: 15 | S35: 0 | U35: Andgar Mechanical LLC | V35: 45646 | AB35: Riverside Health Club | AC35: Robert Cuti | AD35: Riverside Health Club | AE35: 2225 RIVERSIDE DR | AF35: Mount Vernon | AG35: 98273-5403 | AH35: Skagit | AI35: Mount Vernon | AJ35: Zone 1 | AK35: 45723 | AL35: 504 | AM35: 7-Completed | AN35: 0
A36: CR25-2.03 | B36: 008758-C-Prosser Boys and Gir | C36: Bonus - HVAC | E36: HVAC Bonus | G36: 1 | I36: 0 | J36: 0 | K36: 0 | L36: 100 | M36: COMHVACBNS2012 | N36: COM Both | O36: thm | P36: 0 | S36: 100 | U36: CaptiveAire Systems | V36: 45596 | AB36: Boys & Girls Clubs of Benton and Franklin Counties | AC36: Todd Blackman | AD36: Prosser Boys and Girls Club | AE36: 823 PARK AVE | AF36: Prosser | AG36: 99350-1264 | AH36: Benton | AI36: Yakima | AJ36: Zone 3 | AK36: 45723 | AL36: 504 | AM36: 7-Completed | AN36: 0
A37: CR25-2.03 | B37: 008758-C-Prosser Boys and Gir | C37: Furnaces | D37: Furnaces | E37: High-Efficiency Condensing Furnace | F37: Minimum 91% AFUE | G37: 57 | H37: /kBtu/hr in | I37: 4824.43 | J37: 62.7 | K37: 1.1 | L37: 342 | M37: COMFURNACE3-15-24 | N37: COM Standard | O37: thm | P37: 18 | Q37: 45366 | S37: 6 | T37: EFF 3-15-24 | U37: CaptiveAire Systems | V37: 45596 | W37: CaptiveAire D76D | X37: 92 | Y37: Less than 80% | AB37: Boys & Girls Clubs of Benton and Franklin Counties | AC37: Todd Blackman | AD37: Prosser Boys and Girls Club | AE37: 823 PARK AVE | AF37: Prosser | AG37: 99350-1264 | AH37: Benton | AI37: Yakima | AJ37: Zone 3 | AK37: 45723 | AL37: 504 | AM37: 7-Completed | AN37: 0
A38: CR25-3.01 | B38: 008759-C-Living Faith Victory | C38: Custom Insulation | D38: Custom | E38: Custom Insulation | F38: Custom Insulation | G38: 1 | H38: /unit | I38: 29984 | J38: 1120 | K38: 0 | L38: 8333 | M38: COMCUSTINS | N38: COM Custom | O38: thm | P38: 30 | S38: 0 | T38: 2" polyiso foam wall insulation | U38: Stephens & Sons Construction | V38: 45596 | AB38: Living Faith Victory Center | AC38: Todd Blackman | AD38: Living Faith Victory Center | AE38: 3414 Tieton Dr | AF38: Yakima | AG38: 98902 | AI38: Yakima | AJ38: Zone 3 | AK38: 45742 | AL38: 504 | AM38: 7-Completed | AN38: 0
A39: CR25-3.02 | B39: 008760-C-COMPLETE AUTOMOTIVE | C39: Insulation | D39: Insulation | E39: Attic Insulation | F39: Tier 2 / Minimum R-45 | G39: 2577 | H39: /sq.ft. | I39: 7245.16 | J39: 824.64 | K39: 0.32 | L39: 6442.5 | M39: COMIAT22-19-19 | N39: COM Standard | O39: thm | P39: 30 | Q39: 43515 | S39: 2.5 | T39: POST 2-19-19 | U39: Energy Pro Insulation | V39: 45673 | Z39: 0 | AA39: 49 | AB39: Energy Pro Insulation | AC39: Brian Farnsworth | AD39: COMPLETE AUTOMOTIVE REPAIR SER | AE39: 5640 BARRETT RD | AF39: Ferndale | AG39: 98248-9478 | AH39: Whatcom | AI39: Bellingham | AJ39: Zone 1 | AK39: 45897 | AL39: 504 | AM39: 7-Completed | AN39: 0
A40: CR25-3.02 | B40: 008761-C-Gale Physical Therap | C40: Insulation | D40: Insulation | E40: Attic Insulation | F40: Tier 2 / Minimum R-45 | G40: 6611 | H40: /sq.ft. | I40: 21491.58 | J40: 2115.52 | K40: 0.32 | L40: 16527.5 | M40: COMIAT22-19-19 | N40: COM Standard | O40: thm | P40: 30 | Q40: 43515 | S40: 2.5 | T40: POST 2-19-19 | U40: Energy Pro Insulation | V40: 45705 | Z40: 0 | AA40: 49 | AB40: Energy Pro Insulation | AC40: Todd Blackman | AD40: Gale Physical Therapy & Rehab | AE40: 7513 W KENNEWICK AVE | AF40: Kennewick | AG40: 99336-7764 | AH40: Benton | AI40: Kennewick | AJ40: Zone 3 | AK40: 45897 | AL40: 504 | AM40: 7-Completed | AN40: 0
A41: CR25-3.03 | B41: 008762-C-CITY OF KALAMA | C41: Bonus - HVAC | E41: HVAC Bonus | G41: 1 | I41: 0 | J41: 0 | K41: 0 | L41: 100 | M41: COMHVACBNS2012 | N41: COM Both | O41: thm | P41: 0 | S41: 100 | U41: Trotter & Morton Facility Service of PNW Inc | V41: 45638 | AB41: City of Kalama | AC41: Brian Farnsworth | AD41: CITY OF KALAMA | AE41: 195 N 1ST ST | AF41: Kalama | AG41: 98625 | AH41: Cowlitz | AI41: Longview | AJ41: Zone 2 | AK41: 45765 | AL41: 504 | AM41: 7-Completed | AN41: 0
A42: CR25-3.03 | B42: 008765-C-GRANDVIEW SCHOOL DIS | C42: Bonus - HVAC | E42: HVAC Bonus | G42: 1 | I42: 0 | J42: 0 | K42: 0 | L42: 100 | M42: COMHVACBNS2012 | N42: COM Both | O42: thm | P42: 0 | S42: 100 | U42: California Hydronics Corporation | V42: 45727 | AB42: Grandview School District | AC42: Todd Blackman | AD42: GRANDVIEW SCHOOL DISTRICT | AE42: 205 FIR ST | AF42: Grandview | AG42: 98930-1340 | AH42: Yakima | AI42: Yakima | AJ42: Zone 3 | AK42: 45765 | AL42: 504 | AM42: 7-Completed | AN42: 0
A43: CR25-3.03 | B43: 008765-C-GRANDVIEW SCHOOL DIS | C43: Bonus - HVAC | E43: HVAC Bonus | G43: 1 | I43: 0 | J43: 0 | K43: 0 | L43: 100 | M43: COMHVACBNS2012 | N43: COM Both | O43: thm | P43: 0 | S43: 100 | U43: California Hydronics Corporation | V43: 45727 | AB43: Grandview School District | AC43: Todd Blackman | AD43: GRANDVIEW SCHOOL DISTRICT | AE43: 205 FIR ST | AF43: Grandview | AG43: 98930-1340 | AH43: Yakima | AI43: Yakima | AJ43: Zone 3 | AK43: 45765 | AL43: 504 | AM43: 7-Completed | AN43: 0
A44: CR25-3.03 | B44: 008766-C-Jersey Mikes Subs | C44: Bonus - HVAC | E44: HVAC Bonus | G44: 1 | I44: 0 | J44: 0 | K44: 0 | L44: 100 | M44: COMHVACBNS2012 | N44: COM Both | O44: thm | P44: 0 | S44: 100 | U44: FKG Equipment | V44: 45730 | AB44: Jersey Mikes | AC44: Todd Blackman | AD44: Jersey Mikes Subs | AE44: 1717 SE Meadowbrook Blvd | AF44: College Place | AG44: 99324 | AH44: Walla Walla | AI44: Walla Walla | AJ44: Zone 3 | AK44: 45765.125 | AM44: 7-Completed | AN44: 0
A45: CR25-3.03 | B45: 008762-C-CITY OF KALAMA | C45: Furnaces | D45: Furnaces | E45: High-Efficiency Condensing Furnace | F45: Minimum 91% AFUE | G45: 112 | H45: /kBtu/hr in | I45: 22739 | J45: 123.2 | K45: 1.1 | L45: 672 | M45: COMFURNACE3-15-24 | N45: COM Standard | O45: thm | P45: 18 | Q45: 45366 | S45: 6 | T45: EFF 3-15-24 | U45: Trotter & Morton Facility Service of PNW Inc | V45: 45638 | W45: Ruud R951T1155A24M4 | X45: 95 | Y45: Less than 80% | AB45: City of Kalama | AC45: Brian Farnsworth | AD45: CITY OF KALAMA | AE45: 195 N 1ST ST | AF45: Kalama | AG45: 98625 | AH45: Cowlitz | AI45: Longview | AJ45: Zone 2 | AK45: 45765 | AL45: 504 | AM45: 7-Completed | AN45: 0
A46: CR25-3.03 | B46: 008766-C-Jersey Mikes Subs | C46: Furnaces | D46: Furnaces | E46: High-Efficiency Condensing Furnace | F46: Minimum 91% AFUE | G46: 45 | H46: /kBtu/hr in | I46: 19226.25 | J46: 49.5 | K46: 1.1 | L46: 270 | M46: COMFURNACE3-15-24 | N46: COM Standard | O46: thm | P46: 18 | Q46: 45366 | S46: 6 | T46: EFF 3-15-24 | U46: FKG Equipment | V46: 45730 | W46: CaptiveAire D76 | AB46: Jersey Mikes | AC46: Todd Blackman | AD46: Jersey Mikes Subs | AE46: 1717 SE Meadowbrook Blvd | AF46: College Place | AG46: 99324 | AH46: Walla Walla | AI46: Walla Walla | AJ46: Zone 3 | AK46: 45765.125 | AM46: 7-Completed | AN46: 0
A47: CR25-3.03 | B47: 008766-C-Jersey Mikes Subs | C47: Water Heaters | D47: Domestic Hot Water | E47: Energy Star | F47: Minimum .93 Energy Factor | G47: 6 | H47: /gpm | I47: 2634.5 | J47: 228 | K47: 38 | L47: 900 | M47: COMTANKLESST22-19-19 | N47: COM Standard | O47: thm | P47: 20 | Q47: 43515 | S47: 150 | T47: POST 2-19-19 | U47: FKG Equipment | V47: 45730 | W47: Rinnai CXP199i | X47: 98 | AB47: Jersey Mikes | AC47: Todd Blackman | AD47: Jersey Mikes Subs | AE47: 1717 SE Meadowbrook Blvd | AF47: College Place | AG47: 99324 | AH47: Walla Walla | AI47: Walla Walla | AJ47: Zone 3 | AK47: 45765.125 | AM47: 7-Completed | AN47: 0
A48: CR25-3.03 | B48: 008765-C-GRANDVIEW SCHOOL DIS | C48: Boilers | D48: Boilers | E48: High-Efficiency-Condensing Boiler | F48: Minimum 94% Thermal Efficiency and 300 kBtu/hr input | G48: 1500 | H48: /kBtu/hr in | I48: 39700 | J48: 3150 | K48: 2.1 | L48: 15375 | M48: COMBOILERS-3-15-24 | N48: COM Standard | O48: thm | P48: 25 | Q48: 45366 | S48: 10.25 | T48: EFF 3-15-24 | U48: California Hydronics Corporation | V48: 45727 | W48: Lochinvar FBN1501 | X48: 96 | Y48: Less than 81% | AB48: Grandview School District | AC48: Todd Blackman | AD48: GRANDVIEW SCHOOL DISTRICT | AE48: 205 FIR ST | AF48: Grandview | AG48: 98930-1340 | AH48: Yakima | AI48: Yakima | AJ48: Zone 3 | AK48: 45765 | AL48: 504 | AM48: 7-Completed | AN48: 0
A49: CR25-3.03 | B49: 008765-C-GRANDVIEW SCHOOL DIS | C49: Boilers | D49: Boilers | E49: High-Efficiency-Condensing Boiler | F49: Minimum 94% Thermal Efficiency and 300 kBtu/hr input | G49: 1500 | H49: /kBtu/hr in | I49: 39700 | J49: 3150 | K49: 2.1 | L49: 15375 | M49: COMBOILERS-3-15-24 | N49: COM Standard | O49: thm | P49: 25 | Q49: 45366 | S49: 10.25 | T49: EFF 3-15-24 | U49: California Hydronics Corporation | V49: 45727 | W49: Lochinvar FBN1501 | X49: 96 | Y49: Less than 81% | AB49: Grandview School District | AC49: Todd Blackman | AD49: GRANDVIEW SCHOOL DISTRICT | AE49: 205 FIR ST | AF49: Grandview | AG49: 98930-1340 | AH49: Yakima | AI49: Yakima | AJ49: Zone 3 | AK49: 45765 | AL49: 504 | AM49: 7-Completed | AN49: 0
A50: CR25-3.03 | B50: 008762-C-CITY OF KALAMA | C50: Insulation | D50: Insulation | E50: Wall Insulation | F50: Tier 2 / Minimum R-19 | G50: 1325 | H50: /sq. ft. | I50: 14973 | J50: 251.75 | K50: 0.19 | L50: 2650 | M50: COMIWT2-4-1-22 | N50: COM Standard | O50: thm | P50: 30 | Q50: 44652 | S50: 2 | T50: EFF 4-1-22 | U50: Colf Construction | V50: 45626 | Z50: 0 | AA50: 19 | AB50: City of Kalama | AC50: Brian Farnsworth | AD50: CITY OF KALAMA | AE50: 195 N 1ST ST | AF50: Kalama | AG50: 98625 | AH50: Cowlitz | AI50: Longview | AJ50: Zone 2 | AK50: 45765 | AL50: 504 | AM50: 7-Completed | AN50: 0
A51: CR25-3.03 | B51: 008762-C-CITY OF KALAMA | C51: Windows | D51: Windows | E51: Single pane to .30 or less (not LoadMAP's .50 to .22) per sq ft | F51: 0.30 or less U | G51: 583.13 | H51: /sq. ft. | I51: 80660 | J51: 284.39 | K51: 0.4877 | L51: 4373.48 | M51: COMWINDOWS-4-1-22 | N51: COM Standard | O51: thm | P51: 45 | Q51: 44652 | S51: 7.5 | T51: EFF 4-1-22 | U51: Colf Construction | V51: 45626 | AB51: City of Kalama | AC51: Brian Farnsworth | AD51: CITY OF KALAMA | AE51: 195 N 1ST ST | AF51: Kalama | AG51: 98625 | AH51: Cowlitz | AI51: Longview | AJ51: Zone 2 | AK51: 45765 | AL51: 504 | AM51: 7-Completed | AN51: 0
A52: CR25-4.01 | B52: 008763-C-BELLINGHAM SCHOOL DI | C52: Bonus - HVAC | E52: HVAC Bonus | G52: 1 | I52: 0 | J52: 0 | K52: 0 | L52: 100 | M52: COMHVACBNS2012 | N52: COM Both | O52: thm | P52: 0 | S52: 100 | U52: Acco Engineered Systems, Inc | V52: 45519 | AB52: Bellingham School District | AC52: Brian Farnsworth | AD52: BELLINGHAM SCHOOL DISTRICT | AE52: 2020 CORNWALL AVE (B.H.S.) | AF52: Bellingham | AG52: 98225 | AH52: Whatcom | AI52: Bellingham | AJ52: Zone 1 | AK52: 45775 | AL52: 504 | AM52: 7-Completed | AN52: 0
A53: CR25-4.01 | B53: 008763-C-BELLINGHAM SCHOOL DI | C53: Bonus - HVAC | E53: HVAC Bonus | G53: 1 | I53: 0 | J53: 0 | K53: 0 | L53: 100 | M53: COMHVACBNS2012 | N53: COM Both | O53: thm | P53: 0 | S53: 100 | U53: Acco Engineered Systems, Inc | V53: 45519 | AB53: Bellingham School District | AC53: Brian Farnsworth | AD53: BELLINGHAM SCHOOL DISTRICT | AE53: 2020 CORNWALL AVE (B.H.S.) | AF53: Bellingham | AG53: 98225 | AH53: Whatcom | AI53: Bellingham | AJ53: Zone 1 | AK53: 45775 | AL53: 504 | AM53: 7-Completed | AN53: 0
A54: CR25-4.01 | B54: 008763-C-BELLINGHAM SCHOOL DI | C54: Bonus - HVAC | E54: HVAC Bonus | G54: 1 | I54: 0 | J54: 0 | K54: 0 | L54: 100 | M54: COMHVACBNS2012 | N54: COM Both | O54: thm | P54: 0 | S54: 100 | U54: Acco Engineered Systems, Inc | V54: 45519 | AB54: Bellingham School District | AC54: Brian Farnsworth | AD54: BELLINGHAM SCHOOL DISTRICT | AE54: 2020 CORNWALL AVE (B.H.S.) | AF54: Bellingham | AG54: 98225 | AH54: Whatcom | AI54: Bellingham | AJ54: Zone 1 | AK54: 45775 | AL54: 504 | AM54: 7-Completed | AN54: 0
A55: CR25-4.01 | B55: 008763-C-BELLINGHAM SCHOOL DI | C55: Bonus - HVAC | E55: HVAC Bonus | G55: 1 | I55: 0 | J55: 0 | K55: 0 | L55: 100 | M55: COMHVACBNS2012 | N55: COM Both | O55: thm | P55: 0 | S55: 100 | U55: Acco Engineered Systems, Inc | V55: 45519 | AB55: Bellingham School District | AC55: Brian Farnsworth | AD55: BELLINGHAM SCHOOL DISTRICT | AE55: 2020 CORNWALL AVE (B.H.S.) | AF55: Bellingham | AG55: 98225 | AH55: Whatcom | AI55: Bellingham | AJ55: Zone 1 | AK55: 45775 | AL55: 504 | AM55: 7-Completed | AN55: 0
A56: CR25-4.01 | B56: 008763-C-BELLINGHAM SCHOOL DI | C56: Boilers | D56: Boilers | E56: High-Efficiency-Condensing Boiler | F56: Minimum 94% Thermal Efficiency and 300 kBtu/hr input | G56: 2000 | H56: /kBtu/hr in | I56: 110950 | J56: 4200 | K56: 2.1 | L56: 20500 | M56: COMBOILERS-3-15-24 | N56: COM Standard | O56: thm | P56: 25 | Q56: 45366 | S56: 10.25 | T56: EFF 3-15-24 | U56: Acco Engineered Systems, Inc | V56: 45519 | W56: Aerco BMK2000 | X56: 94.6 | Y56: Less than 80% | AB56: Bellingham School District | AC56: Brian Farnsworth | AD56: BELLINGHAM SCHOOL DISTRICT | AE56: 2020 CORNWALL AVE (B.H.S.) | AF56: Bellingham | AG56: 98225 | AH56: Whatcom | AI56: Bellingham | AJ56: Zone 1 | AK56: 45775 | AL56: 504 | AM56: 7-Completed | AN56: 0
A57: CR25-4.01 | B57: 008763-C-BELLINGHAM SCHOOL DI | C57: Boilers | D57: Boilers | E57: High-Efficiency-Condensing Boiler | F57: Minimum 94% Thermal Efficiency and 300 kBtu/hr input | G57: 2000 | H57: /kBtu/hr in | I57: 110950 | J57: 4200 | K57: 2.1 | L57: 20500 | M57: COMBOILERS-3-15-24 | N57: COM Standard | O57: thm | P57: 25 | Q57: 45366 | S57: 10.25 | T57: EFF 3-15-24 | U57: Acco Engineered Systems, Inc | V57: 45519 | W57: Aerco BMK2000 | X57: 94.6 | Y57: Less than 80% | AB57: Bellingham School District | AC57: Brian Farnsworth | AD57: BELLINGHAM SCHOOL DISTRICT | AE57: 2020 CORNWALL AVE (B.H.S.) | AF57: Bellingham | AG57: 98225 | AH57: Whatcom | AI57: Bellingham | AJ57: Zone 1 | AK57: 45775 | AL57: 504 | AM57: 7-Completed | AN57: 0
A58: CR25-4.01 | B58: 008763-C-BELLINGHAM SCHOOL DI | C58: Boilers | D58: Boilers | E58: High-Efficiency-Condensing Boiler | F58: Minimum 94% Thermal Efficiency and 300 kBtu/hr input | G58: 2000 | H58: /kBtu/hr in | I58: 110950 | J58: 4200 | K58: 2.1 | L58: 20500 | M58: COMBOILERS-3-15-24 | N58: COM Standard | O58: thm | P58: 25 | Q58: 45366 | S58: 10.25 | T58: EFF 3-15-24 | U58: Acco Engineered Systems, Inc | V58: 45519 | W58: Aerco BMK2000 | X58: 94.6 | Y58: Less than 80% | AB58: Bellingham School District | AC58: Brian Farnsworth | AD58: BELLINGHAM SCHOOL DISTRICT | AE58: 2020 CORNWALL AVE (B.H.S.) | AF58: Bellingham | AG58: 98225 | AH58: Whatcom | AI58: Bellingham | AJ58: Zone 1 | AK58: 45775 | AL58: 504 | AM58: 7-Completed | AN58: 0
A59: CR25-4.01 | B59: 008763-C-BELLINGHAM SCHOOL DI | C59: Boilers | D59: Boilers | E59: High-Efficiency-Condensing Boiler | F59: Minimum 94% Thermal Efficiency and 300 kBtu/hr input | G59: 2000 | H59: /kBtu/hr in | I59: 110950 | J59: 4200 | K59: 2.1 | L59: 20500 | M59: COMBOILERS-3-15-24 | N59: COM Standard | O59: thm | P59: 25 | Q59: 45366 | S59: 10.25 | T59: EFF 3-15-24 | U59: Acco Engineered Systems, Inc | V59: 45519 | W59: Aerco BMK2000 | X59: 94.6 | Y59: Less than 80% | AB59: Bellingham School District | AC59: Brian Farnsworth | AD59: BELLINGHAM SCHOOL DISTRICT | AE59: 2020 CORNWALL AVE (B.H.S.) | AF59: Bellingham | AG59: 98225 | AH59: Whatcom | AI59: Bellingham | AJ59: Zone 1 | AK59: 45775 | AL59: 504 | AM59: 7-Completed | AN59: 0
A60: CR25-4.02 | B60: 008767-C-Apostolic Assembly o | C60: Bonus A - Insulation | D60: Bonus A - Insulation | E60: Insulation Bundle A | F60: Two Insulation Measures, min. 1000 sq. ft.+ | G60: 1 | H60: /unit | I60: 0 | J60: 0 | L60: 500 | M60: COMINSBNDL-7-17 | N60: COM Both | O60: thm | P60: 0 | S60: 500 | U60: Alex's Quality Maintenance Properties LLC | V60: 45637 | AA60: 0 | AB60: Apostolic Assembly of the Faith in Christ Jesus | AC60: Todd Blackman | AD60: Apostolic Assembly of the Faith in Christ Jesus | AE60: 428 CEDAR ST | AF60: Walla Walla | AG60: 99362-2245 | AI60: Walla Walla | AJ60: Zone 3 | AK60: 45789 | AL60: 504 | AM60: 7-Completed | AN60: 0
A61: CR25-4.02 | B61: 008764-C-Creative Avenue LLC | C61: Insulation | D61: Insulation | E61: Attic Insulation | F61: Tier 2 / Minimum R-45 | G61: 4435 | H61: /sq.ft. | I61: 13047.3 | J61: 1419.2 | K61: 0.32 | L61: 11087.5 | M61: COMIAT22-19-19 | N61: COM Standard | O61: thm | P61: 30 | Q61: 43515 | S61: 2.5 | T61: POST 2-19-19 | U61: A&Z Insulation | V61: 45730 | Z61: 0 | AA61: 49 | AB61: A&Z Insulation | AC61: Brian Farnsworth | AD61: Creative Avenue LLC | AE61: 501 Commercial Ave | AF61: Anacortes | AG61: 98221 | AH61: Skagit | AI61: Mount Vernon | AJ61: Zone 1 | AK61: 45789 | AL61: 504 | AM61: 7-Completed | AN61: 0
A62: CR25-4.02 | B62: 008767-C-Apostolic Assembly o | C62: Insulation | D62: Insulation | E62: Attic Insulation | F62: Tier 2 / Minimum R-45 | G62: 2520 | H62: /sq.ft. | I62: 8171.17 | J62: 806.4 | K62: 0.32 | L62: 6300 | M62: COMIAT22-19-19 | N62: COM Standard | O62: thm | P62: 30 | Q62: 43515 | S62: 2.5 | T62: POST 2-19-19 | U62: Alex's Quality Maintenance Properties LLC | V62: 45637 | Z62: 0 | AA62: 60 | AB62: Apostolic Assembly of the Faith in Christ Jesus | AC62: Todd Blackman | AD62: Apostolic Assembly of the Faith in Christ Jesus | AE62: 428 CEDAR ST | AF62: Walla Walla | AG62: 99362-2245 | AI62: Walla Walla | AJ62: Zone 3 | AK62: 45789 | AL62: 504 | AM62: 7-Completed | AN62: 0
A63: CR25-4.02 | B63: 008767-C-Apostolic Assembly o | C63: Insulation | D63: Insulation | E63: Wall Insulation | F63: Tier 2 / Minimum R-19 | G63: 150 | H63: /sq. ft. | I63: 486.38 | J63: 28.5 | K63: 0.19 | L63: 300 | M63: COMIWT2-4-1-22 | N63: COM Standard | O63: thm | P63: 30 | Q63: 44652 | S63: 2 | T63: EFF 4-1-22 | U63: Alex's Quality Maintenance Properties LLC | V63: 45637 | Z63: 0 | AA63: 21 | AB63: Apostolic Assembly of the Faith in Christ Jesus | AC63: Todd Blackman | AD63: Apostolic Assembly of the Faith in Christ Jesus | AE63: 428 CEDAR ST | AF63: Walla Walla | AG63: 99362-2245 | AI63: Walla Walla | AJ63: Zone 3 | AK63: 45789 | AL63: 504 | AM63: 7-Completed | AN63: 0
A64: CR25-4.02 | B64: 008768-C-The Emerald of Siam | C64: Windows | D64: Windows | E64: Single pane to .30 or less (not LoadMAP's .50 to .22) per sq ft | F64: 0.30 or less U | G64: 239.33 | H64: /sq. ft. | I64: 21685 | J64: 116.72 | K64: 0.4877 | L64: 1794.98 | M64: COMWINDOWS-4-1-22 | N64: COM Standard | O64: thm | P64: 45 | Q64: 44652 | S64: 7.5 | T64: EFF 4-1-22 | U64: Perfection Glass | V64: 45710 | AB64: Emerald of Siam | AC64: Todd Blackman | AD64: The Emerald of Siam | AE64: 1314 JADWIN AVE | AF64: Richland | AG64: 99354-3404 | AH64: Benton | AI64: Kennewick | AJ64: Zone 3 | AK64: 45789 | AL64: 504 | AM64: 7-Completed | AN64: 0
A65: CR25-4.03 | B65: 008769-C-BELLINGHAM SCHOOL DI | C65: Bonus - HVAC | E65: HVAC Bonus | G65: 1 | I65: 0 | J65: 0 | K65: 0 | L65: 100 | M65: COMHVACBNS2012 | N65: COM Both | O65: thm | P65: 0 | S65: 100 | U65: Acco Engineered Systems, Inc | V65: 45474 | AB65: Bellingham School District | AC65: Brian Farnsworth | AD65: BELLINGHAM SCHOOL DISTRICT | AE65: 2717 ALDERWOOD AVE (Shuksan) | AF65: Bellingham | AG65: 98226 | AH65: Whatcom | AI65: Bellingham | AJ65: Zone 1 | AK65: 45842 | AL65: 504 | AM65: 7-Completed | AN65: 0
A66: CR25-4.03 | B66: 008769-C-BELLINGHAM SCHOOL DI | C66: Bonus - HVAC | E66: HVAC Bonus | G66: 1 | I66: 0 | J66: 0 | K66: 0 | L66: 100 | M66: COMHVACBNS2012 | N66: COM Both | O66: thm | P66: 0 | S66: 100 | U66: Acco Engineered Systems, Inc | V66: 45474 | AB66: Bellingham School District | AC66: Brian Farnsworth | AD66: BELLINGHAM SCHOOL DISTRICT | AE66: 2717 ALDERWOOD AVE (Shuksan) | AF66: Bellingham | AG66: 98226 | AH66: Whatcom | AI66: Bellingham | AJ66: Zone 1 | AK66: 45842 | AL66: 504 | AM66: 7-Completed | AN66: 0
A67: CR25-4.03 | B67: 008769-C-BELLINGHAM SCHOOL DI | C67: Bonus - HVAC | E67: HVAC Bonus | G67: 1 | I67: 0 | J67: 0 | K67: 0 | L67: 100 | M67: COMHVACBNS2012 | N67: COM Both | O67: thm | P67: 0 | S67: 100 | U67: Acco Engineered Systems, Inc | V67: 45474 | AB67: Bellingham School District | AC67: Brian Farnsworth | AD67: BELLINGHAM SCHOOL DISTRICT | AE67: 2717 ALDERWOOD AVE (Shuksan) | AF67: Bellingham | AG67: 98226 | AH67: Whatcom | AI67: Bellingham | AJ67: Zone 1 | AK67: 45842 | AL67: 504 | AM67: 7-Completed | AN67: 0
A68: CR25-4.03 | B68: 008769-C-BELLINGHAM SCHOOL DI | C68: Boilers | D68: Boilers | E68: High-Efficiency-Condensing Boiler | F68: Minimum 94% Thermal Efficiency and 300 kBtu/hr input | G68: 2000 | H68: /kBtu/hr in | I68: 126932 | J68: 4200 | K68: 2.1 | L68: 20500 | M68: COMBOILERS-3-15-24 | N68: COM Standard | O68: thm | P68: 25 | Q68: 45366 | S68: 10.25 | T68: EFF 3-15-24 | U68: Acco Engineered Systems, Inc | V68: 45474 | W68: Aerco BMK2000 | X68: 94 | Y68: Less than 85% | AB68: Bellingham School District | AC68: Brian Farnsworth | AD68: BELLINGHAM SCHOOL DISTRICT | AE68: 2717 ALDERWOOD AVE (Shuksan) | AF68: Bellingham | AG68: 98226 | AH68: Whatcom | AI68: Bellingham | AJ68: Zone 1 | AK68: 45842 | AL68: 504 | AM68: 7-Completed | AN68: 0
A69: CR25-4.03 | B69: 008769-C-BELLINGHAM SCHOOL DI | C69: Boilers | D69: Boilers | E69: High-Efficiency-Condensing Boiler | F69: Minimum 94% Thermal Efficiency and 300 kBtu/hr input | G69: 2000 | H69: /kBtu/hr in | I69: 126932 | J69: 4200 | K69: 2.1 | L69: 20500 | M69: COMBOILERS-3-15-24 | N69: COM Standard | O69: thm | P69: 25 | Q69: 45366 | S69: 10.25 | T69: EFF 3-15-24 | U69: Acco Engineered Systems, Inc | V69: 45474 | W69: Aerco BMK2000 | X69: 94 | Y69: Less than 85% | AB69: Bellingham School District | AC69: Brian Farnsworth | AD69: BELLINGHAM SCHOOL DISTRICT | AE69: 2717 ALDERWOOD AVE (Shuksan) | AF69: Bellingham | AG69: 98226 | AH69: Whatcom | AI69: Bellingham | AJ69: Zone 1 | AK69: 45842 | AL69: 504 | AM69: 7-Completed | AN69: 0
A70: CR25-4.03 | B70: 008769-C-BELLINGHAM SCHOOL DI | C70: Boilers | D70: Boilers | E70: High-Efficiency-Condensing Boiler | F70: Minimum 94% Thermal Efficiency and 300 kBtu/hr input | G70: 2000 | H70: /kBtu/hr in | I70: 126932 | J70: 4200 | K70: 2.1 | L70: 20500 | M70: COMBOILERS-3-15-24 | N70: COM Standard | O70: thm | P70: 25 | Q70: 45366 | S70: 10.25 | T70: EFF 3-15-24 | U70: Acco Engineered Systems, Inc | V70: 45474 | W70: Aerco BMK2000 | X70: 94 | Y70: Less than 85% | AB70: Bellingham School District | AC70: Brian Farnsworth | AD70: BELLINGHAM SCHOOL DISTRICT | AE70: 2717 ALDERWOOD AVE (Shuksan) | AF70: Bellingham | AG70: 98226 | AH70: Whatcom | AI70: Bellingham | AJ70: Zone 1 | AK70: 45842 | AL70: 504 | AM70: 7-Completed | AN70: 0
A71: CR25-5.01 | B71: 008770-C-SKAGIT ADVENTIST SCH | C71: Bonus - HVAC | E71: HVAC Bonus | G71: 1 | I71: 0 | J71: 0 | K71: 0 | L71: 100 | M71: COMHVACBNS2012 | N71: COM Both | O71: thm | P71: 0 | S71: 100 | U71: Hydro Mechanical Inc. | V71: 45715 | AB71: Skagit Adventist School | AC71: Brian Farnsworth | AD71: SKAGIT ADVENTIST SCHOOL | AE71: 530 N SECTION ST | AF71: Burlington | AG71: 98233-1568 | AH71: Skagit | AI71: Mount Vernon | AJ71: Zone 1 | AK71: 45819 | AL71: 504 | AM71: 7-Completed | AN71: 0
A72: CR25-5.01 | B72: 008770-C-SKAGIT ADVENTIST SCH | C72: Furnaces | D72: Furnaces | E72: High-Efficiency Condensing Furnace | F72: Minimum 91% AFUE | G72: 100 | H72: /kBtu/hr in | I72: 5735 | J72: 110 | K72: 1.1 | L72: 600 | M72: COMFURNACE3-15-24 | N72: COM Standard | O72: thm | P72: 18 | Q72: 45366 | S72: 6 | T72: EFF 3-15-24 | U72: Hydro Mechanical Inc. | V72: 45715 | W72: Evcon RG19100C16MPS1 | X72: 96 | Y72: Less than 60% | AB72: Skagit Adventist School | AC72: Brian Farnsworth | AD72: SKAGIT ADVENTIST SCHOOL | AE72: 530 N SECTION ST | AF72: Burlington | AG72: 98233-1568 | AH72: Skagit | AI72: Mount Vernon | AJ72: Zone 1 | AK72: 45819 | AL72: 504 | AM72: 7-Completed | AN72: 0
A73: CR25-5.01 | B73: 008771-C-Uptown Antiques Mark | C73: Insulation | D73: Insulation | E73: Attic Insulation | F73: Tier 2 / Minimum R-45 | G73: 5195 | H73: /sq.ft. | I73: 10397.69 | J73: 1662.4 | K73: 0.32 | L73: 10397.69 | M73: COMIAT22-19-19 | N73: COM Standard | O73: thm | P73: 30 | Q73: 43515 | S73: 2.5 | T73: POST 2-19-19 | U73: A+ Quality Insulation Inc | V73: 45751 | Z73: 0 | AA73: 49 | AB73: Uptown Antiques Market | AC73: Todd Blackman | AD73: Uptown Antiques Market | AE73: 1365 GEORGE WASHINGTON WAY | AF73: Richland | AG73: 99354-3401 | AH73: Benton | AI73: Kennewick | AJ73: Zone 3 | AK73: 45819 | AL73: 504 | AM73: 7-Completed | AN73: 0
A74: CR25-5.02 | B74: 008774-C-Megalodon LLC | C74: Insulation | D74: Insulation | E74: Attic Insulation | F74: Tier 1 / Minimum R-30 | G74: 49446 | H74: /sq.ft. | I74: 122027.85 | J74: 15328.26 | K74: 0.31 | L74: 98892 | M74: COMIAT12-19-19 | N74: COM Standard | O74: thm | P74: 30 | Q74: 43515 | S74: 2 | T74: POST 2-19-19 | U74: Don Jordan Energy Systems Inc | V74: 45792 | Z74: 0 | AA74: 36 | AB74: Megalodon LLC | AC74: Todd Blackman | AD74: Megalodon LLC | AE74: 503 Keys Rd Unit E | AF74: Yakima | AG74: 98901 | AI74: Yakima | AJ74: Zone 3 | AK74: 45842 | AL74: 504 | AM74: 7-Completed | AN74: 0
A75: CR25-5.03 | B75: 008775-C-Megalodon LLC | C75: Insulation | D75: Insulation | E75: Attic Insulation | F75: Tier 1 / Minimum R-30 | G75: 49200 | H75: /sq.ft. | I75: 118541.34 | J75: 15252 | K75: 0.31 | L75: 98400 | M75: COMIAT12-19-19 | N75: COM Standard | O75: thm | P75: 30 | Q75: 43515 | S75: 2 | T75: POST 2-19-19 | U75: Don Jordan Energy Systems Inc | V75: 45728 | Z75: 0 | AA75: 36 | AB75: Megalodon LLC | AC75: Todd Blackman | AD75: Megalodon LLC | AE75: 503 Keys Rd Unit F | AF75: Yakima | AG75: 98901 | AI75: Yakima | AJ75: Zone 3 | AK75: 45860 | AL75: 504 | AM75: 7-Completed | AN75: 0
A76: CR25-5.04 | B76: 008772-C-Ashram LLC | C76: Insulation | D76: Insulation | E76: Attic Insulation | F76: Tier 2 / Minimum R-45 | G76: 2880 | H76: /sq.ft. | I76: 6998.02 | J76: 921.6 | K76: 0.32 | L76: 6998.02 | M76: COMIAT22-19-19 | N76: COM Standard | O76: thm | P76: 30 | Q76: 43515 | S76: 2.5 | T76: POST 2-19-19 | U76: General Plus Insulation, LLC & Gutters | V76: 45771 | Z76: 0 | AA76: 49 | AB76: Ashram LLC | AC76: Brian Farnsworth | AD76: Ashram LLC | AE76: 601 S 1st St | AF76: Mount Vernon | AG76: 98274 | AI76: Mount Vernon | AJ76: Zone 1 | AK76: 45842 | AL76: 504 | AM76: 7-Completed | AN76: 0
A77: CR25-5.04 | B77: 008776-C-1ST CHURCH OF CHRIST | C77: Insulation | D77: Insulation | E77: Floor Insulation | F77: Equal to or greater than R-30 Post and equal to or less than R-11 Pre | G77: 6730 | H77: /sq. ft. | I77: 10800 | J77: 376.88 | K77: 0.056 | L77: 8412.5 | M77: COMFLOORINS-4-1-22 | N77: COM Standard | O77: thm | P77: 30 | Q77: 44652 | S77: 1.25 | T77: EFF 4-1-22 | U77: Coast Insulation | V77: 45775 | Z77: 0 | AA77: 30 | AB77: First Church of Christ Scientist | AC77: Brian Farnsworth | AD77: 1ST CHURCH OF CHRIST SCIENCE | AE77: 2700 LAKEWAY DR | AF77: Bellingham | AG77: 98229-2323 | AH77: Whatcom | AI77: Bellingham | AJ77: Zone 1 | AK77: 45842 | AL77: 504 | AM77: 7-Completed | AN77: 0
A78: CR25-6.01 | B78: 008778-C-NOOKSACK ANIMAL HOSP | C78: Bonus - HVAC | E78: HVAC Bonus | G78: 1 | I78: 0 | J78: 0 | K78: 0 | L78: 100 | M78: COMHVACBNS2012 | N78: COM Both | O78: thm | P78: 0 | S78: 100 | U78: Lynden Sheet Metal, Inc. | V78: 45806 | AB78: Nooksack Animal Hospital | AC78: Brian Farnsworth | AD78: NOOKSACK ANIMAL HOSPITAL | AE78: 302 W COLUMBIA ST | AF78: Nooksack | AG78: 98276 | AH78: Whatcom | AI78: Bellingham | AJ78: Zone 1 | AK78: 45842 | AL78: 504 | AM78: 7-Completed | AN78: 0
A79: CR25-6.01 | B79: 008778-C-NOOKSACK ANIMAL HOSP | C79: Furnaces | D79: Furnaces | E79: High-Efficiency Condensing Furnace | F79: Minimum 91% AFUE | G79: 60 | H79: /kBtu/hr in | I79: 9571 | J79: 66 | K79: 1.1 | L79: 360 | M79: COMFURNACE3-15-24 | N79: COM Standard | O79: thm | P79: 18 | Q79: 45366 | S79: 6 | T79: EFF 3-15-24 | U79: Lynden Sheet Metal, Inc. | V79: 45806 | W79: AS S9X1B060D3PSB | X79: 96 | AB79: Nooksack Animal Hospital | AC79: Brian Farnsworth | AD79: NOOKSACK ANIMAL HOSPITAL | AE79: 302 W COLUMBIA ST | AF79: Nooksack | AG79: 98276 | AH79: Whatcom | AI79: Bellingham | AJ79: Zone 1 | AK79: 45842 | AL79: 504 | AM79: 7-Completed | AN79: 0
A80: CR25-6.01 | B80: 008773-C-BURLINGTON DENTAL GR | C80: Insulation | D80: Insulation | E80: Floor Insulation | F80: Equal to or greater than R-30 Post and equal to or less than R-11 Pre | G80: 5831 | H80: /sq. ft. | I80: 8716.25 | J80: 326.54 | K80: 0.056 | L80: 7288.75 | M80: COMFLOORINS-4-1-22 | N80: COM Standard | O80: thm | P80: 30 | Q80: 44652 | S80: 1.25 | T80: EFF 4-1-22 | U80: A&G Active Insulation | V80: 45733 | Z80: 0 | AA80: 30 | AB80: A&G Active Insulation LLC | AC80: Brian Farnsworth | AD80: BURLINGTON DENTAL GROUP | AE80: 205 W FAIRHAVEN AVE | AF80: Burlington | AG80: 98233-1062 | AH80: Skagit | AI80: Mount Vernon | AJ80: Zone 1 | AK80: 45842 | AL80: 504 | AM80: 7-Completed | AN80: 0
A81: CR25-6.01 | B81: 008777-C-RSS HOLDINGS | C81: Insulation | D81: Insulation | E81: Roof Insulation | F81: Tier 2 / Minimum R-30 | G81: 2400 | H81: /sq.ft. | I81: 43271 | J81: 864 | K81: 0.36 | L81: 4800 | M81: COMIRT2-4-1-22 | N81: COM Standard | O81: thm | P81: 30 | Q81: 44652 | S81: 2 | T81: EFF 4-1-22 | U81: Axiom Roofing Co | V81: 45802 | Z81: 0 | AA81: 38 | AB81: RSS Holdings | AC81: Brian Farnsworth | AD81: RSS HOLDINGS | AE81: 1899 KOK RD | AF81: Lynden | AG81: 98264-1709 | AH81: Whatcom | AI81: Bellingham | AJ81: Zone 1 | AK81: 45842 | AL81: 504 | AM81: 7-Completed | AN81: 0
A82: CR25-6.01 | B82: 008779-C-Brave Properties LLC | C82: Insulation | D82: Insulation | E82: Attic Insulation | F82: Tier 1 / Minimum R-30 | G82: 7100 | H82: /sq.ft. | I82: 18548 | J82: 2201 | K82: 0.31 | L82: 14200 | M82: COMIAT12-19-19 | N82: COM Standard | O82: thm | P82: 30 | Q82: 43515 | S82: 2 | T82: POST 2-19-19 | U82: Coast Insulation | V82: 45807 | Z82: 11 | AA82: 41 | AB82: Brave Properties LLC | AC82: Brian Farnsworth | AD82: Brave Properties LLC | AE82: 415 S 3RD ST | AF82: Mount Vernon | AG82: 98273-3823 | AH82: Skagit | AI82: Mount Vernon | AJ82: Zone 1 | AK82: 45842 | AL82: 504 | AM82: 7-Completed | AN82: 0
A83: CR25-6.02 | B83: 008780-C-Harts Floral LLC | C83: Insulation | D83: Insulation | E83: Floor Insulation | F83: Equal to or greater than R-30 Post and equal to or less than R-11 Pre | G83: 2080 | H83: /sq. ft. | I83: 24599.68 | J83: 116.48 | K83: 0.056 | L83: 2600 | M83: COMFLOORINS-4-1-22 | N83: COM Standard | O83: thm | P83: 30 | Q83: 44652 | S83: 1.25 | T83: EFF 4-1-22 | U83: Orkin Bellingham #244-811 | V83: 45553 | Z83: 0 | AA83: 25 | AB83: Hart's Floral | AC83: Brian Farnsworth | AD83: Hart's Floral LLC | AE83: 410 COMMERCIAL ST | AF83: Mount Vernon | AG83: 98273-5537 | AH83: Skagit | AI83: Mount Vernon | AJ83: Zone 1 | AK83: 45842 | AL83: 504 | AM83: 7-Completed | AN83: 0
A84: CR25-7.01 | B84: 008781-C-Erik M. Godinez | C84: Bonus A - Insulation | D84: Bonus A - Insulation | E84: Insulation Bundle A | F84: Two Insulation Measures, min. 1000 sq. ft.+ | G84: 1 | H84: /unit | I84: 0 | J84: 0 | L84: 500 | M84: COMINSBNDL-7-17 | N84: COM Both | O84: thm | P84: 0 | S84: 500 | U84: East Valley Insulation, LLC | V84: 45789 | AB84: Erik M. Godinez | AC84: Todd Blackman | AD84: Erik M. Godinez | AE84: 1412 Fruitvale Blvd | AF84: Yakima | AG84: 98902 | AI84: Yakima | AJ84: Zone 3 | AK84: 45894 | AL84: 504 | AM84: 7-Completed | AN84: 0
A85: CR25-7.01 | B85: 008781-C-Erik M. Godinez | C85: Insulation | D85: Insulation | E85: Attic Insulation | F85: Tier 1 / Minimum R-30 | G85: 420 | H85: /sq.ft. | I85: 1129 | J85: 130.2 | K85: 0.31 | L85: 840 | M85: COMIAT12-19-19 | N85: COM Standard | O85: thm | P85: 30 | Q85: 43515 | S85: 2 | T85: POST 2-19-19 | U85: East Valley Insulation, LLC | V85: 45789 | Z85: 0 | AA85: 30 | AB85: Erik M. Godinez | AC85: Todd Blackman | AD85: Erik M. Godinez | AE85: 1412 Fruitvale Blvd | AF85: Yakima | AG85: 98902 | AI85: Yakima | AJ85: Zone 3 | AK85: 45894 | AL85: 504 | AM85: 7-Completed | AN85: 0
A86: CR25-7.01 | B86: 008781-C-Erik M. Godinez | C86: Insulation | D86: Insulation | E86: Attic Insulation | F86: Tier 2 / Minimum R-45 | G86: 986 | H86: /sq.ft. | I86: 2664 | J86: 315.52 | K86: 0.32 | L86: 2465 | M86: COMIAT22-19-19 | N86: COM Standard | O86: thm | P86: 30 | Q86: 43515 | S86: 2.5 | T86: POST 2-19-19 | U86: East Valley Insulation, LLC | V86: 45789 | Z86: 0 | AA86: 49 | AB86: Erik M. Godinez | AC86: Todd Blackman | AD86: Erik M. Godinez | AE86: 1412 Fruitvale Blvd | AF86: Yakima | AG86: 98902 | AI86: Yakima | AJ86: Zone 3 | AK86: 45894 | AL86: 504 | AM86: 7-Completed | AN86: 0
A87: CR25-7.01 | B87: 008781-C-Erik M. Godinez | C87: Insulation | D87: Insulation | E87: Wall Insulation | F87: Tier 2 / Minimum R-19 | G87: 1704 | H87: /sq. ft. | I87: 4585 | J87: 323.76 | K87: 0.19 | L87: 3408 | M87: COMIWT2-4-1-22 | N87: COM Standard | O87: thm | P87: 30 | Q87: 44652 | S87: 2 | T87: EFF 4-1-22 | U87: East Valley Insulation, LLC | V87: 45789 | Z87: 0 | AA87: 30 | AB87: Erik M. Godinez | AC87: Todd Blackman | AD87: Erik M. Godinez | AE87: 1412 Fruitvale Blvd | AF87: Yakima | AG87: 98902 | AI87: Yakima | AJ87: Zone 3 | AK87: 45894 | AL87: 504 | AM87: 7-Completed | AN87: 0
A88: CR25-8.01 | B88: 008782-C-WEST VALLEY SCHOOL D | C88: Bonus - HVAC | E88: HVAC Bonus | G88: 1 | I88: 0 | J88: 0 | K88: 0 | L88: 100 | M88: COMHVACBNS2012 | N88: COM Both | O88: thm | P88: 0 | S88: 100 | U88: California Hydronics Corporation | V88: 45869 | AB88: West Valley School District | AC88: Todd Blackman | AD88: WEST VALLEY SCHOOL DIST #208 | AE88: 1041 S 96TH AVE | AF88: Yakima | AG88: 98908 | AH88: Yakima | AI88: Yakima | AJ88: Zone 3 | AK88: 45892 | AL88: 504 | AM88: 7-Completed | AN88: 0
A89: CR25-8.01 | B89: 008782-C-WEST VALLEY SCHOOL D | C89: Bonus - HVAC | E89: HVAC Bonus | G89: 1 | I89: 0 | J89: 0 | K89: 0 | L89: 100 | M89: COMHVACBNS2012 | N89: COM Both | O89: thm | P89: 0 | S89: 100 | U89: California Hydronics Corporation | V89: 45869 | AB89: West Valley School District | AC89: Todd Blackman | AD89: WEST VALLEY SCHOOL DIST #208 | AE89: 1041 S 96TH AVE | AF89: Yakima | AG89: 98908 | AH89: Yakima | AI89: Yakima | AJ89: Zone 3 | AK89: 45892 | AL89: 504 | AM89: 7-Completed | AN89: 0
A90: CR25-8.01 | B90: 008782-C-WEST VALLEY SCHOOL D | C90: Boilers | D90: Boilers | E90: High-Efficiency-Condensing Boiler | F90: Minimum 94% Thermal Efficiency and 300 kBtu/hr input | G90: 1500 | H90: /kBtu/hr in | I90: 34585 | J90: 3150 | K90: 2.1 | L90: 15375 | M90: COMBOILERS-3-15-24 | N90: COM Standard | O90: thm | P90: 25 | Q90: 45366 | S90: 10.25 | T90: EFF 3-15-24 | U90: California Hydronics Corporation | V90: 45869 | W90: Crest FBN1501 | X90: 96 | Y90: Less than 80% | AB90: West Valley School District | AC90: Todd Blackman | AD90: WEST VALLEY SCHOOL DIST #208 | AE90: 1041 S 96TH AVE | AF90: Yakima | AG90: 98908 | AH90: Yakima | AI90: Yakima | AJ90: Zone 3 | AK90: 45892 | AL90: 504 | AM90: 7-Completed | AN90: 0
A91: CR25-8.01 | B91: 008782-C-WEST VALLEY SCHOOL D | C91: Boilers | D91: Boilers | E91: High-Efficiency-Condensing Boiler | F91: Minimum 94% Thermal Efficiency and 300 kBtu/hr input | G91: 1500 | H91: /kBtu/hr in | I91: 34585 | J91: 3150 | K91: 2.1 | L91: 15375 | M91: COMBOILERS-3-15-24 | N91: COM Standard | O91: thm | P91: 25 | Q91: 45366 | S91: 10.25 | T91: EFF 3-15-24 | U91: California Hydronics Corporation | V91: 45869 | W91: Crest FBN1501 | X91: 96 | Y91: Less than 80% | AB91: West Valley School District | AC91: Todd Blackman | AD91: WEST VALLEY SCHOOL DIST #208 | AE91: 1041 S 96TH AVE | AF91: Yakima | AG91: 98908 | AH91: Yakima | AI91: Yakima | AJ91: Zone 3 | AK91: 45892 | AL91: 504 | AM91: 7-Completed | AN91: 0
A92: CR25-8.02 | B92: 008783-C-WIDE HOLLOW SCHOOL | C92: Bonus - HVAC | E92: HVAC Bonus | G92: 1 | I92: 0 | J92: 0 | K92: 0 | L92: 100 | M92: COMHVACBNS2012 | N92: COM Both | O92: thm | P92: 0 | S92: 100 | U92: California Hydronics Corporation | V92: 45869 | AB92: West Valley School District | AC92: Todd Blackman | AD92: WIDE HOLLOW SCHOOL | AE92: 7203 W NOB HILL BLVD | AF92: Yakima | AG92: 98908-1929 | AH92: Yakima | AI92: Yakima | AJ92: Zone 3 | AK92: 45912 | AL92: 504 | AM92: 7-Completed | AN92: 0
A93: CR25-8.02 | B93: 008783-C-WIDE HOLLOW SCHOOL | C93: Bonus - HVAC | E93: HVAC Bonus | G93: 1 | I93: 0 | J93: 0 | K93: 0 | L93: 100 | M93: COMHVACBNS2012 | N93: COM Both | O93: thm | P93: 0 | S93: 100 | U93: California Hydronics Corporation | V93: 45869 | AB93: West Valley School District | AC93: Todd Blackman | AD93: WIDE HOLLOW SCHOOL | AE93: 7203 W NOB HILL BLVD | AF93: Yakima | AG93: 98908-1929 | AH93: Yakima | AI93: Yakima | AJ93: Zone 3 | AK93: 45912 | AL93: 504 | AM93: 7-Completed | AN93: 0
A94: CR25-8.02 | B94: 008783-C-WIDE HOLLOW SCHOOL | C94: Boilers | D94: Boilers | E94: High-Efficiency-Condensing Boiler | F94: Minimum 94% Thermal Efficiency and 300 kBtu/hr input | G94: 1000 | H94: /kBtu/hr in | I94: 27255 | J94: 2100 | K94: 2.1 | L94: 10250 | M94: COMBOILERS-3-15-24 | N94: COM Standard | O94: thm | P94: 25 | Q94: 45366 | S94: 10.25 | T94: EFF 3-15-24 | U94: California Hydronics Corporation | V94: 45869 | W94: Crest FBN1001 | X94: 96 | Y94: Less than 80% | AB94: West Valley School District | AC94: Todd Blackman | AD94: WIDE HOLLOW SCHOOL | AE94: 7203 W NOB HILL BLVD | AF94: Yakima | AG94: 98908-1929 | AH94: Yakima | AI94: Yakima | AJ94: Zone 3 | AK94: 45912 | AL94: 504 | AM94: 7-Completed | AN94: 0
A95: CR25-8.02 | B95: 008783-C-WIDE HOLLOW SCHOOL | C95: Boilers | D95: Boilers | E95: High-Efficiency-Condensing Boiler | F95: Minimum 94% Thermal Efficiency and 300 kBtu/hr input | G95: 1000 | H95: /kBtu/hr in | I95: 27255 | J95: 2100 | K95: 2.1 | L95: 10250 | M95: COMBOILERS-3-15-24 | N95: COM Standard | O95: thm | P95: 25 | Q95: 45366 | S95: 10.25 | T95: EFF 3-15-24 | U95: California Hydronics Corporation | V95: 45869 | W95: Crest FBN1001 | X95: 96 | Y95: Less than 80% | AB95: West Valley School District | AC95: Todd Blackman | AD95: WIDE HOLLOW SCHOOL | AE95: 7203 W NOB HILL BLVD | AF95: Yakima | AG95: 98908-1929 | AH95: Yakima | AI95: Yakima | AJ95: Zone 3 | AK95: 45912 | AL95: 504 | AM95: 7-Completed | AN95: 0
A96: CR25-8.03 | B96: 008787-C-Legends Casino | C96: Bonus - HVAC | E96: HVAC Bonus | G96: 1 | I96: 0 | J96: 0 | K96: 0 | L96: 100 | M96: COMHVACBNS2012 | N96: COM Both | O96: thm | P96: 0 | S96: 100 | U96: Apollo Sheet Metal | V96: 45869 | AB96: Yakama Nations Legends Casino | AC96: Todd Blackman | AD96: Legends Casino | AE96: 580 FORT RD | AF96: Toppenish | AG96: 98948-9749 | AH96: Yakima | AI96: Yakima | AJ96: Zone 3 | AK96: 45912 | AL96: 511 | AM96: 7-Completed | AN96: 0
A97: CR25-8.03 | B97: 008789-C-Pasco School Distric | C97: Bonus - HVAC | E97: HVAC Bonus | G97: 1 | I97: 0 | J97: 0 | K97: 0 | L97: 100 | M97: COMHVACBNS2012 | N97: COM Both | O97: thm | P97: 0 | S97: 100 | U97: Cole Industrial, Inc. | V97: 45869 | AB97: Pasco School District No 1 | AC97: Robert Cuti | AD97: Pasco School District | AE97: 1901 E Salt Lake | AF97: Pasco | AG97: 99301 | AI97: Kennewick | AJ97: Zone 3 | AK97: 45912 | AL97: 504 | AM97: 7-Completed | AN97: 0
A98: CR25-8.03 | B98: 008789-C-Pasco School Distric | C98: Bonus - HVAC | E98: HVAC Bonus | G98: 1 | I98: 0 | J98: 0 | K98: 0 | L98: 100 | M98: COMHVACBNS2012 | N98: COM Both | O98: thm | P98: 0 | S98: 100 | U98: Cole Industrial, Inc. | V98: 45869 | AB98: Pasco School District No 1 | AC98: Robert Cuti | AD98: Pasco School District | AE98: 1901 E Salt Lake | AF98: Pasco | AG98: 99301 | AI98: Kennewick | AJ98: Zone 3 | AK98: 45912 | AL98: 504 | AM98: 7-Completed | AN98: 0
A99: CR25-8.03 | B99: 008789-C-Pasco School Distric | C99: Water Heaters | D99: Domestic Hot Water | E99: Condensing Tank | F99: Minimum 91% AFUE or 91% Thermal Efficiency | G99: 160 | H99: /kBtu/hr in | I99: 9325 | J99: 607.79 | K99: 3.7987 | L99: 480 | M99: COMDHWTSCT-4-1-22 | N99: COM Standard | O99: thm | P99: 10 | Q99: 44652 | S99: 3 | T99: EFF 4-1-22 | U99: M&L Supply Co Inc | V99: 45869 | W99: Ruud GHE100S-160 | X99: 97 | AB99: Pasco School District No 1 | AC99: Robert Cuti | AD99: Pasco School District | AE99: 1901 E Salt Lake | AF99: Pasco | AG99: 99301 | AI99: Kennewick | AJ99: Zone 3 | AK99: 45912 | AL99: 504 | AM99: 7-Completed | AN99: 0
A100: CR25-8.03 | B100: 008789-C-Pasco School Distric | C100: Water Heaters | D100: Domestic Hot Water | E100: Condensing Tank | F100: Minimum 91% AFUE or 91% Thermal Efficiency | G100: 160 | H100: /kBtu/hr in | I100: 9325 | J100: 607.79 | K100: 3.7987 | L100: 480 | M100: COMDHWTSCT-4-1-22 | N100: COM Standard | O100: thm | P100: 10 | Q100: 44652 | S100: 3 | T100: EFF 4-1-22 | U100: M&L Supply Co Inc | V100: 45869 | W100: Ruud GHE100S-160 | X100: 97 | AB100: Pasco School District No 1 | AC100: Robert Cuti | AD100: Pasco School District | AE100: 1901 E Salt Lake | AF100: Pasco | AG100: 99301 | AI100: Kennewick | AJ100: Zone 3 | AK100: 45912 | AL100: 504 | AM100: 7-Completed | AN100: 0
...

Sheet Total 2024
B1: Program Year: | C1: CASCADE NATURAL GAS CORPORATION
B2: 2024 | C2: COMMERCIAL Program Participant Cost Effectiveness
A3: Measure Mapping | B3: MEASURE | C3: DESCRIPTION | D3: EFFICIENCY TYPE FOR QUALIFICATION | E3: TOTAL PROJECT COUNT | F3: ANNUAL THERM SAVINGS | G3: UNIT | H3: UNITS INSTALLED | I3: TOTAL ANNUAL THERM SAVINGS | J3: MEASURE INCREMENTAL COST | K3: TOTAL INCREMENTAL COST | L3: PARTICIPANT NEBS | M3: TOTAL NET INCREMENTAL COST WITH NEBS | N3: MEASURE LIFE | O3: DISCOUNTED THERM SAVINGS | P3: PROGRAM DELIVERY AND ADMIN | Q3: PROGRAM REBATE | R3: CALCULATED REBATE COST | S3: REBATES BASED ON CAPPED INCENTIVES | T3: UTILITY COST | U3: UC W/DELIVERY & ADMIN | V3: LOADED UTILITY BENEFIT TO COST RATIO | X3: TOTAL RESOURCE COST | Y3: TRC W/DELIVERY & ADMIN | Z3: LOADED SOCIETAL BENEFIT TO COST RATIO
B4: Boiler | C4: High-Efficiency-Condensing Boiler | D4: High Efficiency Condensing | E4: 1 | F4: =I4/H4 -> 1.35 | G4: kBtu/hr input | H4: 3000 | I4: 4050 | J4: 8.89 | K4: =H4*J4 -> 26670 | L4: =PV($C$46,$N4,(-0.05*0.9*$F4)) -> 0.75324248 | M4: =MAX(0,H4*(J4-L4)) -> 24410.273 | N4: 20 | O4: =PV($C$46,N4,-I4) -> 50216.165 | P4: =$C$49*I4/SUM($I$4:$I$23) -> 15418.454 | Q4: 6 | R4: =H4*Q4 -> 18000 | T4: =IF(ISERROR(R4/O4),0,R4/O4) -> 0.35845031 | U4: =IF(O4=0,0,(R4+P4)/O4) -> 0.66549196 | V4: =IF(OR($R4=0,ISERROR(R4/I4)),"-",(VLOOKUP($N4,'APP 2885'!B10:G59,6)*$I4)/($R4+$P4)) -> 4.7615757 | X4: =IF(ISERROR(M4/O4),0,M4/O4) -> 0.48610388 | Y4: =IF(O4=0,0,(M4+P4)/O4) -> 0.79314553 | Z4: =IF($M4=0,"-",(VLOOKUP($N4,'APP 2885'!B10:G59,4)*$I4)/(M4+P4)) -> 3.6322025
B5: Boiler | C5: High-Efficiency-Condensing Boiler | D5: MINIMUM 91% AFUE & 300KBTU/HR | E5: 9 | F5: =I5/H5 -> 2.1 | G5: kBtu/hr input | H5: 27590 | I5: 57939 | J5: 10.74 | K5: =H5*J5 -> 296316.6 | L5: =PV($C$46,$N5,(-0.05*0.9*$F5)) -> 1.3239051 | M5: =MAX(0,H5*(J5-L5)) -> 259790.06 | N5: 25 | O5: =PV($C$46,N5,-I5) -> 811700.96 | P5: =$C$49*I5/SUM($I$4:$I$23) -> 220575.27 | Q5: 10 | R5: =H5*Q5 -> 275900 | T5: =IF(ISERROR(R5/O5),0,R5/O5) -> 0.3399035 | U5: =IF(O5=0,0,(R5+P5)/O5) -> 0.611648 | V5: =IF(OR($R5=0,ISERROR(R5/I5)),"-",(VLOOKUP($N5,'APP 2885'!B10:G59,6)*$I5)/($R5+$P5)) -> 5.5255787 | X5: =IF(ISERROR(M5/O5),0,M5/O5) -> 0.32005636 | Y5: =IF(O5=0,0,(M5+P5)/O5) -> 0.59180086 | Z5: =IF($M5=0,"-",(VLOOKUP($N5,'APP 2885'!B10:G59,4)*$I5)/(M5+P5)) -> 5.191246
B6: Boiler | C6: High-Efficiency-Condensing Boiler | D6: MIN 94% TE & 300 kBtu/hr input | E6: 5 | F6: =I6/H6 -> 2.1 | G6: kBtu/hr input | H6: 5750 | I6: 12075 | J6: 10.74 | K6: =H6*J6 -> 61755 | L6: =PV($C$46,$N6,(-0.05*0.9*$F6)) -> 1.3239051 | M6: =MAX(0,H6*(J6-L6)) -> 54142.545 | N6: 25 | O6: =PV($C$46,N6,-I6) -> 169165.66 | P6: =$C$49*I6/SUM($I$4:$I$23) -> 45969.836 | Q6: 10.25 | R6: =H6*Q6 -> 58937.5 | T6: =IF(ISERROR(R6/O6),0,R6/O6) -> 0.34840109 | U6: =IF(O6=0,0,(R6+P6)/O6) -> 0.62014559 | V6: =IF(OR($R6=0,ISERROR(R6/I6)),"-",(VLOOKUP($N6,'APP 2885'!B10:G59,6)*$I6)/($R6+$P6)) -> 5.4498641 | X6: =IF(ISERROR(M6/O6),0,M6/O6) -> 0.32005636 | Y6: =IF(O6=0,0,(M6+P6)/O6) -> 0.59180086 | Z6: =IF($M6=0,"-",(VLOOKUP($N6,'APP 2885'!B10:G59,4)*$I6)/(M6+P6)) -> 5.191246
B7: Convection Oven (Restaurant) | C7: Energy Star | D7: Energy Star | E7: 1 | F7: =I7/H7 -> 649 | G7: oven | H7: 2 | I7: 1298 | J7: 900 | K7: =H7*J7 -> 1800 | L7: =PV($C$46,$N7,(-0.05*0.9*$F7)) -> 257.97755 | M7: =MAX(0,H7*(J7-L7)) -> 1284.0449 | N7: 12 | O7: =PV($C$46,N7,-I7) -> 11465.669 | P7: =$C$49*I7/SUM($I$4:$I$23) -> 4941.5195 | Q7: 800 | R7: =H7*Q7 -> 1600 | T7: =IF(ISERROR(R7/O7),0,R7/O7) -> 0.13954703 | U7: =IF(O7=0,0,(R7+P7)/O7) -> 0.570531 | V7: =IF(OR($R7=0,ISERROR(R7/I7)),"-",(VLOOKUP($N7,'APP 2885'!B10:G59,6)*$I7)/($R7+$P7)) -> 3.2560922 | X7: =IF(ISERROR(M7/O7),0,M7/O7) -> 0.11199041 | Y7: =IF(O7=0,0,(M7+P7)/O7) -> 0.54297438 | Z7: =IF($M7=0,"-",(VLOOKUP($N7,'APP 2885'!B10:G59,4)*$I7)/(M7+P7)) -> 3.1107477
B8: Convection Oven (School) | C8: Energy Star | D8: Energy Star | E8: 1 | F8: =I8/H8 -> 141 | G8: oven | H8: 2 | I8: 282 | J8: 900 | K8: =H8*J8 -> 1800 | L8: =PV($C$46,$N8,(-0.05*0.9*$F8)) -> 56.047511 | M8: =MAX(0,H8*(J8-L8)) -> 1687.905 | N8: 12 | O8: =PV($C$46,N8,-I8) -> 2491.0005 | P8: =$C$49*I8/SUM($I$4:$I$23) -> 1073.5813 | Q8: 800 | R8: =H8*Q8 -> 1600 | T8: =IF(ISERROR(R8/O8),0,R8/O8) -> 0.6423122 | U8: =IF(O8=0,0,(R8+P8)/O8) -> 1.0732962 | V8: =IF(OR($R8=0,ISERROR(R8/I8)),"-",(VLOOKUP($N8,'APP 2885'!B11:G60,6)*$I8)/($R8+$P8)) -> 1.7308378 | X8: =IF(ISERROR(M8/O8),0,M8/O8) -> 0.67760123 | Y8: =IF(O8=0,0,(M8+P8)/O8) -> 1.1085852 | Z8: =IF($M8=0,"-",(VLOOKUP($N8,'APP 2885'!B11:G60,4)*$I8)/(M8+P8)) -> 1.5236143
B9: Domestic Hot Water Tanks - Condensing | C9: Condensing Tank | D9: Min 91% AFUE or 91% TE | E9: 2 | F9: =I9/H9 -> 3.798697 | G9: kBtu/hr input | H9: 1396.8 | I9: 5306.02 | J9: 6.06 | K9: =H9*J9 -> 8464.608 | L9: =PV($C$46,$N9,(-0.05*0.9*$F9)) -> 1.3161263 | M9: =MAX(0,H9*(J9-L9)) -> 6626.2428 | N9: 10 | O9: =PV($C$46,N9,-I9) -> 40852.56 | P9: =$C$49*I9/SUM($I$4:$I$23) -> 20200.155 | Q9: 3 | R9: =H9*Q9 -> 4190.4 | T9: =IF(ISERROR(R9/O9),0,R9/O9) -> 0.10257374 | U9: =IF(O9=0,0,(R9+P9)/O9) -> 0.59703859 | V9: =IF(OR($R9=0,ISERROR(R9/I9)),"-",(VLOOKUP($N9,'APP 2885'!B10:G59,6)*$I9)/($R9+$P9)) -> 3.0056755 | X9: =IF(ISERROR(M9/O9),0,M9/O9) -> 0.16219896 | Y9: =IF(O9=0,0,(M9+P9)/O9) -> 0.65666381 | Z9: =IF($M9=0,"-",(VLOOKUP($N9,'APP 2885'!B10:G59,4)*$I9)/(M9+P9)) -> 2.4842549
B10: Insulation - Attic - Tier 1 - Min R-30 | C10: Attic Insulation | D10: TIER 1 - MINIMUM R-30 | E10: 9 | F10: =I10/H10 -> 0.31 | G10: sqft | H10: 33805 | I10: 10479.55 | J10: 1.65 | K10: =H10*J10 -> 55778.25 | L10: =PV($C$46,$N10,(-0.05*0.9*$F10)) -> 0.21298675 | M10: =MAX(0,H10*(J10-L10)) -> 48578.233 | N10: 30 | O10: =PV($C$46,N10,-I10) -> 160000.38 | P10: =$C$49*I10/SUM($I$4:$I$23) -> 39895.917 | Q10: 2 | R10: =H10*Q10 -> 67610 | T10: =IF(ISERROR(R10/O10),0,R10/O10) -> 0.42256149 | U10: =IF(O10=0,0,(R10+P10)/O10) -> 0.67191038 | V10: =IF(OR($R10=0,ISERROR(R10/I10)),"-",(VLOOKUP($N10,'APP 2885'!B10:G59,6)*$I10)/($R10+$P10)) -> 5.5307436 | X10: =IF(ISERROR(M10/O10),0,M10/O10) -> 0.30361323 | Y10: =IF(O10=0,0,(M10+P10)/O10) -> 0.55296212 | Z10: =IF($M10=0,"-",(VLOOKUP($N10,'APP 2885'!B10:G59,4)*$I10)/(M10+P10)) -> 6.1095268
B11: Insulation - Attic - Tier 2 - Min R-45 | C11: Attic Insulation | D11: TIER 2 - MINIMUM R-45 | E11: 5 | F11: =I11/H11 -> 0.32 | G11: sqft | H11: 15177 | I11: 4856.64 | J11: 1.63 | K11: =H11*J11 -> 24738.51 | L11: =PV($C$46,$N11,(-0.05*0.9*$F11)) -> 0.21985729 | M11: =MAX(0,H11*(J11-L11)) -> 21401.736 | N11: 30 | O11: =PV($C$46,N11,-I11) -> 74150.537 | P11: =$C$49*I11/SUM($I$4:$I$23) -> 18489.354 | Q11: 2.5 | R11: =H11*Q11 -> 37942.5 | T11: =IF(ISERROR(R11/O11),0,R11/O11) -> 0.51169555 | U11: =IF(O11=0,0,(R11+P11)/O11) -> 0.76104444 | V11: =IF(OR($R11=0,ISERROR(R11/I11)),"-",(VLOOKUP($N11,'APP 2885'!B10:G59,6)*$I11)/($R11+$P11)) -> 4.882979 | X11: =IF(ISERROR(M11/O11),0,M11/O11) -> 0.2886255 | Y11: =IF(O11=0,0,(M11+P11)/O11) -> 0.53797439 | Z11: =IF($M11=0,"-",(VLOOKUP($N11,'APP 2885'!B10:G59,4)*$I11)/(M11+P11)) -> 6.2797355
B12: Insulation - Floor | C12: Floor Insulation | D12: EQUAL OR >R-30 PRE R <R-11 | E12: 2 | F12: =I12/H12 -> 0.056000553 | G12: sqft | H12: 5424 | I12: 303.747 | J12: 1.08 | K12: =H12*J12 -> 5857.92 | L12: =PV($C$46,$N12,(-0.05*0.9*$F12)) -> 0.038475407 | M12: =MAX(0,H12*(J12-L12)) -> 5649.2294 | N12: 30 | O12: =PV($C$46,N12,-I12) -> 4637.569 | P12: =$C$49*I12/SUM($I$4:$I$23) -> 1156.3727 | Q12: 1.25 | R12: =H12*Q12 -> 6780 | T12: =IF(ISERROR(R12/O12),0,R12/O12) -> 1.4619729 | U12: =IF(O12=0,0,(R12+P12)/O12) -> 1.7113217 | V12: =IF(OR($R12=0,ISERROR(R12/I12)),"-",(VLOOKUP($N12,'APP 2885'!B10:G59,6)*$I12)/($R12+$P12)) -> 2.1715168 | X12: =IF(ISERROR(M12/O12),0,M12/O12) -> 1.2181445 | Y12: =IF(O12=0,0,(M12+P12)/O12) -> 1.4674934 | Z12: =IF($M12=0,"-",(VLOOKUP($N12,'APP 2885'!B10:G59,4)*$I12)/(M12+P12)) -> 2.3021138
B13: Insulation - Pipe - 1.5" | C13: 1.5" Thick Pipe Insulation | D13: RETROFIT FOR T>140F<=200f | E13: 1 | F13: =I13/H13 -> 6 | G13: sqft | H13: 1182 | I13: 7092 | J13: 8 | K13: =H13*J13 -> 9456 | L13: =PV($C$46,$N13,(-0.05*0.9*$F13)) -> 3.3477444 | M13: =MAX(0,H13*(J13-L13)) -> 5498.9662 | N13: 20 | O13: =PV($C$46,N13,-I13) -> 87934.085 | P13: =$C$49*I13/SUM($I$4:$I$23) -> 26999.427 | Q13: 14.984 | R13: =H13*Q13 -> 17711.088 | T13: =IF(ISERROR(R13/O13),0,R13/O13) -> 0.20141323 | U13: =IF(O13=0,0,(R13+P13)/O13) -> 0.50845488 | V13: =IF(OR($R13=0,ISERROR(R13/I13)),"-",(VLOOKUP($N13,'APP 2885'!B10:G59,6)*$I13)/($R13+$P13)) -> 6.2321957 | X13: =IF(ISERROR(M13/O13),0,M13/O13) -> 0.062535093 | Y13: =IF(O13=0,0,(M13+P13)/O13) -> 0.36957675 | Z13: =IF($M13=0,"-",(VLOOKUP($N13,'APP 2885'!B10:G59,4)*$I13)/(M13+P13)) -> 7.7950389
B14: Insulation - Roof - Tier 2 - Min R-30 | C14: Roof Insulation | D14: TIER 2 - MINIMUM R-30 | E14: 4 | F14: =I14/H14 -> 0.35981544 | G14: sqft | H14: 195059.5 | I14: 70185.42 | J14: 0.88 | K14: =H14*J14 -> 171652.36 | L14: =PV($C$46,$N14,(-0.05*0.9*$F14)) -> 0.24721265 | M14: =MAX(0,H14*(J14-L14)) -> 123431.18 | N14: 30 | O14: =PV($C$46,N14,-I14) -> 1071581.7 | P14: =$C$49*I14/SUM($I$4:$I$23) -> 267197.7 | Q14: 2 | R14: =H14*Q14 -> 390119 | T14: =IF(ISERROR(R14/O14),0,R14/O14) -> 0.36405903 | U14: =IF(O14=0,0,(R14+P14)/O14) -> 0.61340792 | V14: =IF(OR($R14=0,ISERROR(R14/I14)),"-",(VLOOKUP($N14,'APP 2885'!B10:G59,6)*$I14)/($R14+$P14)) -> 6.0582263 | X14: =IF(ISERROR(M14/O14),0,M14/O14) -> 0.11518597 | Y14: =IF(O14=0,0,(M14+P14)/O14) -> 0.36453486 | Z14: =IF($M14=0,"-",(VLOOKUP($N14,'APP 2885'!B10:G59,4)*$I14)/(M14+P14)) -> 9.2675275
B15: Insulation - Wall - Tier 2 - Min R-19 | C15: Wall Insulation | D15: R-19 MINIMUM | E15: 5 | F15: =I15/H15 -> 0.19 | G15: sqft | H15: 20820 | I15: 3955.8 | J15: 2.15 | K15: =H15*J15 -> 44763 | L15: =PV($C$46,$N15,(-0.05*0.9*$F15)) -> 0.13054027 | M15: =MAX(0,H15*(J15-L15)) -> 42045.152 | N15: 30 | O15: =PV($C$46,N15,-I15) -> 60396.631 | P15: =$C$49*I15/SUM($I$4:$I$23) -> 15059.833 | Q15: 2 | R15: =H15*Q15 -> 41640 | T15: =IF(ISERROR(R15/O15),0,R15/O15) -> 0.68944243 | U15: =IF(O15=0,0,(R15+P15)/O15) -> 0.93879132 | V15: =IF(OR($R15=0,ISERROR(R15/I15)),"-",(VLOOKUP($N15,'APP 2885'!B10:G59,6)*$I15)/($R15+$P15)) -> 3.9584559 | X15: =IF(ISERROR(M15/O15),0,M15/O15) -> 0.69615061 | Y15: =IF(O15=0,0,(M15+P15)/O15) -> 0.9454995 | Z15: =IF($M15=0,"-",(VLOOKUP($N15,'APP 2885'!B10:G59,4)*$I15)/(M15+P15)) -> 3.573071
B16: Radiant Heating | C16: Direct-fired Radiant Heating | D16: Direct-Fired | E16: 1 | F16: =I16/H16 -> 4.33 | G16: kBtu/hr input | H16: 400 | I16: 1732 | J16: 21 | K16: =H16*J16 -> 8400 | L16: =PV($C$46,$N16,(-0.05*0.9*$F16)) -> 2.2670765 | M16: =MAX(0,H16*(J16-L16)) -> 7493.1694 | N16: 18 | O16: =PV($C$46,N16,-I16) -> 20151.791 | P16: =$C$49*I16/SUM($I$4:$I$23) -> 6593.7687 | Q16: 15 | R16: =H16*Q16 -> 6000 | T16: =IF(ISERROR(R16/O16),0,R16/O16) -> 0.29774028 | U16: =IF(O16=0,0,(R16+P16)/O16) -> 0.62494537 | V16: =IF(OR($R16=0,ISERROR(R16/I16)),"-",(VLOOKUP($N16,'APP 2885'!B10:G59,6)*$I16)/($R16+$P16)) -> 3.4153373 | X16: =IF(ISERROR(M16/O16),0,M16/O16) -> 0.3718364 | Y16: =IF(O16=0,0,(M16+P16)/O16) -> 0.69904149 | Z16: =IF($M16=0,"-",(VLOOKUP($N16,'APP 2885'!B10:G59,4)*$I16)/(M16+P16)) -> 2.7762286
B17: Tankless Water Heater - Tier 2 | C17: Energy Star | D17: TIER 2 - 0.93 EF MINIMUM | E17: 6 | F17: =I17/H17 -> 38 | G17: kBtu/hr input | H17: 192 | I17: 7296 | J17: 137.9 | K17: =H17*J17 -> 26476.8 | L17: =PV($C$46,$N17,(-0.05*0.9*$F17)) -> 21.202381 | M17: =MAX(0,H17*(J17-L17)) -> 22405.943 | N17: 20 | O17: =PV($C$46,N17,-I17) -> 90463.492 | P17: =$C$49*I17/SUM($I$4:$I$23) -> 27776.06 | Q17: 150 | R17: =H17*Q17 -> 28800 | T17: =IF(ISERROR(R17/O17),0,R17/O17) -> 0.31836047 | U17: =IF(O17=0,0,(R17+P17)/O17) -> 0.62540213 | V17: =IF(OR($R17=0,ISERROR(R17/I17)),"-",(VLOOKUP($N17,'APP 2885'!B10:G59,6)*$I17)/($R17+$P17)) -> 5.0668046 | X17: =IF(ISERROR(M17/O17),0,M17/O17) -> 0.24767939 | Y17: =IF(O17=0,0,(M17+P17)/O17) -> 0.55472105 | Z17: =IF($M17=0,"-",(VLOOKUP($N17,'APP 2885'!B10:G59,4)*$I17)/(M17+P17)) -> 5.1933583
B18: Warm-Air Furnace | C18: High-Efficiency Condensing Furnace | D18: 91% AFUE MINIMUM | E18: 13 | F18: =I18/H18 -> 1.1 | G18: kBtu/hr input | H18: 1732.6 | I18: 1905.86 | J18: 6.72 | K18: =H18*J18 -> 11643.072 | L18: =PV($C$46,$N18,(-0.05*0.9*$F18)) -> 0.57593168 | M18: =MAX(0,H18*(J18-L18)) -> 10645.213 | N18: 18 | O18: =PV($C$46,N18,-I18) -> 22174.649 | P18: =$C$49*I18/SUM($I$4:$I$23) -> 7255.6582 | Q18: 5 | R18: =H18*Q18 -> 8663 | T18: =IF(ISERROR(R18/O18),0,R18/O18) -> 0.39067134 | U18: =IF(O18=0,0,(R18+P18)/O18) -> 0.71787643 | V18: =IF(OR($R18=0,ISERROR(R18/I18)),"-",(VLOOKUP($N18,'APP 2885'!B10:G59,6)*$I18)/($R18+$P18)) -> 2.9732126 | X18: =IF(ISERROR(M18/O18),0,M18/O18) -> 0.48006228 | Y18: =IF(O18=0,0,(M18+P18)/O18) -> 0.80726737 | Z18: =IF($M18=0,"-",(VLOOKUP($N18,'APP 2885'!B10:G59,4)*$I18)/(M18+P18)) -> 2.4040349
B19: Warm-Air Furnace | C19: High-Efficiency Condensing Furnace | D19: 91% AFUE MINIMUM | E19: 9 | F19: =I19/H19 -> 1.1125237 | G19: kBtu/hr input | H19: 5270 | I19: 5863 | J19: 6.72 | K19: =H19*J19 -> 35414.4 | L19: =PV($C$46,$N19,(-0.05*0.9*$F19)) -> 0.58248877 | M19: =MAX(0,H19*(J19-L19)) -> 32344.684 | N19: 18 | O19: =PV($C$46,N19,-I19) -> 68215.908 | P19: =$C$49*I19/SUM($I$4:$I$23) -> 22320.592 | Q19: 6 | R19: =H19*Q19 -> 31620 | T19: =IF(ISERROR(R19/O19),0,R19/O19) -> 0.46352825 | U19: =IF(O19=0,0,(R19+P19)/O19) -> 0.79073334 | V19: =IF(OR($R19=0,ISERROR(R19/I19)),"-",(VLOOKUP($N19,'APP 2885'!B10:G59,6)*$I19)/($R19+$P19)) -> 2.6992656 | X19: =IF(ISERROR(M19/O19),0,M19/O19) -> 0.47415164 | Y19: =IF(O19=0,0,(M19+P19)/O19) -> 0.80135673 | Z19: =IF($M19=0,"-",(VLOOKUP($N19,'APP 2885'!B10:G59,4)*$I19)/(M19+P19)) -> 2.4217666
B20: Windows - Tier 1 | C20: Single pane to 0.30 or less | D20: Single pane to 0.30 or less | E20: 8 | F20: =I20/H20 -> 0.49753433 | G20: sqft | H20: 3851.4327 | I20: 1916.22 | J20: 24.31 | K20: =H20*J20 -> 93628.329 | L20: =PV($C$46,$N20,(-0.05*0.9*$F20)) -> 0.39447556 | M20: =MAX(0,H20*(J20-L20)) -> 92109.033 | N20: 45 | O20: =PV($C$46,N20,-I20) -> 33762.135 | P20: =$C$49*I20/SUM($I$4:$I$23) -> 7295.099 | Q20: 7.5 | R20: =H20*Q20 -> 28885.745 | T20: =IF(ISERROR(R20/O20),0,R20/O20) -> 0.85556632 | U20: =IF(O20=0,0,(R20+P20)/O20) -> 1.0716397 | V20: =IF(OR($R20=0,ISERROR(R20/I20)),"-",(VLOOKUP($N20,'APP 2885'!B10:G59,6)*$I20)/($R20+$P20)) -> 5.1026985 | X20: =IF(ISERROR(M20/O20),0,M20/O20) -> 2.7281756 | Y20: =IF(O20=0,0,(M20+P20)/O20) -> 2.944249 | Z20: =IF($M20=0,"-",(VLOOKUP($N20,'APP 2885'!B10:G59,4)*$I20)/(M20+P20)) -> 1.6884782
B21: Bonus - HVAC | C21: HVAC Bonus | D21: - | E21: 17 | F21: 0 | G21: unit | H21: 76 | I21: 0 | K21: =H21*J21 -> 0 | L21: =PV($C$46,$N21,(-0.05*0.9*$F21)) -> 0 | M21: =MAX(0,H21*(J21-L21)) -> 0 | O21: =PV($C$46,N21,-I21) -> 0 | P21: =$C$49*I21/SUM($I$4:$I$23) -> 0 | Q21: 100 | R21: =H21*Q21 -> 7600 | T21: =IF(ISERROR(R21/O21),0,R21/O21) -> 0 | U21: =IF(O21=0,0,(R21+P21)/O21) -> 0 | V21: =IF(OR($R21=0,ISERROR(R21/I21)),"-",(VLOOKUP($N21,'APP 2885'!B26:G75,6)*$I21)/($R21+$P21)) -> - | X21: =IF(ISERROR(M21/O21),0,M21/O21) -> 0 | Y21: =IF(O21=0,0,(M21+P21)/O21) -> 0 | Z21: =IF($M21=0,"-",(VLOOKUP($N21,'APP 2885'!B26:G75,4)*$I21)/(M21+P21)) -> -
B22: Bonus - Insulation Bundle A | C22: Insulation Bundle A | D22: - | E22: 6 | F22: 0 | G22: unit | H22: 6 | I22: 0 | K22: =H22*J22 -> 0 | L22: =PV($C$46,$N22,(-0.05*0.9*$F22)) -> 0 | M22: =MAX(0,H22*(J22-L22)) -> 0 | O22: =PV($C$46,N22,-I22) -> 0 | P22: =$C$49*I22/SUM($I$4:$I$23) -> 0 | Q22: 500 | R22: =H22*Q22 -> 3000 | T22: =IF(ISERROR(R22/O22),0,R22/O22) -> 0 | U22: =IF(O22=0,0,(R22+P22)/O22) -> 0 | V22: =IF(OR($R22=0,ISERROR(R22/I22)),"-",(VLOOKUP($N22,'APP 2885'!B26:G75,6)*$I22)/($R22+$P22)) -> - | X22: =IF(ISERROR(M22/O22),0,M22/O22) -> 0 | Y22: =IF(O22=0,0,(M22+P22)/O22) -> 0 | Z22: =IF($M22=0,"-",(VLOOKUP($N22,'APP 2885'!B26:G75,4)*$I22)/(M22+P22)) -> -
B23: Bonus - Kitchen Bundle B (2 - measures) | C23: Foodservice Bundle B | D23: - | E23: 2 | F23: 0 | G23: unit | H23: 2 | I23: 0 | K23: =H23*J23 -> 0 | L23: =PV($C$46,$N23,(-0.05*0.9*$F23)) -> 0 | M23: =MAX(0,H23*(J23-L23)) -> 0 | O23: =PV($C$46,N23,-I23) -> 0 | P23: =$C$49*I23/SUM($I$4:$I$23) -> 0 | Q23: 300 | R23: =H23*Q23 -> 600 | T23: =IF(ISERROR(R23/O23),0,R23/O23) -> 0 | U23: =IF(O23=0,0,(R23+P23)/O23) -> 0 | V23: =IF(OR($R23=0,ISERROR(R23/I23)),"-",(VLOOKUP($N23,'APP 2885'!B26:G75,6)*$I23)/($R23+$P23)) -> - | X23: =IF(ISERROR(M23/O23),0,M23/O23) -> 0 | Y23: =IF(O23=0,0,(M23+P23)/O23) -> 0 | Z23: =IF($M23=0,"-",(VLOOKUP($N23,'APP 2885'!B26:G75,4)*$I23)/(M23+P23)) -> -
B24: Custom Measures
A25: 008713-C-SKAGIT COUNTY FACILI | B25: Custom DDC Controls | F25: 21415 | G25: unit | H25: 1 | I25: 21415 | J25: 176000 | K25: =H25*J25 -> 176000 | L25: =PV($C$46,$N25,(-0.05*0.9*$F25)) -> 6213.3578 | M25: =MAX(0,H25*(J25-L25)) -> 169786.64 | N25: 8 | O25: =PV($C$46,N25,-I25) -> 138074.62 | P25: =$C$48*I25/SUM($I$25:$I$41) -> 59179.774 | R25: 9341 | T25: =IF(ISERROR(R25/O25),0,R25/O25) -> 0.067651826 | U25: =IF(O25=0,0,(R25+P25)/O25) -> 0.49625902 | V25: =IF($R25=0,"-",(VLOOKUP($N25,'APP 2885'!$B$10:$G$59,6)*$I25)/($R25+$P25)) -> 3.5801588 | X25: =IF(ISERROR(M25/O25),0,M25/O25) -> 1.2296731 | Y25: =IF(O25=0,0,(M25+P25)/O25) -> 1.6582803 | Z25: =IF($M25=0,"-",(VLOOKUP($N25,'APP 2885'!$B$10:$G$59,4)*$I25)/(M25+P25)) -> 0.97363689
A26: 008729-C-Longview School Dist | B26: Custom DDC Controls | F26: 6015 | G26: unit | H26: 1 | I26: 6015 | J26: 16800 | K26: =H26*J26 -> 16800 | L26: =PV($C$46,$N26,(-0.05*0.9*$F26)) -> 1745.1948 | M26: =MAX(0,H26*(J26-L26)) -> 15054.805 | N26: 8 | O26: =PV($C$46,N26,-I26) -> 38782.107 | P26: =$C$48*I26/SUM($I$25:$I$41) -> 16622.29 | R26: 5534 | T26: =IF(ISERROR(R26/O26),0,R26/O26) -> 0.14269467 | U26: =IF(O26=0,0,(R26+P26)/O26) -> 0.57130186 | V26: =IF($R26=0,"-",(VLOOKUP($N26,'APP 2885'!$B$10:$G$59,6)*$I26)/($R26+$P26)) -> 3.1098902 | X26: =IF(ISERROR(M26/O26),0,M26/O26) -> 0.38818946 | Y26: =IF(O26=0,0,(M26+P26)/O26) -> 0.81679665 | Z26: =IF($M26=0,"-",(VLOOKUP($N26,'APP 2885'!$B$10:$G$59,4)*$I26)/(M26+P26)) -> 1.9767011
A27: 008714-C-Longview School District #122 | B27: DDC HVAC Control upgrades | F27: 5410 | G27: unit | H27: 1 | I27: 5410 | J27: 117662 | K27: =H27*J27 -> 117662 | L27: =PV($C$46,$N27,(-0.05*0.9*$F27)) -> 2516.7107 | M27: =MAX(0,H27*(J27-L27)) -> 115145.29 | N27: 15 | O27: =PV($C$46,N27,-I27) -> 55926.903 | P27: =$C$48*I27/SUM($I$25:$I$41) -> 14950.389 | R27: 12984 | T27: =IF(ISERROR(R27/O27),0,R27/O27) -> 0.23216018 | U27: =IF(O27=0,0,(R27+P27)/O27) -> 0.49948034 | V27: =IF($R27=0,"-",(VLOOKUP($N27,'APP 2885'!$B$10:$G$59,6)*$I27)/($R27+$P27)) -> 4.005831 | X27: =IF(ISERROR(M27/O27),0,M27/O27) -> 2.0588533 | Y27: =IF(O27=0,0,(M27+P27)/O27) -> 2.3261735 | Z27: =IF($M27=0,"-",(VLOOKUP($N27,'APP 2885'!$B$10:$G$59,4)*$I27)/(M27+P27)) -> 0.78179384
A28: 008716-C-Longview School Dist | B28: DDC HVAC Control upgrades | F28: 4257 | G28: unit | H28: 1 | I28: 4257 | J28: 78605 | K28: =H28*J28 -> 78605 | L28: =PV($C$46,$N28,(-0.05*0.9*$F28)) -> 1980.3396 | M28: =MAX(0,H28*(J28-L28)) -> 76624.66 | N28: 15 | O28: =PV($C$46,N28,-I28) -> 44007.547 | P28: =$C$48*I28/SUM($I$25:$I$41) -> 11764.104 | R28: 10217 | T28: =IF(ISERROR(R28/O28),0,R28/O28) -> 0.23216473 | U28: =IF(O28=0,0,(R28+P28)/O28) -> 0.49948489 | V28: =IF($R28=0,"-",(VLOOKUP($N28,'APP 2885'!$B$10:$G$59,6)*$I28)/($R28+$P28)) -> 4.0057945 | X28: =IF(ISERROR(M28/O28),0,M28/O28) -> 1.7411709 | Y28: =IF(O28=0,0,(M28+P28)/O28) -> 2.0084911 | Z28: =IF($M28=0,"-",(VLOOKUP($N28,'APP 2885'!$B$10:$G$59,4)*$I28)/(M28+P28)) -> 0.90544992
A29: 008678-C-WALMART STORES INC # | B29: custom heat recovery | F29: 12702 | G29: unit | H29: 1 | I29: 12702 | J29: 70000 | K29: =H29*J29 -> 70000 | L29: =PV($C$46,$N29,(-0.05*0.9*$F29)) -> 5049.046 | M29: =MAX(0,H29*(J29-L29)) -> 64950.954 | N29: 12 | O29: =PV($C$46,N29,-I29) -> 112201.02 | P29: =$C$48*I29/SUM($I$25:$I$41) -> 35101.634 | R29: 16259 | T29: =IF(ISERROR(R29/O29),0,R29/O29) -> 0.14490955 | U29: =IF(O29=0,0,(R29+P29)/O29) -> 0.45775549 | V29: =IF($R29=0,"-",(VLOOKUP($N29,'APP 2885'!$B$10:$G$59,6)*$I29)/($R29+$P29)) -> 4.0582834 | X29: =IF(ISERROR(M29/O29),0,M29/O29) -> 0.57888024 | Y29: =IF(O29=0,0,(M29+P29)/O29) -> 0.89172618 | Z29: =IF($M29=0,"-",(VLOOKUP($N29,'APP 2885'!$B$10:$G$59,4)*$I29)/(M29+P29)) -> 1.8941423
A30: 008702-C-WALMART STORES INC # | B30: custom heat recovery | F30: 12702 | G30: unit | H30: 1 | I30: 12702 | J30: 70000 | K30: =H30*J30 -> 70000 | L30: =PV($C$46,$N30,(-0.05*0.9*$F30)) -> 5049.046 | M30: =MAX(0,H30*(J30-L30)) -> 64950.954 | N30: 12 | O30: =PV($C$46,N30,-I30) -> 112201.02 | P30: =$C$48*I30/SUM($I$25:$I$41) -> 35101.634 | R30: 16259 | T30: =IF(ISERROR(R30/O30),0,R30/O30) -> 0.14490955 | U30: =IF(O30=0,0,(R30+P30)/O30) -> 0.45775549 | V30: =IF($R30=0,"-",(VLOOKUP($N30,'APP 2885'!$B$10:$G$59,6)*$I30)/($R30+$P30)) -> 4.0582834 | X30: =IF(ISERROR(M30/O30),0,M30/O30) -> 0.57888024 | Y30: =IF(O30=0,0,(M30+P30)/O30) -> 0.89172618 | Z30: =IF($M30=0,"-",(VLOOKUP($N30,'APP 2885'!$B$10:$G$59,4)*$I30)/(M30+P30)) -> 1.8941423
A31: 008703-C-WALMART STORES INC # | B31: custom heat recovery | F31: 12702 | G31: unit | H31: 1 | I31: 12702 | J31: 70000 | K31: =H31*J31 -> 70000 | L31: =PV($C$46,$N31,(-0.05*0.9*$F31)) -> 5049.046 | M31: =MAX(0,H31*(J31-L31)) -> 64950.954 | N31: 12 | O31: =PV($C$46,N31,-I31) -> 112201.02 | P31: =$C$48*I31/SUM($I$25:$I$41) -> 35101.634 | R31: 16259 | T31: =IF(ISERROR(R31/O31),0,R31/O31) -> 0.14490955 | U31: =IF(O31=0,0,(R31+P31)/O31) -> 0.45775549 | V31: =IF($R31=0,"-",(VLOOKUP($N31,'APP 2885'!$B$10:$G$59,6)*$I31)/($R31+$P31)) -> 4.0582834 | X31: =IF(ISERROR(M31/O31),0,M31/O31) -> 0.57888024 | Y31: =IF(O31=0,0,(M31+P31)/O31) -> 0.89172618 | Z31: =IF($M31=0,"-",(VLOOKUP($N31,'APP 2885'!$B$10:$G$59,4)*$I31)/(M31+P31)) -> 1.8941423
A32: 008745-C-LV SCH DIST #122-R A | B32: custom heat recovery | F32: 3447 | G32: unit | H32: 1 | I32: 3447 | J32: 30200 | K32: =H32*J32 -> 30200 | L32: =PV($C$46,$N32,(-0.05*0.9*$F32)) -> 1603.5308 | M32: =MAX(0,H32*(J32-L32)) -> 28596.469 | N32: 15 | O32: =PV($C$46,N32,-I32) -> 35634.018 | P32: =$C$48*I32/SUM($I$25:$I$41) -> 9525.6914 | R32: 11720 | T32: =IF(ISERROR(R32/O32),0,R32/O32) -> 0.3288992 | U32: =IF(O32=0,0,(R32+P32)/O32) -> 0.59621936 | V32: =IF($R32=0,"-",(VLOOKUP($N32,'APP 2885'!$B$10:$G$59,6)*$I32)/($R32+$P32)) -> 3.3558686 | X32: =IF(ISERROR(M32/O32),0,M32/O32) -> 0.80250477 | Y32: =IF(O32=0,0,(M32+P32)/O32) -> 1.0698249 | Z32: =IF($M32=0,"-",(VLOOKUP($N32,'APP 2885'!$B$10:$G$59,4)*$I32)/(M32+P32)) -> 1.6998932
A33: 008667-C-WALMART STORES INC #2476 | B33: custom heat recovery | F33: 11505 | G33: unit | H33: 1 | I33: 11505 | J33: 70000 | K33: =H33*J33 -> 70000 | L33: =PV($C$46,$N33,(-0.05*0.9*$F33)) -> 4573.2384 | M33: =MAX(0,H33*(J33-L33)) -> 65426.762 | N33: 12 | O33: =PV($C$46,N33,-I33) -> 101627.52 | P33: =$C$48*I33/SUM($I$25:$I$41) -> 31793.757 | R33: 14726 | T33: =IF(ISERROR(R33/O33),0,R33/O33) -> 0.1449017 | U33: =IF(O33=0,0,(R33+P33)/O33) -> 0.45774764 | V33: =IF($R33=0,"-",(VLOOKUP($N33,'APP 2885'!$B$10:$G$59,6)*$I33)/($R33+$P33)) -> 4.0583531 | X33: =IF(ISERROR(M33/O33),0,M33/O33) -> 0.64378981 | Y33: =IF(O33=0,0,(M33+P33)/O33) -> 0.95663575 | Z33: =IF($M33=0,"-",(VLOOKUP($N33,'APP 2885'!$B$10:$G$59,4)*$I33)/(M33+P33)) -> 1.7656211
A34: 008668-C-WALMART STORES INC #3380 | B34: custom heat recovery | F34: 11307 | G34: unit | H34: 1 | I34: 11307 | J34: 70000 | K34: =H34*J34 -> 70000 | L34: =PV($C$46,$N34,(-0.05*0.9*$F34)) -> 4494.5333 | M34: =MAX(0,H34*(J34-L34)) -> 65505.467 | N34: 12 | O34: =PV($C$46,N34,-I34) -> 99878.519 | P34: =$C$48*I34/SUM($I$25:$I$41) -> 31246.589 | R34: 14473 | T34: =IF(ISERROR(R34/O34),0,R34/O34) -> 0.14490603 | U34: =IF(O34=0,0,(R34+P34)/O34) -> 0.45775197 | V34: =IF($R34=0,"-",(VLOOKUP($N34,'APP 2885'!$B$10:$G$59,6)*$I34)/($R34+$P34)) -> 4.0583147 | X34: =IF(ISERROR(M34/O34),0,M34/O34) -> 0.6558514 | Y34: =IF(O34=0,0,(M34+P34)/O34) -> 0.96869734 | Z34: =IF($M34=0,"-",(VLOOKUP($N34,'APP 2885'!$B$10:$G$59,4)*$I34)/(M34+P34)) -> 1.7436368
A35: 008669-C-WALMART STORES INC #2325 | B35: custom heat recovery | F35: 13405 | G35: unit | H35: 1 | I35: 13405 | J35: 70000 | K35: =H35*J35 -> 70000 | L35: =PV($C$46,$N35,(-0.05*0.9*$F35)) -> 5328.4885 | M35: =MAX(0,H35*(J35-L35)) -> 64671.511 | N35: 12 | O35: =PV($C$46,N35,-I35) -> 118410.86 | P35: =$C$48*I35/SUM($I$25:$I$41) -> 37044.355 | R35: 17158 | T35: =IF(ISERROR(R35/O35),0,R35/O35) -> 0.14490225 | U35: =IF(O35=0,0,(R35+P35)/O35) -> 0.45774819 | V35: =IF($R35=0,"-",(VLOOKUP($N35,'APP 2885'!$B$10:$G$59,6)*$I35)/($R35+$P35)) -> 4.0583482 | X35: =IF(ISERROR(M35/O35),0,M35/O35) -> 0.54616201 | Y35: =IF(O35=0,0,(M35+P35)/O35) -> 0.85900795 | Z35: =IF($M35=0,"-",(VLOOKUP($N35,'APP 2885'!$B$10:$G$59,4)*$I35)/(M35+P35)) -> 1.9662871
A36: 008670-C-WALMART STORES INC #5272 | B36: custom heat recovery | F36: 13405 | G36: unit | H36: 1 | I36: 13405 | J36: 70000 | K36: =H36*J36 -> 70000 | L36: =PV($C$46,$N36,(-0.05*0.9*$F36)) -> 5328.4885 | M36: =MAX(0,H36*(J36-L36)) -> 64671.511 | N36: 12 | O36: =PV($C$46,N36,-I36) -> 118410.86 | P36: =$C$48*I36/SUM($I$25:$I$41) -> 37044.355 | R36: 17158 | T36: =IF(ISERROR(R36/O36),0,R36/O36) -> 0.14490225 | U36: =IF(O36=0,0,(R36+P36)/O36) -> 0.45774819 | V36: =IF($R36=0,"-",(VLOOKUP($N36,'APP 2885'!$B$10:$G$59,6)*$I36)/($R36+$P36)) -> 4.0583482 | X36: =IF(ISERROR(M36/O36),0,M36/O36) -> 0.54616201 | Y36: =IF(O36=0,0,(M36+P36)/O36) -> 0.85900795 | Z36: =IF($M36=0,"-",(VLOOKUP($N36,'APP 2885'!$B$10:$G$59,4)*$I36)/(M36+P36)) -> 1.9662871
... A41: 008736-C-The Kroger Co | B41: custom other | F41: 5555 | G41: unit | H41: 1 | I41: 5555 | J41: 42240 | K41: =H41*J41 -> 42240 | L41: =PV($C$46,$N41,(-0.05*0.9*$F41)) -> 2208.1129 | M41: =MAX(0,H41*(J41-L41)) -> 40031.887 | N41: 12 | O41: =PV($C$46,N41,-I41) -> 49069.176 | P41: =$C$48*I41/SUM($I$25:$I$41) -> 15351.092 | R41: 11910 | T41: =IF(ISERROR(R41/O41),0,R41/O41) -> 0.24271857 | U41: =IF(O41=0,0,(R41+P41)/O41) -> 0.5555645 | V41: =IF($R41=0,"-",(VLOOKUP($N41,'APP 2885'!$B$10:$G$59,6)*$I41)/($R41+$P41)) -> 3.3438089 | X41: =IF(ISERROR(M41/O41),0,M41/O41) -> 0.81582554 | Y41: =IF(O41=0,0,(M41+P41)/O41) -> 1.1286715 | Z41: =IF($M41=0,"-",(VLOOKUP($N41,'APP 2885'!$B$10:$G$59,4)*$I41)/(M41+P41)) -> 1.4964995
A42: TOTAL PROGRAM | E42: =SUM(E4:E41) -> 107 | I42: =SUM(I4:I41) -> 377038.26 | K42: =SUM(K4:K41) -> 2273830.8 | M42: =SUM(M4:M41) -> 2079067.2 | N42: =SUMPRODUCT(I4:I41,N4:N41)/SUM(I4:I41) -> 19.195549 | O42: =SUM(O4:O41) -> 4328082 | P42: =SUM(P4:P41) -> 1247031 | R42: =SUM(R4:R41)-3237.23 -> 1274732 | T42: =IF(ISERROR(R42/O42),0,R42/O42) -> 0.29452584 | U42: =(R42+P42)/O42 -> 0.58265139 | V42: =IF($R42=0,"-",(VLOOKUP($N42,'APP 2885'!$B$10:$G$59,6)*$I42)/($R42+$P42)) -> 5.6520984 | X42: =M42/O42 -> 0.48036686 | Y42: =(M42+P42)/O42 -> 0.76849241 | Z42: =IF($M42=0,"-",(VLOOKUP($N42,'APP 2885'!$B$10:$G$59,4)*$I42)/(M42+P42)) -> 3.8960982
B44: Nominal interest rate (post tax cost of cap.) | C44: 0.0506 | J44: non-energy | K44: =K42-M42 -> 194763.69 | R44: =1274732 -> 1274732
B45: Inflation rate | C45: 0.02 | R45: =R42-R44 -> 0.0032500001
B46: Long term real discount rate | C46: 0.0506
B47: Total 2024 Program Admin. | C47: 1247031
B48: Custom Admin. | C48: =C47*0.4 -> 498812.4
B49: Prescriptive Admin. | C49: =C47*0.6 -> 748218.6
B52: 766935

Sheet Projects.24
A1: Parent Project | B1: Parent Site | C1: Address 1 (Parent Site) (Sites) | D1: Account Number (Parent Site) (Sites) | E1: Premise (Parent Site) (Sites) | F1: Project Description (Parent Project) (Project) | G1: Client Invoice Number (Parent Project) (Project) | H1: Actual End 1 | I1: Actual Inc Amt | J1: Current Savings Thm (Parent Project) (Project) | K1: Payee Company
A2: 008680-C-Louis Auto Glass | B2: Louis Auto Glass | C2: 1512 N STATE ST | D2: 7037400000 | E2: 7037400189 | F2: Attic & wall Insulation bundle | G2: CR24-2.01 | H2: 45393 | I2: 10962 | J2: 1581.29 | K2: Yakima County
A3: 008707-C-BURLINGTON LITTLE SC | B3: BURLINGTON LITTLE SCHOOL | C3: 207 S GARDNER RD | D3: 2514100000 | E3: 2514100811 | F3: Attic insulation | G3: CR24-6.02 | H3: 45502 | I3: 11500 | J3: 1472 | K3: Corix DE Systems (Washington) LLC
A4: 008709-C-Baylii Branding | B4: Baylii Branding | C4: 901 Cleveland Ave | D4: 9428819783 | E4: 9231300840 | F4: Attic insulation | G4: CR24-7.01 | H4: 45509 | I4: 3504 | J4: 543.12 | K4: Terry Walters
A5: 008731-C-ANACORTES BREWING CO | B5: ANACORTES BREWING CO LLC | C5: 314 COMMERCIAL AVE | D5: 3217189171 | E5: 4508000544 | F5: Attic insulation | G5: CR24-11.03 | H5: 45638 | I5: 9790 | J5: 1253.12 | K5: Terry Walters
A6: 008686-C-West Coast Oriental | B6: West Coast Oriental Market LLC | C6: 4064 MERIDIAN ST | D6: 5352830570 | E6: 1148600985 | F6: Attic insulation - tier 1 | G6: CR24-3.02 | H6: 45393 | I6: 5160 | J6: 799.8 | K6: Whatcom County Association of Realtors
A7: 008687-C-SQUALICUM YACHT CLUB | B7: SQUALICUM YACHT CLUB | C7: 2633 S HARBOR LOOP DR | D7: 6451600000 | E7: 6451600150 | F7: Attic insulation - tier 1 | G7: CR24-3.02 | H7: 45393 | I7: 2176 | J7: 337.28 | K7: Walmart
A8: 008748-C-KETELSEN CONSTRUCTIO | B8: KETELSEN CONSTRUCTION | C8: 2926 MELROSE ST | D8: 7873910000 | E8: 7873910985 | F8: Attic insulation - tier 2 | G8: CR24-12.03 | H8: 45649 | I8: 4200 | J8: 537.6 | K8: Taper
A9: 008721-C-The Salvation Army | B9: The Salvation Army | C9: 3001 R AVE STE 106 | D9: 6799528082 | E9: 3742000851 | F9: Attic insulation bundle | G9: CR24-9.01 | H9: 45597 | I9: 7680 | J9: 991.4 | K9: Louis Auto Glass
A10: 008659-C-Whatcom County Assoc. of Realtors (WCAR) | B10: Whatcom County Assoc. of Realtors (WCAR) | C10: 3317 NORTHWEST AVE | D10: 4250700000 | E10: 4250700799 | F10: Attic insulation R-49 | G10: CR24-1.03 | H10: 45330 | I10: 1764 | J10: 273.42 | K10: John Friesen
A11: 008675-C-Bellingham Waterfron | B11: Bellingham Waterfront District Energy Utility | C11: 105 W Laurel St | D11: 6680974024 | E11: 1089083767 | F11: Boiler | G11: CR24-1.01 | H11: 45334 | I11: 19990 | J11: 4197.9 | K11: Zirkle Fruit Company
A12: 008685-C-Josephine Caring Com | B12: Josephine Caring Community | C12: 9901 272ND PL NW | D12: 9294400000 | E12: 9294400038 | F12: Boiler | G12: CR24-3.02 | H12: 45393 | I12: 25000 | J12: 5250 | K12: GV Lot 2, LLC
A13: 008699-C-Bellingham Waterfron | B13: Bellingham Waterfront District Energy Utility | C13: 105 W Laurel St | D13: 6680974024 | E13: 1089083767 | F13: Boiler | G13: CR24-5.02 | H13: 45449 | I13: 19990 | J13: 4197.9 | K13: Squalicum Yacht Club
... A79: 008678-C-WALMART STORES INC # | B79: WALMART STORES INC #3742 | C79: 1486 DIKE ACCESS RD | D79: 6167013767 | E79: 3637720000 | F79: Woodland - Refrigeration heat reclamation to ventilation air | G79: CR24-2.01 | H79: 45393 | I79: 16259 | J79: 12702 | K79: Andrew Barber

Sheet APP 2885
A1: CASCADE NATURAL GAS CORPORATION
A2: INTEGRATED RESOURCE PLAN
A3: PORTFOLIO COST APPENDIX 1 TABLE H
A4: 45 YEAR RESOURCE SUMMARY COSTS - MELDED COST PER THERM
B6: YEAR | C6: IRP ANNUAL | D6: NOMINAL | E6: PV OF | F6: NON | G6: PORTFOLIO
C7: PORTFOLIO | D7: COST | E7: RESOURCE | F7: ENERGY | G7: COSTS WITH
C8: COST PER | D8: PER | E8: PORTFOLIO | F8: BENEFIT | G8: CONSERVATION
C9: THERM (PV)* | D9: THERM | E9: COST/THERM | G9: CREDIT
A10: 2023 | B10: 1 | C10: 1.31 | D10: 1.31 | E10: 1.31 | F10: 0.1 | G10: 1.4464
A11: 2024 | B11: 2 | C11: 1.19 | D11: 1.25 | E11: 2.56 | F11: 0.1 | G11: 2.8214
A12: 2025 | B12: 3 | C12: 0.98 | D12: 1.08 | E12: 3.64 | F12: 0.1 | G12: 4.0084
A13: 2026 | B13: 4 | C13: 0.82 | D13: 0.95 | E13: 4.6 | F13: 0.1 | G13: 5.0564
A14: 2027 | B14: 5 | C14: 0.85 | D14: 1.03 | E14: 5.63 | F14: 0.1 | G14: 6.1889
A15: 2028 | B15: 6 | C15: 0.79 | D15: 1.01 | E15: 6.64 | F15: 0.1 | G15: 7.3028
A16: 2029 | B16: 7 | C16: 0.81 | D16: 1.09 | E16: 7.72 | F16: 0.1 | G16: 8.4963
A17: 2030 | B17: 8 | C17: 1.9 | D17: 2.69 | E17: 10.41 | F17: 0.1 | G17: 11.4553
A18: 2031 | B18: 9 | C18: 0.75 | D18: 1.11 | E18: 11.52 | F18: 0.1 | G18: 12.6732
A19: 2032 | B19: 10 | C19: 0.67 | D19: 1.04 | E19: 12.56 | F19: 0.1 | G19: 13.8164
A20: 2033 | B20: 11 | C20: 0.73 | D20: 1.2 | E20: 13.76 | F20: 0.1 | G20: 15.1328
A21: 2034 | B21: 12 | C21: 0.67 | D21: 1.16 | E21: 14.92 | F21: 0.1 | G21: 16.4097
... A59: 2072 | B59: 50 | C59: 0.34 | D59: 3 | E59: 102.61 | F59: 0.1 | G59: 112.8726
A61: Cascade's Long Term Real Discount Rate: | E61: 0.0506
C62: IRP Discount Rate = | E62: 0.0506
C63: Revised Discount Rate= | E63: 0.0417
C64: Years 21-45 Escalation = | E64: 0.02 | F64: (EIA Inflation Rate)

Sheet Sheet12
A1: Parent Project | B1: Parent Site | C1: Address 1 (Parent Site) (Sites) | D1: Account Number (Parent Site) (Sites) | E1: Premise (Parent Site) (Sites) | F1: Project Description (Parent Project) (Project) | G1: Client Invoice Number (Parent Project) (Project) | H1: Actual End 1 | I1: Actual Inc Amt | J1: Current Savings Thm (Parent Project) (Project) | K1: Payee Company
A2: 008680-C-Louis Auto Glass | B2: Louis Auto Glass | C2: 1512 N STATE ST | D2: 7037400000 | E2: 7037400189 | F2: Attic & wall Insulation bundle | G2: CR24-2.01 | H2: 45393 | I2: 10962 | J2: 1581.29 | K2: Yakima County
A3: 008707-C-BURLINGTON LITTLE SC | B3: BURLINGTON LITTLE SCHOOL | C3: 207 S GARDNER RD | D3: 2514100000 | E3: 2514100811 | F3: Attic insulation | G3: CR24-6.02 | H3: 45502 | I3: 11500 | J3: 1472 | K3: Corix DE Systems (Washington) LLC
A4: 008709-C-Baylii Branding | B4: Baylii Branding | C4: 901 Cleveland Ave | D4: 9428819783 | E4: 9231300840 | F4: Attic insulation | G4: CR24-7.01 | H4: 45509 | I4: 3504 | J4: 543.12 | K4: Terry Walters
A5: 008731-C-ANACORTES BREWING CO | B5: ANACORTES BREWING CO LLC | C5: 314 COMMERCIAL AVE | D5: 3217189171 | E5: 4508000544 | F5: Attic insulation | G5: CR24-11.03 | H5: 45638 | I5: 9790 | J5: 1253.12 | K5: Terry Walters
A6: 008686-C-West Coast Oriental | B6: West Coast Oriental Market LLC | C6: 4064 MERIDIAN ST | D6: 5352830570 | E6: 1148600985 | F6: Attic insulation - tier 1 | G6: CR24-3.02 | H6: 45393 | I6: 5160 | J6: 799.8 | K6: Whatcom County Association of Realtors
A7: 008687-C-SQUALICUM YACHT CLUB | B7: SQUALICUM YACHT CLUB | C7: 2633 S HARBOR LOOP DR | D7: 6451600000 | E7: 6451600150 | F7: Attic insulation - tier 1 | G7: CR24-3.02 | H7: 45393 | I7: 2176 | J7: 337.28 | K7: Walmart
A8: 008748-C-KETELSEN CONSTRUCTIO | B8: KETELSEN CONSTRUCTION | C8: 2926 MELROSE ST | D8: 7873910000 | E8: 7873910985 | F8: Attic insulation - tier 2 | G8: CR24-12.03 | H8: 45649 | I8: 4200 | J8: 537.6 | K8: Taper
A9: 008721-C-The Salvation Army | B9: The Salvation Army | C9: 3001 R AVE STE 106 | D9: 6799528082 | E9: 3742000851 | F9: Attic insulation bundle | G9: CR24-9.01 | H9: 45597 | I9: 7680 | J9: 991.4 | K9: Louis Auto Glass
A10: 008659-C-Whatcom County Assoc. of Realtors (WCAR) | B10: Whatcom County Assoc. of Realtors (WCAR) | C10: 3317 NORTHWEST AVE | D10: 4250700000 | E10: 4250700799 | F10: Attic insulation R-49 | G10: CR24-1.03 | H10: 45330 | I10: 1764 | J10: 273.42 | K10: John Friesen
A11: 008675-C-Bellingham Waterfron | B11: Bellingham Waterfront District Energy Utility | C11: 105 W Laurel St | D11: 6680974024 | E11: 1089083767 | F11: Boiler | G11: CR24-1.01 | H11: 45334 | I11: 19990 | J11: 4197.9 | K11: Zirkle Fruit Company
A12: 008685-C-Josephine Caring Com | B12: Josephine Caring Community | C12: 9901 272ND PL NW | D12: 9294400000 | E12: 9294400038 | F12: Boiler | G12: CR24-3.02 | H12: 45393 | I12: 25000 | J12: 5250 | K12: GV Lot 2, LLC
A13: 008699-C-Bellingham Waterfron | B13: Bellingham Waterfront District Energy Utility | C13: 105 W Laurel St | D13: 6680974024 | E13: 1089083767 | F13: Boiler | G13: CR24-5.02 | H13: 45449 | I13: 19990 | J13: 4197.9 | K13: Squalicum Yacht Club
... A79: 008678-C-WALMART STORES INC # | B79: WALMART STORES INC #3742 | C79: 1486 DIKE ACCESS RD | D79: 6167013767 | E79: 3637720000 | F79: Woodland - Refrigeration heat reclamation to ventilation air | G79: CR24-2.01 | H79: 45393 | I79: 16259 | J79: 12702 | K79: Andrew Barber
A80: 008647-C-MOUNT VERNON CHRISTI | I80: 1900 | J80: 282
A81: 008647-C-MOUNT VERNON CHRISTI | I81: 1900 | J81: 282
A82: 008647-C-MOUNT VERNON CHRISTI | I82: 1900 | J82: 282
A83: 008656-C-MARDIS MANOR | I83: 1137.45 | J83: 73.96
A84: 008657-C-Chipotle Mexican Gri | I84: 2273 | J84: 560.06
A85: 008657-C-Chipotle Mexican Gri | I85: 2273 | J85: 560.06
A86: 008657-C-Chipotle Mexican Gri | I86: 2273 | J86: 560.06
A87: 008658-C-Red Brick LLC | I87: 420 | J87: 92.4
A88: 008661-C-Champion Summit Hold | I88: 9064.5 | J88: 1076.06
A89: 008661-C-Champion Summit Hold | I89: 9064.5 | J89: 1076.06
A90: 008661-C-Champion Summit Hold | I90: 9064.5 | J90: 1076.06
A91: 008665-C-FRED MEYER KRO-70000 | I91: 331626 | J91: 59692.68
... A101: 008672-C-WALMART STORES INC #5078 | I101: 14953 | J101: 11682
C104: 382355.81

Sheet 2023 CR projects (ADD)
A1: Parent Project | B1: measure afp | C1: savings | D1: incentive | E1: quantity | F1: unit | G1: Efficiency | H1: Standard | I1: $ per unit | J1: Parent Site | K1: Address 1 (Parent Site) (Sites) | L1: Account Number | M1: Premise (Parent Site) (Sites) | N1: Project Description (Parent Project) (Project) | O1: Client Invoice Number (Parent Project) (Project) | P1: Actual End 1 | Q1: Actual Inc Amt | R1: Current Savings Thm (Parent Project) (Project) | S1: Payee Company
A2: 008647-C-MOUNT VERNON CHRISTI | B2: Convection Oven (School) | C2: 141 | D2: 800 | E2: 1 | G2: ENERGY STAR | H2: ENERGY STAR | I2: 800 | J2: MOUNT VERNON CHRISTIAN SCHOOL | K2: 820 W BLACKBURN RD # B | L2: 7504300000 | M2: 7504300021 | N2: Convection ovens bundle | O2: CR23-12.01 | P2: 45306 | Q2: 1900 | R2: 282 | S2: Tosca Equipment
A3: 008647-C-MOUNT VERNON CHRISTI | B3: Convection Oven (School) | C3: 141 | D3: 800 | E3: 1 | G3: ENERGY STAR | H3: ENERGY STAR | I3: 800 | J3: MOUNT VERNON CHRISTIAN SCHOOL | K3: 820 W BLACKBURN RD # B | L3: 7504300000 | M3: 7504300021 | N3: Convection ovens bundle | O3: CR23-12.01 | P3: 45306 | Q3: 1900 | R3: 282 | S3: Tosca Equipment
A4: 008647-C-MOUNT VERNON CHRISTI | B4: Bonus - Kitchen Bundle B (2 - measures) | C4: 0 | D4: 300 | E4: 1 | F4: unit | G4: - | H4: ANY 2 KITCHEN EQUIPMENT MEASURES | I4: 300 | J4: MOUNT VERNON CHRISTIAN SCHOOL | K4: 820 W BLACKBURN RD # B | L4: 7504300000 | M4: 7504300021 | N4: Convection ovens bundle | O4: CR23-12.01 | P4: 45306 | Q4: 1900 | R4: 282 | S4: Tosca Equipment
A5: 008656-C-MARDIS MANOR | B5: Windows - Tier 1 | C5: 73.96 | D5: 1137.45 | E5: 151.7 | F5: SF | G5: U-0.30 | H5: SINGLE PANE TO 0.30 OR LESS | I5: 7.5 | J5: MARDIS MANOR | K5: 433 WASHINGTON ST | L5: 7589810000 | M5: 7589810492 | N5: Windows - tier 1 (Apt B4) | O5: CR23-12.01 | P5: 45306 | Q5: 1137.45 | R5: 73.96 | S5: Whitman College Trust
A6: 008657-C-Chipotle Mexican Gri | B6: Tankless Water Heater - Tier 2 | C6: 228 | D6: 900 | E6: 6 | G6: 95% | H6: MINIMUM 0.93 EF | I6: 150 | J6: Chipotle Mexican Grill #4387 | K6: 21401 Olhava Way NW Ste 101 | L6: 0139918234 | N6: Tankless tier 2 & gas furnace | O6: CR23-12.01 | P6: 45306 | Q6: 2273 | R6: 560.06 | S6: Engie Insight Services, Inc
A7: 008657-C-Chipotle Mexican Gri | B7: Tankless Water Heater - Tier 2 | C7: 228 | D7: 900 | E7: 6 | G7: 95% | H7: MINIMUM 0.93 EF | I7: 150 | J7: Chipotle Mexican Grill #4387 | K7: 21401 Olhava Way NW Ste 101 | L7: 0139918234 | N7: Tankless tier 2 & gas furnace | O7: CR23-12.01 | P7: 45306 | Q7: 2273 | R7: 560.06 | S7: Engie Insight Services, Inc
A8: 008657-C-Chipotle Mexican Gri | B8: Warm-Air Furnace | C8: 104.06 | D8: 473 | E8: 94.6 | G8: 95% | H8: MINIMUM 91% AFUE | I8: 5 | J8: Chipotle Mexican Grill #4387 | K8: 21401 Olhava Way NW Ste 101 | L8: 0139918234 | N8: Tankless tier 2 & gas furnace | O8: CR23-12.01 | P8: 45306 | Q8: 2273 | R8: 560.06 | S8: Engie Insight Services, Inc
A9: 008658-C-Red Brick LLC | B9: Warm-Air Furnace | C9: 92.4 | D9: 420 | E9: 84 | G9: 95% | H9: MINIMUM 91% AFUE | I9: 5 | J9: Red Brick Management LLC | K9: 7535 W KENNEWICK AVE STE G | L9: 9753894782 | M9: 5429510065 | N9: Gas furnace | O9: CR23-12.01 | P9: 45306 | Q9: 420 | R9: 92.4 | S9: Red Brick LLC
A10: 008661-C-Champion Summit Hold | B10: Insulation - Attic - Tier 2 - Min R-45 | C10: 1017.92 | D10: 7952.5 | E10: 3181 | F10: SF | G10: R-49 | H10: Minimum R-45 | I10: 2.5 | J10: Champion Summit Holdings LLC | K10: 1120 W LINCOLN AVE | L10: 3168773900 | M10: 725020647 | N10: Attic & wall insulation bundle | O10: CR23-12.01 | P10: 45306 | Q10: 9064.5 | R10: 1076.06 | S10: Champion Summit Holdings LLC
A11: 008661-C-Champion Summit Hold | B11: Insulation - Wall - Tier 2 - Min R-19 | C11: 58.14 | D11: 612 | E11: 306 | F11: SF | G11: R-19 | H11: Tier 2 Minimum R-19 | I11: 2.0 | J11: Champion Summit Holdings LLC | K11: 1120 W LINCOLN AVE | L11: 3168773900 | M11: 725020647 | N11: Attic & wall insulation bundle | O11: CR23-12.01 | P11: 45306 | Q11: 9064.5 | R11: 1076.06 | S11: Champion Summit Holdings LLC
A12: 008661-C-Champion Summit Hold | B12: Bundle A - INSULATION | C12: 0 | D12: 500 | E12: 1 | F12: unit | G12: - | H12: TWO INSULATION MEASURES = 1K SF | I12: 500 | J12: Champion Summit Holdings LLC | K12: 1120 W LINCOLN AVE | L12: 3168773900 | M12: 725020647 | N12: Attic & wall insulation bundle | O12: CR23-12.01 | P12: 45306 | Q12: 9064.5 | R12: 1076.06 | S12: Champion Summit Holdings LLC
A13: 008665-C-FRED MEYER KRO-70000 | B13: Insulation - Roof - Tier 2 - Min R-30 | C13: 59,692.68 | D13: 331,626.00 | E13: 165913 | F13: SF | G13: R-38 | H13: Tier 2 / Minimum R-30 | I13: 2 | J13: FRED MEYER KRO-70000286 | K13: 101 WELLSIAN WAY | L13: 4973810000 | M13: 4973810450 | N13: Roof insulation - tier 2 | O13: CR23-12.02 | P13: 45306 | Q13: 331626 | R13: 59692.68 | S13: Fred Meyer
A14: 008660-C-Javis Chicken and Ch | B14: Insulation - Attic - Tier 1 - Min R-30 | C14: 634.26 | D14: 4092 | E14: 2046 | F14: SF | G14: R-38 | H14: Tier 1 / Minimum R-30 | I14: 2 | J14: Javis Chicken and Churros | K14: 632 E EDISON AVE | L14: 9918797729 | M14: 8640510569 | N14: Attic & wall insulation bundle | O14: CR23-12.03 | P14: 45306 | Q14: 5712 | R14: 740.66 | S14: Javis Chicken and Churros
A15: 008660-C-Javis Chicken and Ch | B15: Insulation - Wall - Tier 2 - Min R-19 | C15: 106.4 | D15: 1120 | E15: 560 | F15: SF | G15: R-21 | H15: Tier 1 / Minimum R-31 | I15: 2 | J15: Javis Chicken and Churros | K15: 632 E EDISON AVE | L15: 9918797729 | M15: 8640510569 | N15: Attic & wall insulation bundle | O15: CR23-12.03 | P15: 45306 | Q15: 5712 | R15: 740.66 | S15: Javis Chicken and Churros
A16: 008660-C-Javis Chicken and Ch | B16: Bonus - Insulation Bundle A | C16: 0 | D16: 500 | E16: 1 | F16: unit | G16: - | H16: Two Insulation Measures=> 1K SF | I16: 500 | J16: Javis Chicken and Churros | K16: 632 E EDISON AVE | L16: 9918797729 | M16: 8640510569 | N16: Attic & wall insulation bundle | O16: CR23-12.03 | P16: 45306 | Q16: 5712 | R16: 740.66 | S16: Javis Chicken and Churros
A17: 008666-C-B AND M RENTALS | B17: Insulation - Attic - Tier 1 - Min R-30 | C17: 4236.46 | D17: 27332 | E17: 13666 | F17: SF | G17: R-38 | H17: Tier 1 / Minimum R-30 | I17: 2 | J17: B AND M RENTALS | K17: 1702 ENGLEWOOD AVE | L17: 6104232326 | M17: 6545020791 | N17: Attic insulation - tier 1 | O17: CR23-12.03 | P17: 45306 | Q17: 27332 | R17: 4236.46 | S17: B & M Rentals LLC
A18: 008667-C-WALMART STORES INC #2476 | B18: Custom Heat Recovery | C18: 11505 | D18: 14726 | E18: 1 | F18: unit | G18: - | H18: Refrigeration Heat Reclaim | I18: - | J18: WALMART STORES INC #2476 | K18: 1700 SE MEADOWBROOK BLVD | L18: 3065910000 | M18: 3065910592 | N18: College Place - Refrigeration heat reclamation to ventilation air | O18: CR23-12.04 | P18: 45306 | Q18: 14726 | R18: 11505 | S18: Walmart
A19: 008668-C-WALMART STORES INC #3380 | B19: Custom Heat Recovery | C19: 11307 | D19: 14473 | E19: 1 | F19: unit | G19: - | H19: Refrigeration Heat Reclaim | I19: - | J19: WALMART STORES INC #3380 | K19: 4820 ROAD 68 | L19: 9412710000 | M19: 9412710176 | N19: Pasco - Refrigeration heat reclamation to ventilation air | O19: CR23-12.04 | P19: 45306 | Q19: 14473 | R19: 11307 | S19: Walmart
A20: 008669-C-WALMART STORES INC #2325 | B20: Custom Heat Recovery | C20: 13405 | D20: 17158 | E20: 1 | F20: unit | G20: - | H20: Refrigeration Heat Reclaim | I20: - | J20: WALMART STORES INC #2325 | K20: 3497 BETHEL RD SE | L20: 8025210000 | M20: 8025210549 | N20: Port Orchard - Refrigeration heat reclamation to ventilation air | O20: CR23-12.04 | P20: 45306 | Q20: 17158 | R20: 13405 | S20: Walmart
A21: 008670-C-WALMART STORES INC #5272 | B21: Custom Heat Recovery | C21: 13405 | D21: 17158 | E21: 1 | F21: unit | G21: - | H21: Refrigeration Heat Reclaim | I21: - | J21: WALMART STORES INC #5272 | K21: 21200 OLHAVA WAY NW | L21: 8026310000 | M21: 8026310194 | N21: Poulsbo - Refrigeration heat reclamation to ventilation air | O21: CR23-12.05 | P21: 45306 | Q21: 17158 | R21: 13405 | S21: Walmart
... A23: 008672-C-WALMART STORES INC #5078 | B23: Custom Heat Recovery | C23: 11682 | D23: 14953 | E23: 1 | F23: unit | G23: - | H23: Refrigeration Heat Reclaim | I23: - | J23: WALMART STORES INC #5078 | K23: 6600 W NOB HILL BLVD | L23: 1312020000 | M23: 1312020103 | N23: Yakima - Refrigeration heat reclamation to ventilation air | O23: CR23-12.05 | P23: 45306 | Q23: 14953 | R23: 11682 | S23: Walmart

Sheet All projects by Unit
A1: Parent Project | B1: measure afp | C1: savings | D1: incentive | E1: quantity | F1: unit | G1: Efficiency | H1: Standard | I1: $ per unit | J1: Parent Site | K1: Address 1 (Parent Site) (Sites) | L1: Account Number (Parent Site) (Sites) | M1: Premise (Parent Site) (Sites) | N1: Project Description (Parent Project) (Project) | O1: Client Invoice Number (Parent Project) (Project) | P1: Actual End 1 | Q1: Total Actual Inc Amt | R1: Total Savings Thm (Parent Project) (Project) | S1: Payee Company
A2: 008673-C-JUVENILE JUSTICE CEN | B2: boiler | C2: 1012.5 | D2: 4500 | E2: 750 | F2: kBtu/hr input | G2: Min 85% TE* & 300 kBtu/hr input | H2: High Efficiency Condensing | I2: 6 | J2: JUVENILE JUSTICE CENTER #107 | K2: 1728 JEROME AVE | L2: 1830120000 | M2: 1830120837 | N2: Boilers | O2: CR24-1.01 | P2: 45334 | Q2: 18000 | R2: 4050 | S2: Red Brick Management LLC
A3: 008673-C-JUVENILE JUSTICE CEN | B3: boiler | C3: 1012.5 | D3: 4500 | E3: 750 | F3: kBtu/hr input | G3: Min 85% TE* & 300 kBtu/hr input | H3: High Efficiency Condensing | I3: 6 | J3: JUVENILE JUSTICE CENTER #107 | K3: 1728 JEROME AVE | L3: 1830120000 | M3: 1830120837 | N3: Boilers | O3: CR24-1.01 | P3: 45334 | Q3: 18000 | R3: 4050 | S3: Red Brick Management LLC
A4: 008673-C-JUVENILE JUSTICE CEN | B4: boiler | C4: 1012.5 | D4: 4500 | E4: 750 | F4: kBtu/hr input | G4: Min 85% TE* & 300 kBtu/hr input | H4: High Efficiency Condensing | I4: 6 | J4: JUVENILE JUSTICE CENTER #107 | K4: 1728 JEROME AVE | L4: 1830120000 | M4: 1830120837 | N4: Boilers | O4: CR24-1.01 | P4: 45334 | Q4: 18000 | R4: 4050 | S4: Red Brick Management LLC
A5: 008673-C-JUVENILE JUSTICE CEN | B5: boiler | C5: 1012.5 | D5: 4500 | E5: 750 | F5: kBtu/hr input | G5: Min 85% TE* & 300 kBtu/hr input | H5: High Efficiency Condensing | I5: 6 | J5: JUVENILE JUSTICE CENTER #107 | K5: 1728 JEROME AVE | L5: 1830120000 | M5: 1830120837 | N5: Boilers | O5: CR24-1.01 | P5: 45334 | Q5: 18000 | R5: 4050 | S5: Red Brick Management LLC
A6: 008675-C-Bellingham Waterfron | B6: boiler | C6: 4197.9 | D6: 19990 | E6: 1999 | F6: kBtu/hr input | G6: Min 90% TE & 300 kBtu/hr input | H6: MINIMUM 91% AFUE & 300KBTU/HR | I6: 10 | J6: Bellingham Waterfront District Energy Utility | K6: 105 W Laurel St | L6: 6680974024 | M6: 1089083767 | N6: Boiler | O6: CR24-1.01 | P6: 45334 | Q6: 19990 | R6: 4197.9 | S6: Zirkle Fruit Company
A7: 008685-C-Josephine Caring Com | B7: Boiler | C7: 5250 | D7: 25000 | E7: 2500 | F7: kBtu/hr input | G7: 0.96 | H7: High Efficiency Condensing | I7: 0.1 | J7: Josephine Caring Community | K7: 9901 272ND PL NW | L7: 9294400000 | M7: 9294400038 | N7: Boiler | O7: CR24-3.02 | P7: 45393 | Q7: 25000 | R7: 5250 | S7: GV Lot 2, LLC
A8: 008697-C-The Church of Jesus | B8: Boiler | C8: 3150 | D8: 15000 | E8: 1500 | F8: kBtu/hr input | G8: 0.96 | H8: Minimum 90% TE & 300 kBtu/hr input | I8: 10 | J8: The Church of Jesus Christ of Latter Day Saints | K8: 401 Yonezawa Blvd | L8: 6015935715 | M8: 1673028528 | N8: Boilers | O8: CR24-5.01 | P8: 45433 | Q8: 30000 | R8: 6300 | S8: Red Brick Management LLC
A9: 008697-C-The Church of Jesus | B9: Boiler | C9: 3150 | D9: 15000 | E9: 1500 | F9: kBtu/hr input | G9: 0.96 | H9: Minimum 90% TE & 300 kBtu/hr input | I9: 10 | J9: The Church of Jesus Christ of Latter Day Saints | K9: 401 Yonezawa Blvd | L9: 6015935715 | M9: 1673028528 | N9: Boilers | O9: CR24-5.01 | P9: 45433 | Q9: 30000 | R9: 6300 | S9: Red Brick Management LLC
A10: 008699-C-Bellingham Waterfron | B10: Boiler | C10: 4197.9 | D10: 19990 | E10: 1999 | F10: kBtu/hr input | G10: 0.96 | H10: Minimum 90% TE & 300 kBtu/hr input | I10: 10 | J10: Bellingham Waterfront District Energy Utility | K10: 105 W Laurel St | L10: 6680974024 | M10: 1089083767 | N10: Boiler | O10: CR24-5.02 | P10: 45449 | Q10: 19990 | R10: 4197.9 | S10: Squalicum Yacht Club
A11: 008705-C-THE ENSIGN GROUP INC | B11: Boiler | C11: 632.1 | D11: 3010 | E11: 301 | F11: kBtu/hr input | G11: 0.97 | H11: MIN 90% TE and 300 kBtu/hr/input | I11: 10 | J11: THE ENSIGN GROUP INC | K11: 1710 PLAZA WAY | L11: 3196810000 | M11: 3196810006 | N11: Boilers | O11: CR24-6.01 | P11: 45471 | Q11: 6020 | R11: 1264.2 | S11: Arrow Insulation, Inc
A12: 008705-C-THE ENSIGN GROUP INC | B12: Boiler | C12: 632.1 | D12: 3010 | E12: 301 | F12: kBtu/hr input | G12: 0.97 | H12: MIN 90% TE and 300 kBtu/hr/input | I12: 10 | J12: THE ENSIGN GROUP INC | K12: 1710 PLAZA WAY | L12: 3196810000 | M12: 3196810006 | N12: Boilers | O12: CR24-6.01 | P12: 45471 | Q12: 6020 | R12: 1264.2 | S12: Arrow Insulation, Inc
A13: 008710-C-City of Lynden | B13: Boiler | C13: 514.5 | D13: 2450 | E13: 245 | F13: kBtu/hr input | G13: 0.96 | H13: MINIMUM 91% AFUE & 300KBTU/HR | I13: 10 | J13: City of Lynden | K13: 203 19TH ST | L13: 9311900000 | M13: 9311900079 | N13: Boilers | O13: CR24-7.01 | P13: 45509 | Q13: 4900 | R13: 1029 | S13: City of Pasco
A14: 008710-C-City of Lynden | B14: Boiler | C14: 514.5 | D14: 2450 | E14: 245 | F14: kBtu/hr input | G14: 0.96 | H14: MINIMUM 91% AFUE & 300KBTU/HR | I14: 10 | J14: City of Lynden | K14: 203 19TH ST | L14: 9311900000 | M14: 9311900079 | N14: Boilers | O14: CR24-7.01 | P14: 45509 | Q14: 4900 | R14: 1029 | S14: City of Pasco
A15: 008711-C-Local Bounti LLC | B15: Boiler | C15: 8400 | D15: 40000 | E15: 4000 | F15: kBtu/hr input | G15: 0.95 | H15: MINIMUM 90% TE & 300 KBTU/HR | I15: 10 | J15: Local Bounti LLC | K15: 950 S Elm St | L15: 5683279924 | M15: 3098930441 | N15: Boilers & tankless HWH tier 2 | O15: CR24-7.02 | P15: 45524 | Q15: 123600 | R15: 26112 | S15: Coin Street Laundry
A16: 008711-C-Local Bounti LLC | B16: Boiler | C16: 8400 | D16: 40000 | E16: 4000 | F16: kBtu/hr input | G16: 0.95 | H16: MINIMUM 90% TE & 300 KBTU/HR | I16: 10 | J16: Local Bounti LLC | K16: 950 S Elm St | L16: 5683279924 | M16: 3098930441 | N16: Boilers & tankless HWH tier 2 | O16: CR24-7.02 | P16: 45524 | Q16: 123600 | R16: 26112 | S16: Coin Street Laundry
A17: 008711-C-Local Bounti LLC | B17: Boiler | C17: 8400 | D17: 40000 | E17: 4000 | F17: kBtu/hr input | G17: 0.95 | H17: MINIMUM 90% TE & 300 KBTU/HR | I17: 10 | J17: Local Bounti LLC | K17: 950 S Elm St | L17: 5683279924 | M17: 3098930441 | N17: Boilers & tankless HWH tier 2 | O17: CR24-7.02 | P17: 45524 | Q17: 123600 | R17: 26112 | S17: Coin Street Laundry
A18: 008724-C-YAKIMA SCHOOL DIST # | B18: Boiler | C18: 1050 | D18: 5125 | E18: 500 | F18: kBtu/hr input | G18: 0.95 | H18: MIN 94% TE & 300 kBtu/hr input | I18: 10.25 | J18: YAKIMA SCHOOL DIST #7 | K18: 1114 W PIERCE ST | L18: 3477120000 | M18: 3477120259 | N18: Boiler & bonus | O18: CR24-10.01 | P18: 45597 | Q18: 5225 | R18: 1050 | S18: Central Lutheran Church
... A25: 008741-C-La Conner School Dis | B25: Boiler | C25: 2100 | D25: 10250 | E25: 1000 | F25: kBtu/hr input | G25: 0.95 | H25: 90% TE MINIMUM & 300kBtu/HR | I25: 10.25 | J25: La Conner School District | K25: 305 N 6th St | L25: 7765200000 | M25: 8006200361 | N25: Boiler bundle | O25: CR24-12.01 | P25: 45649 | Q25: 10350 | R25: 2100 | S25: Squalicum Yacht Club
A26: 008680-C-Louis Auto Glass | B26: Bonus - Insulation Bundle A | C26: 0 | D26: 500 | E26: 1 | F26: ? | G26: ? | H26: TWO INSULATION, MIN 1,000 SF | I26: 500 | J26: Louis Auto Glass | K26: 1512 N STATE ST | L26: 7037400000 | M26: 7037400189 | N26: Attic & wall Insulation bundle | O26: CR24-2.01 | P26: 45393 | Q26: 10962 | R26: 1581.29 | S26: Yakima County
A27: 008691-C-Acme Diner LLC | B27: Bonus - Insulation Bundle A | C27: 0 | D27: 500 | E27: 1 | F27: ? | G27: - | H27: TWO INSULATION, MIN 1,000 SF | I27: 500 | J27: Acme Diner LLC | K27: 2045 VALLEY HWY | L27: 685386825 | M27: 1365900063 | N27: Floor insulation bundle | O27: CR24-4.02 | P27: 45421 | Q27: 3500 | R27: 134.4 | S27: Park Manor Rehab Center
A28: 008721-C-The Salvation Army | B28: Bonus - Insulation Bundle A | C28: 0 | D28: 500 | E28: 1 | F28: - | G28: - | H28: TWO INSULATION, MIN 1,000 SF | I28: - | J28: The Salvation Army | K28: 3001 R AVE STE 106 | L28: 6799528082 | M28: 3742000851 | N28: Attic insulation bundle | O28: CR24-9.01 | P28: 45597 | Q28: 7680 | R28: 991.4 | S28: Louis Auto Glass
A29: 008743-C-Living Faith Victory | B29: Bonus - Insulation Bundle A | C29: 0 | D29: 500 | E29: 1 | F29: - | G29: - | H29: - | I29: 500 | J29: Living Faith Victory Center | K29: 3414 Tieton Dr | L29: 9577020000 | M29: 4659120003 | N29: Window & Insulation bundle | O29: CR24-12.02 | P29: 45649 | Q29: 24457 | R29: 3615.38 | S29: Longview School District #122
A30: 008738-C-Indulge Bakery | B30: Bonus - Kitchen Bundle B (2 - measures) | C30: 0 | D30: 300 | E30: 1 | F30: - | G30: - | H30: - | I30: 300 | J30: Indulge Bakery | K30: 1501 PARKER WAY # 101 | L30: 4875071490 | M30: 8290300490 | N30: Double rack oven | O30: CR24-11.04 | P30: 45642 | Q30: 1900 | R30: 1298 | S30: Walmart
A31: 008730-C-Sunnyside School Dis | B31: Bonus-HVAC | C31: 0 | D31: 100 | E31: 1 | F31: - | G31: - | H31: COUPON | I31: 100 | J31: Sunnyside School District #201 | K31: 810 S 16TH ST | L31: 9323510000 | M31: 9323510809 | N31: Boiler, condensing HWH, and insulation | O31: CR24-11.02 | P31: 45632 | Q31: 48306.5 | R31: 11596.36 | S31: John J Miller MD PS
A32: 008740-C-NORTH COAST ELECTRIC | B32: Bonus-HVAC | C32: 0 | D32: 100 | E32: 2 | F32: - | G32: - | H32: - | I32: 100 | J32: NORTH COAST ELECTRIC | K32: 1836 RACINE ST | L32: 9104500000 | M32: 9104500695 | N32: Gas furnace bundle | O32: CR24-11.04 | P32: 45642 | Q32: 1040 | R32: 154 | S32: Marr's Heating & AC Inc
A33: 008750-C-HOLY ROSARY CHURCH | B33: Bonus-HVAC | C33: 0 | D33: 100 | E33: 2 | F33: - | G33: - | H33: COUPON | I33: 100 | J33: HOLY ROSARY CHURCH | K33: 201 N ILER ST | L33: 8248120000 | M33: 8248120967 | N33: Missed bonus for gas furnace on 008708-C | O33: CR24-12.05 | P33: 45663 | Q33: 200 | R33: 0 | S33: Anacortes Land Holding Company, LLC
A34: 008751-C-City of Lynden | B34: Bonus-HVAC | C34: 0 | D34: 100 | E34: 2 | F34: - | G34: - | H34: COUPON | I34: 100 | J34: City of Lynden | K34: 203 19TH ST | L34: 9311900000 | M34: 9311900079 | N34: Missed bonus for boilers on 008710-C | O34: CR24-12.05 | P34: 45663 | Q34: 200 | R34: 0 | S34: County of Yakima Sunnyside School District 201
A35: 008752-C-FAIRHAVEN VISION CLI | B35: Bonus-HVAC | C35: 0 | D35: 100 | E35: 1 | F35: - | G35: - | H35: COUPON | I35: 100 | J35: FAIRHAVEN VISION CLINIC LLC | K35: 1207 OLD FAIRHAVEN PKWY | L35: 6983600000 | M35: 6983600209 | N35: Missed bonus for gas furnace on 008712-C | O35: CR24-12.05 | P35: 45663 | Q35: 100 | R35: 0 | S35: Orchard Terrace Condominium Association
A36: 008719-C-ANACORTES LUTHERAN C | B36: Bonus-HVAC | C36: 0 | D36: 200 | E36: 2 | F36: - | G36: - | H36: MINIMUM 91% AFUE | I36: 6 | J36: ANACORTES LUTHERAN CHURCH | K36: 2100 O AVE | L36: 6882000000 | M36: 6882000184 | N36: Gas furnaces & bonus | O36: CR24-9.01 | P36: 45597 | Q36: 1400 | R36: 220 | S36: Yakima Valley College
A37: 008722-C-WOODLAND SCHOOL DIST | B37: Bonus-HVAC | C37: 0 | D37: 100 | E37: 51 | F37: - | G37: - | H37: Must Present Coupon | I37: - | J37: WOODLAND SCHOOL DIST #404 | K37: 755 PARK ST BLD- D,E,F,G | L37: 8456410000 | M37: 8456410337 | N37: Gas furnace bundle | O37: CR24-10.02 | P37: 45622 | Q37: 25500 | R37: 4488 | S37: Anacortes Lutheran Church
A38: 008723-C-De Martini Holdings | B38: Bonus-HVAC | C38: 0 | D38: 100 | E38: 1 | F38: - | G38: - | H38: Must Present Coupon | I38: 100 | J38: De Martini Holdings LLC | K38: 2100 Iron St | L38: 986419062 | M38: 3477400528 | N38: Gas furnace bundle | O38: CR24-10.01 | P38: 45597 | Q38: 460 | R38: 66 | S38: Hawthorn Construction Group LLC
A39: 008724-C-YAKIMA SCHOOL DIST # | B39: Bonus-HVAC | C39: 0 | D39: 100 | E39: 1 | F39: - | G39: - | H39: Must Present Coupon | I39: 100 | J39: YAKIMA SCHOOL DIST #7 | K39: 1114 W PIERCE ST | L39: 3477120000 | M39: 3477120259 | N39: Boiler & bonus | O39: CR24-10.01 | P39: 45597 | Q39: 5225 | R39: 1050 | S39: Central Lutheran Church
A40: 008725-C-Riverside Health Clu | B40: Bonus-HVAC | C40: 0 | D40: 100 | E40: 1 | F40: - | G40: - | H40: Must Present Coupon | I40: 100 | J40: Riverside Health Club | K40: 331 PACIFIC PL | L40: 3927200000 | M40: 3927200318 | N40: Gas furnace bundle | O40: CR24-10.01 | P40: 45597 | Q40: 700 | R40: 110 | S40: Longview School District #122
A41: 008727-C-Living Faith Victory | B41: Bonus-HVAC | C41: 0 | D41: 100 | E41: 5 | F41: - | G41: - | H41: Must Present Coupon | I41: - | J41: Living Faith Victory Center | K41: 3414 Tieton Dr | L41: 9577020000 | M41: 4659120003 | N41: Gas furnace bundle | O41: CR24-10.03 | P41: 45618 | Q41: 3380 | R41: 528 | S41: Taper
A42: 008728-C-Yakima Valley Colleg | B42: Bonus-HVAC | C42: 0 | D42: 100 | E42: 2 | F42: - | G42: - | H42: Must Present Coupon | I42: - | J42: Yakima Valley College | K42: 1015 S 16TH AVE #NORTH BOILER | L42: 2787120000 | M42: 2787120303 | N42: Boiler bundle | O42: CR24-10.03 | P42: 45618 | Q42: 20700 | R42: 4200 | S42: Josephine Caring Community
A43: 008737-C-TAIT HOUSE LLC | B43: Bonus-HVAC | C43: 0 | D43: 100 | E43: 1 | F43: - | G43: - | H43: - | I43: 100 | J43: TAIT HOUSE LLC | K43: 1015 DUPONT ST | L43: 9515500000 | M43: 9515500583 | N43: Gas furnace bundle | O43: CR24-11.04 | P43: 45642 | Q43: 520 | R43: 77 | S43: The Salvation Army
A44: 008739-C-WHATCOM COMMUNITY CO | B44: Bonus-HVAC | C44: 0 | D44: 100 | E44: 1 | F44: - | G44: - | H44: - | I44: 100 | J44: WHATCOM COMMUNITY COLLEGE | K44: 230 W KELLOGG RD | L44: 7388600000 | M44: 7388600343 | N44: Boiler bundle | O44: CR24-11.04 | P44: 45642 | Q44: 10350 | R44: 2100 | S44: West Coast Oriental Market LLC
A45: 008741-C-La Conner School Dis | B45: Bonus-HVAC | C45: 0 | D45: 100 | E45: 1 | F45: - | G45: - | H45: COUPON | I45: 100 | J45: La Conner School District | K45: 305 N 6th St | L45: 7765200000 | M45: 8006200361 | N45: Boiler bundle | O45: CR24-12.01 | P45: 45649 | Q45: 10350 | R45: 2100 | S45: Squalicum Yacht Club
A46: 008742-C-UNLIMITED SERVICE | B46: Bonus-HVAC | C46: 0 | D46: 100 | E46: 1 | F46: - | G46: - | H46: COUPON | I46: 100 | J46: UNLIMITED SERVICE | K46: 1515 N FOREST ST | L46: 9037400000 | M46: 9037400191 | N46: Gas furnace bundle | O46: CR24-12.03 | P46: 45649 | Q46: 700 | R46: 110 | S46: Yakima School District
A47: 008744-C-THE VALLEY CALVARY C | B47: Bonus-HVAC | C47: 0 | D47: 100 | E47: 1 | F47: - | G47: - | H47: COUPON | I47: 100 | J47: THE VALLEY CALVARY CHAPEL | K47: 13743 AVON ALLEN RD | L47: 7570912888 | M47: 6738200217 | N47: Gas furnace bundle | O47: CR24-12.03 | P47: 45649 | Q47: 700 | R47: 110 | S47: Soli Deo Gloria
A48: 008738-C-Indulge Bakery | B48: Convection Oven (Restaurant) | C48: 1298 | D48: 1600 | E48: 2 | G48: Energy Star | H48: Energy Star | I48: 800 | J48: Indulge Bakery | K48: 1501 PARKER WAY # 101 | L48: 4875071490 | M48: 8290300490 | N48: Double rack oven | O48: CR24-11.04 | P48: 45642 | Q48: 1900 | R48: 1298 | S48: Walmart
A49: 008713-C-SKAGIT COUNTY FACILI | B49: Custom DDC Controls | C49: 21415 | D49: 9341 | E49: CUSTOM | F49: CUSTOM | G49: - | H49: DDC system sensors & actuators; sequences added | I49: - | J49: SKAGIT COUNTY FACILITIES MGMT | K49: 201 Suzanne Ln | L49: 3618887700 | M49: 6548223777 | N49: DDC HVAC Controls Upgrade | O49: CR24-8.01 | P49: 45546 | Q49: 9341 | R49: 21415 | S49: Walmart
A50: 008729-C-Longview School Dist | B50: Custom DDC Controls | C50: 6015 | D50: 5534 | E50: - | F50: - | G50: - | H50: Recommissioning of HVAC | I50: - | J50: Longview School District #122 | K50: 2210 OLYMPIA WAY | L50: 3394410000 | M50: 3394410986 | N50: DDC HVAC Control Upgrades | O50: CR24-10.03 | P50: 45618 | Q50: 5534 | R50: 6015 | S50: Whitman College Trust
A51: 008678-C-WALMART STORES INC # | B51: custom heat recovery | C51: 12702 | D51: 16259 | E51: 12702 | F51: CUSTOM Heat Recovery Units | G51: ? | H51: CUSTOM | I51: - | J51: WALMART STORES INC #3742 | K51: 1486 DIKE ACCESS RD | L51: 6167013767 | M51: 3637720000 | N51: Woodland - Refrigeration heat reclamation to ventilation air | O51: CR24-2.01 | P51: 45393 | Q51: 16259 | R51: 12702 | S51: Andrew Barber
A52: 008702-C-WALMART STORES INC # | B52: custom heat recovery | C52: 12702 | D52: 16259 | E52: 1 | F52: - | G52: - | H52: CUSTOM | I52: 16259 | J52: WALMART STORES INC #5853 | K52: 3715 OCEAN BEACH HWY | L52: 3823615607 | M52: 4494410996 | N52: Longview - Refrigeration heat reclamation to ventilation air | O52: CR24-5.03 | P52: 45471 | Q52: 16259 | R52: 12702 | S52: New Beginnings
A53: 008703-C-WALMART STORES INC # | B53: custom heat recovery | C53: 12702 | D53: 16259 | E53: 1 | F53: - | G53: - | H53: CUSTOM | I53: 16259 | J53: WALMART STORES INC #2469 | K53: 540 7TH AVE | L53: 3294410000 | M53: 3294410973 | N53: Port Orchard - Refrigeration heat reclamation to ventilation air | O53: CR24-5.03 | P53: 45471 | Q53: 16259 | R53: 12702 | S53: CLEAResult Consulting Inc
A54: 008745-C-LV SCH DIST #122-R A | B54: custom heat recovery | C54: 3447 | D54: 11720 | E54: - | F54: - | G54: - | H54: (1) OXYGEN 8 RTU* W/HRU | I54: - | J54: LONGVIEW SCHOOL DIST #122 | K54: 2903 NICHOLS BLVD | L54: 9494410000 | M54: 9494410002 | N54: HRU-1 upgrades | O54: CR24-12.03 | P54: 45649 | Q54: 11720 | R54: 3447 | S54: Longview School District #122
A55: 008679-C-SAFEWAY STORE #2637 | B55: custom other | C55: 15552 | D55: 19907 | E55: 155522 | F55: THERMS | G55: ? | H55: CUSTOM | I55: - | J55: SAFEWAY STORE #2637 | K55: 411 THREE RIVERS DR | L55: 695410000 | M55: 695410833 | N55: Refrigerated case doors | O55: CR24-2.01 | P55: 45393 | Q55: 19907 | R55: 15552 | S55: Tait House LLC
A56: 008720-C-SAFEWAY STORE #1522 | B56: custom other | C56: 8134 | D56: 17439 | E56: 164 LF | F56: - | G56: - | H56: UCBC @ 1.25 | I56: - | J56: SAFEWAY STORE #1522 | K56: 20500 OLYMPIC PL NE | L56: 300200000 | M56: 300200619 | N56: Refrigerated case doors | O56: CR24-9.01 | P56: 45597 | Q56: 17439 | R56: 8134 | S56: Indulge Bakery LLC
A57: 008736-C-The Kroger Co | B57: Custom Other | C57: 5555 | D57: 11910 | E57: - | F57: Custom | G57: - | H57: DOORS INSTALLED, COMMISSIONED | I57: - | J57: The Kroger Co | K57: 301 E WALLACE KNEELAND BLVD STE 200 | L57: 8432210000 | M57: 8432210914 | N57: Refrigerated case doors | O57: CR24-11.04 | P57: 45642 | Q57: 11910 | R57: 5555 | S57: Whatcom Community College
A58: 008714-C-Longview School District #122 | B58: DDC HVAC Control upgrades | C58: 5410 | D58: 12984 | E58: - | F58: - | G58: - | H58: Recommissioning of HVAC | I58: - | J58: Longview School District #122 | K58: 2745 38TH AVE | L58: 9405410000 | M58: 9405410097 | N58: DDC HVAC Control upgrades | O58: CR24-8.02 | P58: 45552 | Q58: 12984 | R58: 5410 | S58: Nooksack Valley Baptist Church
A59: 008716-C-Longview School Dist | B59: DDC HVAC Control Upgrades | C59: 4257 | D59: 10217 | E59: - | F59: - | G59: - | H59: Recommissioning of HVAC | I59: - | J59: Longview School District #122 | K59: 2821 PARKVIEW DR | L59: 2194410000 | M59: 2194410958 | N59: DDC HVAC Control Upgrades | O59: CR24-8.02 | P59: 45552 | Q59: 10217 | R59: 4257 | S59: Corix DE Systems (Washington) LLC
A60: 008693-C-City of Pasco | B60: Domestic Hot Water Tanks - Condensing | C60: 755.94 | D60: 597 | E60: 199 | F60: kBtu/hr input | G60: 0.96 | H60: CONDENSING =>91 | I60: 3 | J60: City of Pasco | K60: 3624 Road 100 | L60: 530896357 | M60: 6275474194 | N60: Condensing water heater & radiant heat | O60: CR24-4.02 | P60: 45421 | Q60: 6597 | R60: 2487.94 | S60: United Methodist Church
A61: 008696-C-COURT STREET LAUNDRY | B61: Domestic Hot Water Tanks - Condensing | C61: 759.36 | D61: 599.7 | E61: 199.9 | F61: kBtu/hr input | G61: 0.97 | H61: CONDENSING =>91 | I61: 3 | J61: COURT STREET LAUNDRY | K61: 1501 W COURT ST | L61: 7007610000 | M61: 7007610875 | N61: Condensing HWHs | O61: CR24-4.02 | P61: 45421 | Q61: 1199.4 | R61: 1518.72 | S61: The Church of Jesus Christ of Latter Day Saints
A62: 008696-C-COURT STREET LAUNDRY | B62: Domestic Hot Water Tanks - Condensing | C62: 759.36 | D62: 599.7 | E62: 199.9 | F62: kBtu/hr input | G62: 0.97 | H62: CONDENSING =>91 | I62: 3 | J62: COURT STREET LAUNDRY | K62: 1501 W COURT ST | L62: 7007610000 | M62: 7007610875 | N62: Condensing HWHs | O62: CR24-4.02 | P62: 45421 | Q62: 1199.4 | R62: 1518.72 | S62: The Church of Jesus Christ of Latter Day Saints
A63: 008730-C-Sunnyside School Dis | B63: Domestic Hot Water Tanks - Condensing | C63: 1515.68 | D63: 1197 | E63: 399 | F63: kBtu/hr input | G63: 0.99 | H63: Min 91% AFUE or 91% TE | I63: 3 | J63: Sunnyside School District #201 | K63: 810 S 16TH ST | L63: 9323510000 | M63: 9323510809 | N63: Boiler, condensing HWH, and insulation | O63: CR24-11.02 | P63: 45632 | Q63: 48306.5 | R63: 11596.36 | S63: John J Miller MD PS
A64: 008730-C-Sunnyside School Dis | B64: Domestic Hot Water Tanks - Condensing | C64: 1515.68 | D64: 1197 | E64: 399 | F64: kBtu/hr input | G64: 0.99 | H64: Min 91% AFUE or 91% TE | I64: 3 | J64: Sunnyside School District #201 | K64: 810 S 16TH ST | L64: 9323510000 | M64: 9323510809 | N64: Boiler, condensing HWH, and insulation | O64: CR24-11.02 | P64: 45632 | Q64: 48306.5 | R64: 11596.36 | S64: John J Miller MD PS
A65: 008659-C-Whatcom County Assoc. of Realtors (WCAR) | B65: Insulation - Attic - Tier 1 - Min R-30 | C65: 273.42 | D65: 1764 | E65: 882 | F65: SF | G65: R-49 | H65: TIER 1 - MINIMUM R-30 | I65: 2 | J65: Whatcom County Assoc. of Realtors (WCAR) | K65: 3317 NORTHWEST AVE | L65: 4250700000 | M65: 4250700799 | N65: Attic insulation R-49 | O65: CR24-1.03 | P65: 45330 | Q65: 1764 | R65: 273.42 | S65: John Friesen
A66: 008680-C-Louis Auto Glass | B66: Insulation - Attic - Tier 1 - Min R-30 | C66: 1517.45 | D66: 9790 | E66: 4895 | F66: SF | G66: R-33 | H66: TIER 1 - MINIMUM R-30 | I66: 2 | J66: Louis Auto Glass | K66: 1512 N STATE ST | L66: 7037400000 | M66: 7037400189 | N66: Attic & wall Insulation bundle | O66: CR24-2.01 | P66: 45393 | Q66: 10962 | R66: 1581.29 | S66: Yakima County
A67: 008686-C-West Coast Oriental | B67: Insulation - Attic - Tier 1 - Min R-30 | C67: 799.8 | D67: 5160 | E67: 2580 | F67: SF | G67: R-30 | H67: TIER 1 - MINIMUM R-30 | I67: 2 | J67: West Coast Oriental Market LLC | K67: 4064 MERIDIAN ST | L67: 5352830570 | M67: 1148600985 | N67: Attic insulation - tier 1 | O67: CR24-3.02 | P67: 45393 | Q67: 5160 | R67: 799.8 | S67: Whatcom County Association of Realtors
A68: 008687-C-SQUALICUM YACHT CLUB | B68: Insulation - Attic - Tier 1 - Min R-30 | C68: 337.28 | D68: 2176 | E68: 1088 | F68: SF | G68: R-38 | H68: TIER 1 - MINIMUM R-30 | I68: 2 | J68: SQUALICUM YACHT CLUB | K68: 2633 S HARBOR LOOP DR | L68: 6451600000 | M68: 6451600150 | N68: Attic insulation - tier 1 | O68: CR24-3.02 | P68: 45393 | Q68: 2176 | R68: 337.28 | S68: Walmart
A69: 008709-C-Baylii Branding | B69: Insulation - Attic - Tier 1 - Min R-30 | C69: 543.12 | D69: 3504 | E69: 1752 | F69: SF | G69: R-39 | H69: TIER 1 - MINIMUM R-30 | I69: 2 | J69: Baylii Branding | K69: 901 Cleveland Ave | L69: 9428819783 | M69: 9231300840 | N69: Attic insulation | O69: CR24-7.01 | P69: 45509 | Q69: 3504 | R69: 543.12 | S69: Terry Walters
A70: 008721-C-The Salvation Army | B70: Insulation - Attic - Tier 1 - Min R-30 | C70: 415.4 | D70: 2680 | E70: 1340 | F70: SF | G70: R-30 | H70: MINIMUM R-30 | I70: 2 | J70: The Salvation Army | K70: 3001 R AVE STE 106 | L70: 6799528082 | M70: 3742000851 | N70: Attic insulation bundle | O70: CR24-9.01 | P70: 45597 | Q70: 7680 | R70: 991.4 | S70: Louis Auto Glass
A71: 008743-C-Living Faith Victory | B71: Insulation - Attic - Tier 1 - Min R-30 | C71: 1722.36 | D71: 11112 | E71: 5556 | F71: SF | G71: R-30 | H71: MINIMUM R-30 | I71: 2 | J71: Living Faith Victory Center | K71: 3414 Tieton Dr | L71: 9577020000 | M71: 4659120003 | N71: Window & Insulation bundle | O71: CR24-12.02 | P71: 45649 | Q71: 24457 | R71: 3615.38 | S71: Longview School District #122
A72: 008707-C-BURLINGTON LITTLE SC | B72: Insulation - Attic - Tier 2 - Min R-45 | C72: 1472 | D72: 11500 | E72: 4600 | F72: SF | G72: R-49 | H72: TIER 2 - MINIMUM R-45 | I72: 2.5 | J72: BURLINGTON LITTLE SCHOOL | K72: 207 S GARDNER RD | L72: 2514100000 | M72: 2514100811 | N72: Attic insulation | O72: CR24-6.02 | P72: 45502 | Q72: 11500 | R72: 1472 | S72: Corix DE Systems (Washington) LLC
A73: 008721-C-The Salvation Army | B73: Insulation - Attic - Tier 2 - Min R-45 | C73: 576 | D73: 4500 | E73: 1800 | F73: SF | G73: R-49 | H73: MINIMUM R-45 | I73: 2.5 | J73: The Salvation Army | K73: 3001 R AVE STE 106 | L73: 6799528082 | M73: 3742000851 | N73: Attic insulation bundle | O73: CR24-9.01 | P73: 45597 | Q73: 7680 | R73: 991.4 | S73: Louis Auto Glass
A74: 008731-C-ANACORTES BREWING CO | B74: Insulation - Attic - Tier 2 - Min R-45 | C74: 1253.12 | D74: 9790 | E74: 3916 | F74: SF | G74: R-60 | H74: TIER 2 / R-45 MINIMUM | I74: 2.5 | J74: ANACORTES BREWING CO LLC | K74: 314 COMMERCIAL AVE | L74: 3217189171 | M74: 4508000544 | N74: Attic insulation | O74: CR24-11.03 | P74: 45638 | Q74: 9790 | R74: 1253.12 | S74: Terry Walters
A75: 008748-C-KETELSEN CONSTRUCTIO | B75: Insulation - Attic - Tier 2 - Min R-45 | C75: 537.6 | D75: 4200 | E75: 1680 | F75: SF | G75: R-45 | H75: TIER 2 - R-45 MINIMUM | I75: 2.5 | J75: KETELSEN CONSTRUCTION | K75: 2926 MELROSE ST | L75: 7873910000 | M75: 7873910985 | N75: Attic insulation - tier 2 | O75: CR24-12.03 | P75: 45649 | Q75: 4200 | R75: 537.6 | S75: Taper
A76: 008691-C-Acme Diner LLC | B76: Insulation - Floor | C76: 56 | D76: 1250 | E76: 1000 | F76: SF | G76: R-38 | H76: Equal or > R-30 | I76: 0.056 | J76: Acme Diner LLC | K76: 2045 VALLEY HWY | L76: 685386825 | M76: 1365900063 | N76: Floor insulation bundle | O76: CR24-4.02 | P76: 45421 | Q76: 3500 | R76: 134.4 | S76: Park Manor Rehab Center
... A90: 008693-C-City of Pasco | B90: Radiant Heating | C90: 346.4 | D90: 1200 | E90: 80 | F90: kBtu/hr input | G90: Energy Star | H90: Direct-Fired | I90: 15 | J90: City of Pasco | K90: 3624 Road 100 | L90: 530896357 | M90: 6275474194 | N90: Condensing water heater & radiant heat | O90: CR24-4.02 | P90: 45421 | Q90: 6597 | R90: 2487.94 | S90: United Methodist Church
A91: 008681-C-Zirkle Fruit Company | B91: Tankless Water Heater - Tier 2 | C91: 228 | D91: 900 | E91: 6 | F91: GPM @45F | G91: 0.96 | H91: TIER 2 - 0.93 EF MINIMUM | I91: 150 | J91: Zirkle Fruit Company | K91: 352 HARRISON RD | L91: 6408120000 | M91: 6408120545 | N91: Tankless tier 2 | O91: CR24-2.02 | P91: 45393 | Q91: 1800 | R91: 456 | S91: Living Faith Victory Center
A92: 008681-C-Zirkle Fruit Company | B92: Tankless Water Heater - Tier 2 | C92: 228 | D92: 900 | E92: 6 | G92: 0.96 | H92: TIER 2 - 0.93 EF MINIMUM | I92: 150 | J92: Zirkle Fruit Company | K92: 352 HARRISON RD | L92: 6408120000 | M92: 6408120545 | N92: Tankless tier 2 | O92: CR24-2.02 | P92: 45393 | Q92: 1800 | R92: 456 | S92: Living Faith Victory Center
A93: 008704-C-THE ENSIGN GROUP INC | B93: Tankless Water Heater - Tier 2 | C93: 228 | D93: 900 | E93: 6 | G93: 0.95 | H93: TIER 2 - 0.93 EF MINIMUM | I93: 150 | J93: THE ENSIGN GROUP INC | K93: 1710 PLAZA WAY | L93: 3196810000 | M93: 3196810006 | N93: Tankless HWH tier 2 | O93: CR24-6.01 | P93: 45471 | Q93: 3600 | R93: 912 | S93: La Conner School District
A94: 008704-C-THE ENSIGN GROUP INC | B94: Tankless Water Heater - Tier 2 | C94: 228 | D94: 900 | E94: 6 | G94: 0.95 | H94: TIER 2 - 0.93 EF MINIMUM | I94: 150 | J94: THE ENSIGN GROUP INC | K94: 1710 PLAZA WAY | L94: 3196810000 | M94: 3196810006 | N94: Tankless HWH tier 2 | O94: CR24-6.01 | P94: 45471 | Q94: 3600 | R94: 912 | S94: La Conner School District
A95: 008704-C-THE ENSIGN GROUP INC | B95: Tankless Water Heater - Tier 2 | C95: 228 | D95: 900 | E95: 6 | G95: 0.95 | H95: TIER 2 - 0.93 EF MINIMUM | I95: 150 | J95: THE ENSIGN GROUP INC | K95: 1710 PLAZA WAY | L95: 3196810000 | M95: 3196810006 | N95: Tankless HWH tier 2 | O95: CR24-6.01 | P95: 45471 | Q95: 3600 | R95: 912 | S95: La Conner School District
A96: 008704-C-THE ENSIGN GROUP INC | B96: Tankless Water Heater - Tier 2 | C96: 228 | D96: 900 | E96: 6 | G96: 0.95 | H96: TIER 2 - 0.93 EF MINIMUM | I96: 150 | J96: THE ENSIGN GROUP INC | K96: 1710 PLAZA WAY | L96: 3196810000 | M96: 3196810006 | N96: Tankless HWH tier 2 | O96: CR24-6.01 | P96: 45471 | Q96: 3600 | R96: 912 | S96: La Conner School District
A97: 008711-C-Local Bounti LLC | B97: Tankless Water Heater - Tier 2 | C97: 228 | D97: 900 | E97: 6 | F97: kBtu/hr input | G97: 0.96 | H97: MINIMUM 0.93 EF | I97: 150 | J97: Local Bounti LLC | K97: 950 S Elm St | L97: 5683279924 | M97: 3098930441 | N97: Boilers & tankless HWH tier 2 | O97: CR24-7.02 | P97: 45524 | Q97: 123600 | R97: 26112 | S97: Coin Street Laundry
A98: 008711-C-Local Bounti LLC | B98: Tankless Water Heater - Tier 2 | C98: 228 | D98: 900 | E98: 6 | F98: kBtu/hr input | G98: 0.96 | H98: MINIMUM 0.93 EF | I98: 150 | J98: Local Bounti LLC | K98: 950 S Elm St | L98: 5683279924 | M98: 3098930441 | N98: Boilers & tankless HWH tier 2 | O98: CR24-7.02 | P98: 45524 | Q98: 123600 | R98: 26112 | S98: Coin Street Laundry
A99: 008711-C-Local Bounti LLC | B99: Tankless Water Heater - Tier 2 | C99: 228 | D99: 900 | E99: 6 | F99: kBtu/hr input | G99: 0.96 | H99: MINIMUM 0.93 EF | I99: 150 | J99: Local Bounti LLC | K99: 950 S Elm St | L99: 5683279924 | M99: 3098930441 | N99: Boilers & tankless HWH tier 2 | O99: CR24-7.02 | P99: 45524 | Q99: 123600 | R99: 26112 | S99: Coin Street Laundry
A100: 008711-C-Local Bounti LLC | B100: Tankless Water Heater - Tier 2 | C100: 228 | D100: 900 | E100: 6 | F100: kBtu/hr input | G100: 0.96 | H100: MINIMUM 0.93 EF | I100: 150 | J100: Local Bounti LLC | K100: 950 S Elm St | L100: 5683279924 | M100: 3098930441 | N100: Boilers & tankless HWH tier 2 | O100: CR24-7.02 | P100: 45524 | Q100: 123600 | R100: 26112 | S100: Coin Street Laundry
A101: 008715-C-Kennewick Retirement | B101: Tankless Water Heater - Tier 2 | C101: 4104 | D101: 16200 | E101: 108 | F101: kBtu/hr input | G101: 96% or 95% | H101: MINIMUM 0.93 EF | I101: 150 | J101: Kennewick Retirement Residence LLC | K101: 4704 W Hildebrand Blvd | L101: 7995372205 | M101: 5733713565 | N101: Tankless HWH tier 2 | O101: CR24-8.02 | P101: 45552 | Q101: 16200 | R101: 4104 | S101: Yakima School District
A102: 008746-C-Chipotle Mexican Gri | B102: Tankless Water Heater - Tier 2 | C102: 228 | D102: 900 | E102: 6 | F102: kBtu/hr input | G102: 0.95 | H102: 0.93 EF MINIMUM | I102: 150 | J102: Chipotle Mexican Grill | K102: 1700 Commercial Ave | L102: 7904169213 | M102: 8514000233 | N102: Tankless HWH - tier 2 | O102: CR24-12.04 | P102: 45663 | Q102: 1800 | R102: 456 | S102: Yakima School District
A103: 008746-C-Chipotle Mexican Gri | B103: Tankless Water Heater - Tier 2 | C103: 228 | D103: 900 | E103: 6 | F103: kBtu/hr input | G103: 0.95 | H103: 0.93 EF MINIMUM | I103: 150 | J103: Chipotle Mexican Grill | K103: 1700 Commercial Ave | L103: 7904169213 | M103: 8514000233 | N103: Tankless HWH - tier 2 | O103: CR24-12.04 | P103: 45663 | Q103: 1800 | R103: 456 | S103: Yakima School District
A104: 008676-C-Walters Warehouse (2 | B104: Warm-Air Furnace | C104: 110 | D104: 500 | E104: 100 | F104: kBtu/hr input | G104: Minimum 91% AFUE | H104: 91% AFUE MINIMUM | I104: 5 | J104: Walters Warehouse (2009) | K104: 2009 Masonry Way #101 | L104: 2438937034 | M104: 5074470540 | N104: Gas furnaces | O104: CR24-1.01 | P104: 45334 | Q104: 1000 | R104: 220 | S104: Woodland School District #404
A105: 008676-C-Walters Warehouse (2 | B105: Warm-Air Furnace | C105: 110 | D105: 500 | E105: 100 | F105: kBtu/hr input | G105: Minimum 91% AFUE | H105: 91% AFUE MINIMUM | I105: 5 | J105: Walters Warehouse (2009) | K105: 2009 Masonry Way #101 | L105: 2438937034 | M105: 5074470540 | N105: Gas furnaces | O105: CR24-1.01 | P105: 45334 | Q105: 1000 | R105: 220 | S105: Woodland School District #404
A106: 008677-C-Walters Warehouse (2 | B106: Warm-Air Furnace | C106: 66 | D106: 300 | E106: 60 | F106: kBtu/hr input | G106: Minimum 91% AFUE | H106: 91% AFUE MINIMUM | I106: 5 | J106: Walters Warehouse (2005) | K106: 2005 Masonry Way #101 | L106: 7192750199 | M106: 3506785086 | N106: Gas furnaces | O106: CR24-1.02 | P106: 45334 | Q106: 1900 | R106: 418 | S106: Living Faith Victory Center
A107: 008677-C-Walters Warehouse (2 | B107: Warm-Air Furnace | C107: 66 | D107: 300 | E107: 60 | F107: kBtu/hr input | G107: Minimum 91% AFUE | H107: 91% AFUE MINIMUM | I107: 5 | J107: Walters Warehouse (2005) | K107: 2005 Masonry Way #101 | L107: 7192750199 | M107: 3506785086 | N107: Gas furnaces | O107: CR24-1.02 | P107: 45334 | Q107: 1900 | R107: 418 | S107: Living Faith Victory Center
A108: 008677-C-Walters Warehouse (2 | B108: Warm-Air Furnace | C108: 44 | D108: 200 | E108: 40 | F108: kBtu/hr input | G108: Minimum 91% AFUE | H108: 91% AFUE MINIMUM | I108: 5 | J108: Walters Warehouse (2005) | K108: 2005 Masonry Way #101 | L108: 7192750199 | M108: 3506785086 | N108: Gas furnaces | O108: CR24-1.02 | P108: 45334 | Q108: 1900 | R108: 418 | S108: Living Faith Victory Center
A109: 008677-C-Walters Warehouse (2 | B109: Warm-Air Furnace | C109: 44 | D109: 200 | E109: 40 | F109: kBtu/hr input | G109: Minimum 91% AFUE | H109: 91% AFUE MINIMUM | I109: 5 | J109: Walters Warehouse (2005) | K109: 2005 Masonry Way #101 | L109: 7192750199 | M109: 3506785086 | N109: Gas furnaces | O109: CR24-1.02 | P109: 45334 | Q109: 1900 | R109: 418 | S109: Living Faith Victory Center
A110: 008677-C-Walters Warehouse (2 | B110: Warm-Air Furnace | C110: 44 | D110: 200 | E110: 40 | F110: kBtu/hr input | G110: Minimum 91% AFUE | H110: 91% AFUE MINIMUM | I110: 5 | J110: Walters Warehouse (2005) | K110: 2005 Masonry Way #101 | L110: 7192750199 | M110: 3506785086 | N110: Gas furnaces | O110: CR24-1.02 | P110: 45334 | Q110: 1900 | R110: 418 | S110: Living Faith Victory Center
A111: 008677-C-Walters Warehouse (2 | B111: Warm-Air Furnace | C111: 44 | D111: 200 | E111: 40 | F111: kBtu/hr input | G111: Minimum 91% AFUE | H111: 91% AFUE MINIMUM | I111: 5 | J111: Walters Warehouse (2005) | K111: 2005 Masonry Way #101 | L111: 7192750199 | M111: 3506785086 | N111: Gas furnaces | O111: CR24-1.02 | P111: 45334 | Q111: 1900 | R111: 418 | S111: Living Faith Victory Center
A112: 008677-C-Walters Warehouse (2 | B112: Warm-Air Furnace | C112: 110 | D112: 500 | E112: 100 | F112: kBtu/hr input | G112: Minimum 91% AFUE | H112: 91% AFUE MINIMUM | I112: 5 | J112: Walters Warehouse (2005) | K112: 2005 Masonry Way #101 | L112: 7192750199 | M112: 3506785086 | N112: Gas furnaces | O112: CR24-1.02 | P112: 45334 | Q112: 1900 | R112: 418 | S112: Living Faith Victory Center
A113: 008688-C-Dr John J Miller | B113: Warm-Air Furnace | C113: 110 | D113: 500 | E113: 100 | F113: kBtu/hr input | G113: 0.95 | H113: Minimum 91% AFUE | I113: 5 | J113: Dr John J Miller | K113: 1220 BASICH BLVD STE B | L113: 6759205086 | M113: 8599310536 | N113: Gas furnace | O113: CR24-4.01 | P113: 45421 | Q113: 500 | R113: 110 | S113: DASH Properties, LLC
A114: 008689-C-Red Brick Management | B114: Warm-Air Furnace | C114: 92.4 | D114: 420 | E114: 84 | F114: kBtu/hr input | G114: 0.95 | H114: Minimum 91% AFUE | I114: 5 | J114: Red Brick Management LLC | K114: 7535 W KENNEWICK AVE STE A | L114: 7354818022 | M114: 1429510061 | N114: Gas furnace | O114: CR24-4.01 | P114: 45421 | Q114: 420 | R114: 92.4 | S114: Burlington Little School
A115: 008690-C-Red Brick Management | B115: Warm-Air Furnace | C115: 107.8 | D115: 490 | E115: 98 | F115: kBtu/hr input | G115: 0.95 | H115: Minimum 91% AFUE | I115: 5 | J115: Red Brick Management LLC | K115: 7535 W KENNEWICK AVE STE G | L115: 9753894782 | M115: 5429510065 | N115: Gas furnace | O115: CR24-4.01 | P115: 45421 | Q115: 490 | R115: 107.8 | S115: Holy Rosary Church
A116: 008694-C-WALLA WALLA CATHOLIC | B116: Warm-Air Furnace | C116: 233.2 | D116: 1060 | E116: 212 | F116: kBtu/hr input | G116: 0.92 | H116: Minimum 91% AFUE | I116: 5 | J116: WALLA WALLA CATHOLIC SCHOOLS | K116: 919 E SUMACH ST | L116: 201463689 | M116: 6384910908 | N116: Gas furnace | O116: CR24-4.02 | P116: 45421 | Q116: 1060 | R116: 233.2 | S116: Baylii LLC
A117: 008695-C-Maritz, David | B117: Warm-Air Furnace | C117: 88 | D117: 400 | E117: 80 | F117: kBtu/hr input | G117: 0.96 | H117: Minimum 91% AFUE | I117: 5 | J117: Maritz, David | K117: 3 W NORTH CAMANO DR | L117: 9127400000 | M117: 9127400111 | N117: Gas furnace | O117: CR24-4.02 | P117: 45421 | Q117: 400 | R117: 88 | S117: City of Lynden
A118: 008698-C-UNITED METHODIST CHU | B118: Warm-Air Furnace | C118: 44 | D118: 200 | E118: 40 | F118: kBtu/hr input | G118: 0.96 | H118: Minimum 91% AFUE | I118: 5 | J118: UNITED METHODIST CHURCH | K118: 401 E SPRUCE AVE | L118: 8671410000 | M118: 8671410091 | N118: Gas furnace | O118: CR24-5.01 | P118: 45433 | Q118: 200 | R118: 44 | S118: Local Bounti Corporation
A119: 008700-C-NOOKSACK VALLEY BAPT | B119: Warm-Air Furnace | C119: 88 | D119: 400 | E119: 80 | F119: kBtu/hr input | G119: 0.96 | H119: Minimum 91% AFUE | I119: 5 | J119: NOOKSACK VALLEY BAPTIST CHURCH | K119: 1208 E MAIN ST # A | L119: 2683900000 | M119: 2683900544 | N119: Gas furnace | O119: CR24-5.01 | P119: 45433 | Q119: 400 | R119: 88 | S119: Andrew Barber
...
